Workbook
Name \0: #REF!
Name \00: #REF!
Name \a: #REF!
Name \a: #REF!
Name \a: #REF!
Name \a: #REF!
Name \a: #REF!
Name \a: #REF!
Name \a: #REF!
Name \a: #REF!
Name \a: #REF!
Name \a: #REF!
Name \a: #REF!
Name \a: #REF!
Name \a: #REF!
Name \a: #REF!
Name \a: #REF!
Name \a: #REF!
Name \a: #REF!
Name \a: #REF!
Name \a: #REF!
Name \a: #REF!
Name \a: #REF!
Name \a: #REF!
Name \a: #REF!
Name \a: #REF!
Name \a: #REF!
Name \a: #REF!
Name \a: #REF!
Name \a: #REF!
Name \a: #REF!
Name \a: #REF!
Name \a: #REF!
Name \a: #REF!
Name \a: #REF!
Name \a: #REF!
Name \a: #REF!
Name \AA: [1]LIQUIDACION!#REF!
Name \b: [2]STRSUMM0!#REF!
Name \bb: [2]STRSUMM0!#REF!
Name \E: #REF!
Name \EE: #REF!
Name \G: #REF!
Name \k: '[3]7422CW00'!#REF!
Name \l: [4]STRSUMM0!#REF!
Name \M: #REF!
Name \ñ: '[5]7422CW00'!#REF!
Name \P: #REF!
Name \R: #REF!
Name \s: #REF!
Name \s: #REF!
Name \s: #REF!
Name \s: #REF!
Name \s: #REF!
Name \s: #REF!
Name \s: #REF!
Name \s: #REF!
Name \s: #REF!
Name \s: #REF!
Name \s: #REF!

Sheet DATOS
A3: MEMORIA DE CANTIDADES - PRESUPUESTO GENERAL
A8: PROCESO No. | B8: HA-SA-003-2026
A11: PROYECTO: | B11: MEJORAMIENTO Y ADECUACION DE LAS INSTALACIONES FISICAS DEL HOGAR DE LOS ABUELOS DEL MUNICIPIO DE HACARI, NORTE DE SANTANDER.
A14: PROPONENTE: | B14: -------------
A17: ENTIDAD: | B17: MUNICIPIO DE HACARÍ - DEPARTAMENTO NORTE DE SANTANDER
A20: SUPERVISOR(A): | B20: ING. LINA LICETH SUAREZ LEON SECRETARIA DE PLANEACION E INFRAESTRUCTURA MPAL
A23: LUGAR DE EJECUCIÓN: | B23: BARRIO CENTRO, MUNICIPIO DE HACARÍ
A26: FECHA: | B26: 46167
B34: ING. LINA LICETH SUAREZ LEON
B35: Secretaria de Planeación e Infreaestructura M/pal
B36: Supervisora

Sheet PRESUPUESTO OFICIAL (Entidad)
B1: Formulario 1 - Propuesta económica - Documento tipo de selección abreviada de menor cuantía - versión 1
B2: Versión: 1 del 21 de agosto de 2025
C5: FORMULARIO 1
C6: PRESUPUESTO OFICIAL
C7: [La entidad puede utilizar este formulario de detalle del presupuesto oficial para determinar las condiciones bajo las cuales los proponentes analizarán y presentarán su propuesta económica de forma detallada, sin perjuicio que la entidad pueda modificarlo o establecer la presentación de la oferta económica con un formulario distinto al indicado.]
C9: Adicionalmente, cuando el proceso de contratación es estructurado por precios unitarios, la Entidad debe aplicar las notas 1, 2 y 3 del presente formulario y las casillas de "Descripción", "Porcentaje" de la Administración, Imprevisto, Utilidad y total A.I.U. resaltadas en colo amarillo. Tratándose de otras modalidades de precio, la Entidad puede o no configurar los mismos aspectos.
C11: Nº | D11: ITEM DE PAGO | E11: ESPECIFICACIONES | G11: DESCRIPCION | H11: UND. | I11: CANTIDAD | J11: VALOR UNITARIO | K11: VALOR TOTAL
E12: GENERAL | F12: PARTICULAR
D13: 1 | G13: PRELIMINARES
D14: 1.1 | G14: OBRAS PRELIMINARES
D15: 1.1.1 | G15: LIMPIEZA, DESCAPOTE, RETIRO SOBR. - MANUAL H = 0,20 MTS | H15: M2 | I15: 67.86 | J15: ='APU 1.1.1'!O67 -> 13309 | K15: =ROUND(PRODUCT(I15:J15),2) -> 903148.74
D16: 1.1.2 | G16: LOCALIZACIÓN Y REPLANTEO TOPOGRAFICO (AREA A PAGAR ES EL AREA DE LA HUELLA DE LA EDIFICACIÓN) | H16: M2 | I16: 66.24 | J16: ='APU 1.1.2'!O70 -> 6005 | K16: =ROUND(PRODUCT(I16:J16),2) -> 397771.2
J18: SUBTOTAL | K18: =SUM(K14:K17) -> 1300919.9
D19: 1.2 | G19: DEMOLICIONES - DESMONTES - RETIROS
D20: 1.2.1 | G20: DEMOLICION DE CONSTRUCCIONES EXISTENTES (INC. RETIRO DE SOBR.) | H20: M2 | I20: 143.53 | J20: ='APU 1.2.1'!O70 -> 74593 | K20: =ROUND(PRODUCT(I20:J20),2) -> 10706333
D21: 1.2.2 | G21: RETIRO Y DISPOSICION FINAL DE MATERIAL TOXICO (ASBESTO CEMENTO) | H21: KG | I21: 280 | J21: ='APU 1.2.2'!O70 -> 4201 | K21: =ROUND(PRODUCT(I21:J21),2) -> 1176280
J23: SUBTOTAL | K23: =SUM(K20:K22) -> 11882613
D24: 1.3 | G24: VARIOS - PRELIMINARES | XFD24: =SUM(A24:XFC24) -> 0
D25: 1.3.1 | G25: RETIRO DE SOBRANTES: CARGUE TRANSPORTE Y DISPOSICION FINAL DE ESCOMBROS A SITIO AUTORIZADO (APLICA PARA SOBRANTES QUE NO PERTENECEN A LAS ACTIVIDADES DE LA OBRA). | H25: M3 | I25: 6 | J25: ='APU 1.3.1'!O70 -> 142594 | K25: =ROUND(PRODUCT(I25:J25),2) -> 855564
J27: SUBTOTAL | K27: =SUM(K25:K26) -> 855564
D28: 2 | G28: CIMENTACION
D29: 2.1 | G29: EXCAVACIONES, RELLENOS Y REEMPLAZOS (MEDIDOS EN BANCA Y/O COMPACTOS)
D30: 2.1.1 | G30: EXCAVACION MANUAL EN MATERIAL COMUN (INCLUYE CARGUE, RETIRO Y DISPOCIÓN FINAL) | H30: M3 | I30: 8.31 | J30: ='APU 2.1.1'!O70 -> 117878 | K30: =ROUND(PRODUCT(I30:J30),2) -> 979566.18
D31: 2.1.2 | G31: EXCAVACION MECÁNICA (INC. CARGUE, TRANSPORTE Y DISPOCIÓN FINAL) | H31: M3 | I31: 75.27 | J31: ='APU 2.1.2'!O70 -> 67786 | K31: =ROUND(PRODUCT(I31:J31),2) -> 5102252.2
D32: 2.1.3 | G32: RELLENO EN RECEBO COMUN (SUMINISTRO, EXTENDIDO, HUMEDECIMIENTO Y COMPACTACIÓN) | H32: M3 | I32: 12.26 | J32: ='APU 2.1.3'!O70 -> 114212 | K32: =ROUND(PRODUCT(I32:J32),2) -> 1400239.1
J34: SUBTOTAL | K34: =SUM(K30:K33) -> 7482057.5
D35: 2.2 | G35: CONCRETOS PARA CIMENTACION
D36: 2.2.1 | G36: CONCRETO PARA VIGAS DE CIMENTACIÓN 3000 PSI (INCLUYE TODO LO NECESARIO PARA SU CORRECTA EJECUCIÓN) | H36: M3 | I36: 2.28 | J36: ='APU 2.2.1'!O71 -> 1348219 | K36: =ROUND(PRODUCT(I36:J36),2) -> 3073939.3
D37: 2.2.2 | G37: PLACA CONTRAPISO DE 8 CM - CONCRETO 3000 PSI. INCLUYE CORTE Y DILATACION | H37: M2 | I37: 54.59 | J37: ='APU 2.2.2'!O69 -> 101927 | K37: =ROUND(PRODUCT(I37:J37),2) -> 5564194.9
D38: 2.2.3 | G38: PLACA CONTRAPISO DE 15 CM - CONCRETO 3000 PSI. INCLUYE CORTE Y DILATACION (INCLUYE ACERO DE REFUERZO) | H38: M2 | I38: 60.77 | J38: ='APU 2.2.3'!O69 -> 194284 | K38: =ROUND(PRODUCT(I38:J38),2) -> 11806639
J40: SUBTOTAL | K40: =SUM(K36:K39) -> 20444773
D41: 2.3 | G41: ACERO DE REFUERZO PARA CIMENTACION - ESTRUCTURA - MAMPOSTERIA Y OTROS
D42: 2.3.1 | G42: SUMINISTRO E INSTALACIÓN ACERO DE REFUERZO 60000 PSI | H42: KG | I42: 451.55 | J42: ='APU 2.3.1'!O69 -> 11893 | K42: =ROUND(PRODUCT(I42:J42),2) -> 5370284.2
J44: SUBTOTAL | K44: =SUM(K42:K43) -> 5370284.2
D45: 3 | G45: ESTRUCTURA
D46: 3.1 | G46: ELEMENTOS VERTICALES EN CONCRETO (ELEMENTOS INTEGRALES CON SECCION UNIFORME, PLOMADOS, ALINEADOS, SIN BROSAS Y LIMPIOS; CON BOCEL SI APLICA)
D47: 3.1.1 | G47: COLUMNAS EN CONCRETO DE 3000 PSI | H47: M3 | I47: 0.86 | J47: ='APU 3.1.1'!O71 -> 1557519 | K47: =ROUND(PRODUCT(I47:J47),2) -> 1339466.3
J49: SUBTOTAL | K49: =SUM(K47:K48) -> 1339466.3
D50: 4 | G50: MAMPOSTERIA (UNIDAD DE MEDIDA M2, NO SE RECONOCE ML)
D51: 4.1 | G51: MAMPOSTERIA EN LADRILLO TOLETE Y HUECO
D52: 4.1.1 | G52: MURO EN LADRILLO TOLETE PRENSADO E = 12CM | H52: M2 | I52: 18.77 | J52: ='APU 4.1.1'!O69 -> 131259 | K52: =ROUND(PRODUCT(I52:J52),2) -> 2463731.4
J54: SUBTOTAL | K54: =SUM(K52:K53) -> 2463731.4
D55: 4.2 | G55: ELEMENTOS ESTRUCTURALES Y NO ESTRUCTURALES
D56: 4.2.1 | G56: VIGA Y/O COLUMNETA DE CONFINAMIENTO DE CONCRETO DE 3000 PSI DE .10 X .20 .(INCLUYE ACERO) | H56: M | I56: 16.51 | J56: ='APU 4.2.1'!O70 -> 134176 | K56: =ROUND(PRODUCT(I56:J56),2) -> 2215245.8
J58: SUBTOTAL | K58: =SUM(K56:K57) -> 2215245.8
D59: 5 | G59: INSTALACIÓN ELECTRICA, TELEFÓNICA Y COMUNICACIONES
D60: 5.1 | G60: SALIDAS PARA ALUMBRADO Y TOMAS (INCLUYEN TUBERIA Y CABLEADO HASTA UNA DISTANCIA DE 3,00 METROS)
D61: 5.1.1 | G61: SALIDA PARA LUMINARIA - INCLUYE CAJA, TUBERIA PVC DE 1/2", CONDUCTORES DE COBRE #12 AWG, LS ZH, APARATO ELECTRICO CORRESPONDIENTE Y DEMÁS ACCESORIOS NECESARIOS PARA SU CORRECTA INSTALACIÓN. SALIDA HASTA UNA DISTANCIA DE 3,00M | H61: UN | I61: 5 | J61: ='APU 5.1.1'!O74 -> 176544 | K61: =ROUND(PRODUCT(I61:J61),2) -> 882720
D62: 5.1.2 | G62: SALIDA + TOMACORRIENTE DOBLE MONOFASICA - INCLUYE CAJA, TUBERIA PVC DE 1/2", CONDUCTORES DE COBRE #12 AWG, LS ZH, APARATO ELECTRICO CORRESPONDIENTE Y DEMÁS ACCESORIOS NECESARIOS PARA SU CORRECTA INSTALACIÓN. SALIDA HASTA UNA DISTANCIA DE 3,00M | H62: UN | I62: 2 | J62: ='APU 5.1.2'!O74 -> 184122 | K62: =ROUND(PRODUCT(I62:J62),2) -> 368244
J64: SUBTOTAL | K64: =SUM(K60:K63) -> 1250964
D65: 5.2 | G65: ACOMETIDAS Y CONDUCTORES
D66: 5.2.1 | G66: TUBERIA PVC 3/4" CONDUIT EMBEBIDA. INC. ACCESORIOS | H66: M | I66: 20 | J66: ='APU 5.2.1'!O69 -> 16703 | K66: =ROUND(PRODUCT(I66:J66),2) -> 334060
D67: 5.2.2 | G67: CABLEADO 1#12 PE HF LS TC POR TUBERIA, CANALETA O BANDEJA | H67: M | I67: 197 | J67: ='APU 5.2.2'!O69 -> 9051 | K67: =ROUND(PRODUCT(I67:J67),2) -> 1783047
J69: SUBTOTAL | K69: =SUM(K66:K68) -> 2117107
D70: 5.3 | G70: TABLEROS E INTERRUPTORES
D71: 5.3.1 | G71: TABLERO DE AUTOMÁTICOS DE 12 CIRCUITOS TIPO PESADO CON PUERTA Y CERRADURA DE CIERRE, CERRADURA Y ESPACIO TOTALIZADOR INDUSTRIAL NTQ-412T Y BARRAJE DE TIERRA | H71: UN | I71: 1 | J71: ='APU 5.3.1'!O69 -> 616677 | K71: =ROUND(PRODUCT(I71:J71),2) -> 616677
D72: 5.3.2 | G72: BREAKER RIEL MONOPOLAR 1 X 6/63 A (SUMINISTRO E INSTALACIÓN) | H72: UN | I72: 4 | J72: ='APU 5.3.2'!O69 -> 61042 | K72: =ROUND(PRODUCT(I72:J72),2) -> 244168
J74: SUBTOTAL | K74: =SUM(K71:K73) -> 860845
D75: 6 | G75: PAÑETES
D76: 6.1 | G76: PAÑETES SOBRE MUROS
D77: 6.1.1 | G77: PAÑETE LISO SOBRE MUROS 1:4 | H77: M2 | I77: 74.58 | J77: ='APU 6.1.1'!O69 -> 52879 | K77: =ROUND(PRODUCT(I77:J77),2) -> 3943715.8
J79: SUBTOTAL | K79: =SUM(K77:K78) -> 3943715.8
D80: 7 | G80: PISOS
D81: 7.1 | G81: BASES PISOS Y AFINADOS
D82: 7.1.1 | G82: AFINADO ENDURECIDO MORTERO 1:3 H=4 | H82: M2 | I82: 36.6 | J82: ='APU 7.1.1'!O69 -> 59710 | K82: =ROUND(PRODUCT(I82:J82),2) -> 2185386
J84: SUBTOTAL | K84: =SUM(K82:K83) -> 2185386
D85: 7.2 | G85: ACABADOS PISOS
D86: 7.2.1 | G86: BALDOSA CERAMICA ANTIDESLIZANTE 50X50 CM (SUMINISTRO E INSTALACION) | H86: M2 | I86: 20 | J86: ='APU 7.2.1'!O69 -> 125672 | K86: =ROUND(PRODUCT(I86:J86),2) -> 2513440
J88: SUBTOTAL | K88: =SUM(K86:K87) -> 2513440
D89: 8 | G89: CUBIERTAS E IMPERMEABILIZACIONES
D90: 8.1 | G90: CUBIERTAS
D91: 8.1.1 | G91: SUMINSTRO E INSTALACION DE ESTRUCTURA METALICA PARA CUBIERTAS. NORMA NSR10 TITULO F. PERFILERIA ASTM A572 GR50 Y ASTM A37. SOLDADURA E70XX. INC CERCHAS, CORREAS, TENSORES, ANCLAJES Y ACCESORIOS, LIMPIEZA SSPC-SP3, PINTURA ANTICORROSIVA 3 MILS ESMALTE ALQUIDICO 3 MILS | H91: KG | I91: 563.2 | J91: ='APU 8.1.1'!O69 -> 25286 | K91: =ROUND(PRODUCT(I91:J91),2) -> 14241075
D92: 8.1.2 | G92: SUMINISTRO E INSTALACION DE CUBIERTA LAMINA MASTERMIL CAL. 28 | H92: M2 | I92: 160 | J92: ='APU 8.1.2'!O69 -> 81993 | K92: =ROUND(PRODUCT(I92:J92),2) -> 13118880
J94: SUBTOTAL | K94: =SUM(K91:K93) -> 27359955
D95: 8.2 | G95: ACCESORIOS Y OTROS
D96: 8.2.1 | G96: SUMINISTRO E INSTALACION DE CANAL LAMINA GALVANIZADA DS = 50 CM - CAL 20. INCLUYE SOPORTES, SOSCOS, REFUERZOS Y GARGOLAS DE REBOSE | H96: M | I96: 20 | J96: ='APU 8.2.1'!O69 -> 96874 | K96: =ROUND(PRODUCT(I96:J96),2) -> 1937480
D97: 8.2.2 | G97: SUMINISTRO E INSTALACION DE BAJANTE A.LL. PVC Ø 4" (INC. ACCESORIOS) | H97: M | I97: 6 | J97: ='APU 8.2.2'!O69 -> 56120 | K97: =ROUND(PRODUCT(I97:J97),2) -> 336720
J99: SUBTOTAL | K99: =SUM(K96:K98) -> 2274200
D100: 9 | G100: ILUMINACION
D101: 9.1 | G101: SUMINISTRO E INSTALACION DE LUMINARIAS
D102: 9.1.1 | G102: SUMINISTRO E INSTALACIÓN DE LUMINARIA TIPO AP LED 60-80 W, 100-240 W, 100-240 V, 6500 K, IRC 80. INCLUYE CONECTORES DE RESORTE, CINTA, ACCESORIOS DE FIJACIÓN Y SOPORTE. MATERIAL CERTIFICADO, GARANTIZADO E INSTALADO SEGÚN REGLAMENTACIÓN NTC 2050. | H102: UN | I102: 1 | J102: ='APU 9.1.1'!O69 -> 308715 | K102: =ROUND(PRODUCT(I102:J102),2) -> 308715
J104: SUBTOTAL | K104: =SUM(K102:K103) -> 308715
D105: 10 | G105: PINTURA
D106: 10.1 | G106: PINTURA SOBRE METAL
D107: 10.1.1 | G107: SUMINISTRO E INSTALACION DE ANTICORROSIVO S/LAMINA LLENA | H107: M2 | I107: 23.5 | J107: ='APU 10.1.1'!O69 -> 11826 | K107: =ROUND(PRODUCT(I107:J107),2) -> 277911
D108: 10.1.2 | G108: SUMINISTRO E INSTALACION DE ESMALTE S/LAMINA LLENA | H108: M2 | I108: 23 | J108: ='APU 10.1.2'!O69 -> 32914 | K108: =ROUND(PRODUCT(I108:J108),2) -> 757022
J110: SUBTOTAL | K110: =SUM(K107:K109) -> 1034933
D111: 11 | G111: OBRAS EXTERIORES
D112: 11.1 | G112: ZONAS VERDES
D113: 11.1.1 | G113: ARBOLES | H113: UN | I113: 6 | J113: ='APU 11.1.1'!O69 -> 129582 | K113: =ROUND(PRODUCT(I113:J113),2) -> 777492
D114: 11.1.2 | G114: TIERRA NEGRA PARA EMPRADIZACION | H114: M3 | I114: 10.75 | J114: ='APU 11.1.2'!O69 -> 159482 | K114: =ROUND(PRODUCT(I114:J114),2) -> 1714431.5
J116: SUBTOTAL | K116: =SUM(K113:K115) -> 2491923.5
D117: 12 | G117: ASEO Y VARIOS
D118: 12.1 | G118: ASEO Y LIMPIEZA
D119: 12.1.1 | G119: ASEO GENERAL | H119: M2 | I119: 66.24 | J119: ='APU 12.1.1'!O69 -> 4584 | K119: =ROUND(PRODUCT(I119:J119),2) -> 303644.16
J121: SUBTOTAL | K121: =SUM(K119) -> 303644.16
C122: SUBTOTAL OBRAS | K122: =+K18+K23+K27+K34+K40+K44+K49+K54+K58+K64+K69+K74+K79+K84+K88+K94+K99+K104+K110+K116+K121 -> 99999484
G127: SUBTOTAL OBRAS (INCLUYE IVA) | K127: =K122 -> 99999484
G131: VALOR TOTAL | K131: =ROUND((K127),0) -> 99999484
C134: NOTA 1: Se debe tener en cuenta que el PRECIO UNITARIO incluye el valor de A.I.U. | H134: DESCRIPCION | K134: PORCENTAJE
...

Sheet PROPUESTA ECONOMICA(Proponente)
B1: Formulario 1 - Propuesta económica - Documento tipo de selección abreviada de menor cuantía - versión 1
B2: Versión: 1 del 21 de agosto de 2025
C5: FORMULARIO 1
C6: PROPUESTA ECONOMICA
C7: [La entidad puede utilizar este formulario de presentación de propuesta económica de forma detallada, sin perjuicio que la entidad pueda modificarlo o establecer la presentación de la oferta económica con un formulario distinto al indicado.] [Los proponentes emplearán el formulario establecido por la entidad para determinar su propuesta económica conforme al Formulario 1 - Presupuesto Oficial publicado por la Entidad] [En caso de modificar el formulario, es importante tener en cuenta que no se deben incluir causales de rechazo, reglas o parámetros contrarios a los definidos en el documento base. Los términos del proceso solo se encuentran en el Documento Base, por lo que la Entidad no deberá incluir ningún tipo de notas que se configuren en reglas contrarias a las definidas en dicho documento, las notas únicamente pueden ser aclaratorias para efectos del diligenciamiento del formato]
C9: Cuando el proceso de contratación es estructurado por precios unitarios, la Entidad debe aplicar las notas 1, 2 y 3 del presente formato y las casillas de "Descripción", "Porcentaje" de la Administración, Imprevisto, Utilidad y total A.I.U. resaltadas en color amarillo.
C11: Nº | D11: ITEM DE PAGO | E11: ESPECIFICACIONES | G11: DESCRIPCION | H11: UND. | I11: CANTIDAD | J11: VALOR UNITARIO | K11: VALOR TOTAL
E12: GENERAL | F12: PARTICULAR
D13: 1 | G13: PRELIMINARES
D14: 1.1 | G14: OBRAS PRELIMINARES
D15: 1.1.1 | G15: LIMPIEZA, DESCAPOTE, RETIRO SOBR. - MANUAL H = 0,20 MTS | H15: M2 | I15: 67.86 | J15: ='APU 1.1.1'!O67 -> 13309 | K15: =ROUND(PRODUCT(I15:J15),2) -> 903148.74
D16: 1.1.2 | G16: LOCALIZACIÓN Y REPLANTEO TOPOGRAFICO (AREA A PAGAR ES EL AREA DE LA HUELLA DE LA EDIFICACIÓN) | H16: M2 | I16: 66.24 | J16: ='APU 1.1.2'!O70 -> 6005 | K16: =ROUND(PRODUCT(I16:J16),2) -> 397771.2
J18: SUBTOTAL | K18: =SUM(K15:K17) -> 1300919.9
D19: 1.2 | G19: DEMOLICIONES - DESMONTES - RETIROS
D20: 1.2.1 | G20: DEMOLICION DE CONSTRUCCIONES EXISTENTES (INC. RETIRO DE SOBR.) | H20: M2 | I20: 143.53 | J20: ='APU 1.2.1'!O70 -> 74593 | K20: =ROUND(PRODUCT(I20:J20),2) -> 10706333
D21: 1.2.2 | G21: RETIRO Y DISPOSICION FINAL DE MATERIAL TOXICO (ASBESTO CEMENTO) | H21: KG | I21: 280 | J21: ='APU 1.2.2'!O70 -> 4201 | K21: =ROUND(PRODUCT(I21:J21),2) -> 1176280
J23: SUBTOTAL | K23: =SUM(K20:K22) -> 11882613
D24: 1.3 | G24: VARIOS - PRELIMINARES | XFD24: =SUM(A24:XFC24) -> 0
D25: 1.3.1 | G25: RETIRO DE SOBRANTES: CARGUE TRANSPORTE Y DISPOSICION FINAL DE ESCOMBROS A SITIO AUTORIZADO (APLICA PARA SOBRANTES QUE NO PERTENECEN A LAS ACTIVIDADES DE LA OBRA). | H25: M3 | I25: 6 | J25: ='APU 1.3.1'!O70 -> 142594 | K25: =ROUND(PRODUCT(I25:J25),2) -> 855564
J27: SUBTOTAL | K27: =SUM(K25:K26) -> 855564
D28: 2 | G28: CIMENTACION
D29: 2.1 | G29: EXCAVACIONES, RELLENOS Y REEMPLAZOS (MEDIDOS EN BANCA Y/O COMPACTOS)
D30: 2.1.1 | G30: EXCAVACION MANUAL EN MATERIAL COMUN (INCLUYE CARGUE, RETIRO Y DISPOCIÓN FINAL) | H30: M3 | I30: 8.31 | J30: ='APU 2.1.1'!O70 -> 117878 | K30: =ROUND(PRODUCT(I30:J30),2) -> 979566.18
D31: 2.1.2 | G31: EXCAVACION MECÁNICA (INC. CARGUE, TRANSPORTE Y DISPOCIÓN FINAL) | H31: M3 | I31: 75.27 | J31: ='APU 2.1.2'!O70 -> 67786 | K31: =ROUND(PRODUCT(I31:J31),2) -> 5102252.2
D32: 2.1.3 | G32: RELLENO EN RECEBO COMUN (SUMINISTRO, EXTENDIDO, HUMEDECIMIENTO Y COMPACTACIÓN) | H32: M3 | I32: 12.26 | J32: ='APU 2.1.3'!O70 -> 114212 | K32: =ROUND(PRODUCT(I32:J32),2) -> 1400239.1
J34: SUBTOTAL | K34: =SUM(K30:K33) -> 7482057.5
D35: 2.2 | G35: CONCRETOS PARA CIMENTACION
D36: 2.2.1 | G36: CONCRETO PARA VIGAS DE CIMENTACIÓN 3000 PSI (INCLUYE TODO LO NECESARIO PARA SU CORRECTA EJECUCIÓN) | H36: M3 | I36: 2.28 | J36: ='APU 2.2.1'!O71 -> 1348219 | K36: =ROUND(PRODUCT(I36:J36),2) -> 3073939.3
D37: 2.2.2 | G37: PLACA CONTRAPISO DE 8 CM - CONCRETO 3000 PSI. INCLUYE CORTE Y DILATACION | H37: M2 | I37: 54.59 | J37: ='APU 2.2.2'!O69 -> 101927 | K37: =ROUND(PRODUCT(I37:J37),2) -> 5564194.9
D38: 2.2.3 | G38: PLACA CONTRAPISO DE 15 CM - CONCRETO 3000 PSI. INCLUYE CORTE Y DILATACION (INCLUYE ACERO DE REFUERZO) | H38: M2 | I38: 60.77 | J38: ='APU 2.2.3'!O69 -> 194284 | K38: =ROUND(PRODUCT(I38:J38),2) -> 11806639
J40: SUBTOTAL | K40: =SUM(K36:K39) -> 20444773
D41: 2.3 | G41: ACERO DE REFUERZO PARA CIMENTACION - ESTRUCTURA - MAMPOSTERIA Y OTROS
D42: 2.3.1 | G42: SUMINISTRO E INSTALACIÓN ACERO DE REFUERZO 60000 PSI | H42: KG | I42: 451.55 | J42: ='APU 2.3.1'!O69 -> 11893 | K42: =ROUND(PRODUCT(I42:J42),2) -> 5370284.2
J44: SUBTOTAL | K44: =SUM(K42:K43) -> 5370284.2
D45: 3 | G45: ESTRUCTURA
D46: 3.1 | G46: ELEMENTOS VERTICALES EN CONCRETO (ELEMENTOS INTEGRALES CON SECCION UNIFORME, PLOMADOS, ALINEADOS, SIN BROSAS Y LIMPIOS; CON BOCEL SI APLICA)
D47: 3.1.1 | G47: COLUMNAS EN CONCRETO DE 3000 PSI | H47: M3 | I47: 0.86 | J47: ='APU 3.1.1'!O71 -> 1557519 | K47: =ROUND(PRODUCT(I47:J47),2) -> 1339466.3
J49: SUBTOTAL | K49: =SUM(K47:K48) -> 1339466.3
D50: 4 | G50: MAMPOSTERIA (UNIDAD DE MEDIDA M2, NO SE RECONOCE ML)
D51: 4.1 | G51: MAMPOSTERIA EN LADRILLO TOLETE Y HUECO
D52: 4.1.1 | G52: MURO EN LADRILLO TOLETE PRENSADO E = 12CM | H52: M2 | I52: 18.77 | J52: ='APU 4.1.1'!O69 -> 131259 | K52: =ROUND(PRODUCT(I52:J52),2) -> 2463731.4
J54: SUBTOTAL | K54: =SUM(K52:K53) -> 2463731.4
D55: 4.2 | G55: ELEMENTOS ESTRUCTURALES Y NO ESTRUCTURALES
D56: 4.2.1 | G56: VIGA Y/O COLUMNETA DE CONFINAMIENTO DE CONCRETO DE 3000 PSI DE .10 X .20 .(INCLUYE ACERO) | H56: M | I56: 16.51 | J56: ='APU 4.2.1'!O70 -> 134176 | K56: =ROUND(PRODUCT(I56:J56),2) -> 2215245.8
J58: SUBTOTAL | K58: =SUM(K56:K57) -> 2215245.8
D59: 5 | G59: INSTALACIÓN ELECTRICA, TELEFÓNICA Y COMUNICACIONES
D60: 5.1 | G60: SALIDAS PARA ALUMBRADO Y TOMAS (INCLUYEN TUBERIA Y CABLEADO HASTA UNA DISTANCIA DE 3,00 METROS)
D61: 5.1.1 | G61: SALIDA PARA LUMINARIA - INCLUYE CAJA, TUBERIA PVC DE 1/2", CONDUCTORES DE COBRE #12 AWG, LS ZH, APARATO ELECTRICO CORRESPONDIENTE Y DEMÁS ACCESORIOS NECESARIOS PARA SU CORRECTA INSTALACIÓN. SALIDA HASTA UNA DISTANCIA DE 3,00M | H61: UN | I61: 5 | J61: ='APU 5.1.1'!O74 -> 176544 | K61: =ROUND(PRODUCT(I61:J61),2) -> 882720
D62: 5.1.2 | G62: SALIDA + TOMACORRIENTE DOBLE MONOFASICA - INCLUYE CAJA, TUBERIA PVC DE 1/2", CONDUCTORES DE COBRE #12 AWG, LS ZH, APARATO ELECTRICO CORRESPONDIENTE Y DEMÁS ACCESORIOS NECESARIOS PARA SU CORRECTA INSTALACIÓN. SALIDA HASTA UNA DISTANCIA DE 3,00M | H62: UN | I62: 2 | J62: ='APU 5.1.2'!O74 -> 184122 | K62: =ROUND(PRODUCT(I62:J62),2) -> 368244
J64: SUBTOTAL | K64: =SUM(K61:K63) -> 1250964
D65: 5.2 | G65: ACOMETIDAS Y CONDUCTORES
D66: 5.2.1 | G66: TUBERIA PVC 3/4" CONDUIT EMBEBIDA. INC. ACCESORIOS | H66: M | I66: 20 | J66: ='APU 5.2.1'!O69 -> 16703 | K66: =ROUND(PRODUCT(I66:J66),2) -> 334060
D67: 5.2.2 | G67: CABLEADO 1#12 PE HF LS TC POR TUBERIA, CANALETA O BANDEJA | H67: M | I67: 197 | J67: ='APU 5.2.2'!O69 -> 9051 | K67: =ROUND(PRODUCT(I67:J67),2) -> 1783047
J69: SUBTOTAL | K69: =SUM(K66:K68) -> 2117107
D70: 5.3 | G70: TABLEROS E INTERRUPTORES
D71: 5.3.1 | G71: TABLERO DE AUTOMÁTICOS DE 12 CIRCUITOS TIPO PESADO CON PUERTA Y CERRADURA DE CIERRE, CERRADURA Y ESPACIO TOTALIZADOR INDUSTRIAL NTQ-412T Y BARRAJE DE TIERRA | H71: UN | I71: 1 | J71: ='APU 5.3.1'!O69 -> 616677 | K71: =ROUND(PRODUCT(I71:J71),2) -> 616677
D72: 5.3.2 | G72: BREAKER RIEL MONOPOLAR 1 X 6/63 A (SUMINISTRO E INSTALACIÓN) | H72: UN | I72: 4 | J72: ='APU 5.3.2'!O69 -> 61042 | K72: =ROUND(PRODUCT(I72:J72),2) -> 244168
J74: SUBTOTAL | K74: =SUM(K71:K73) -> 860845
D75: 6 | G75: PAÑETES
D76: 6.1 | G76: PAÑETES SOBRE MUROS
D77: 6.1.1 | G77: PAÑETE LISO SOBRE MUROS 1:4 | H77: M2 | I77: 74.58 | J77: ='APU 6.1.1'!O69 -> 52879 | K77: =ROUND(PRODUCT(I77:J77),2) -> 3943715.8
J79: SUBTOTAL | K79: =SUM(K77:K78) -> 3943715.8
D80: 7 | G80: PISOS
D81: 7.1 | G81: BASES PISOS Y AFINADOS
D82: 7.1.1 | G82: AFINADO ENDURECIDO MORTERO 1:3 H=4 | H82: M2 | I82: 36.6 | J82: ='APU 7.1.1'!O69 -> 59710 | K82: =ROUND(PRODUCT(I82:J82),2) -> 2185386
J84: SUBTOTAL | K84: =SUM(K82:K83) -> 2185386
D85: 7.2 | G85: ACABADOS PISOS
D86: 7.2.1 | G86: BALDOSA CERAMICA ANTIDESLIZANTE 50X50 CM (SUMINISTRO E INSTALACION) | H86: M2 | I86: 20 | J86: ='APU 7.2.1'!O69 -> 125672 | K86: =ROUND(PRODUCT(I86:J86),2) -> 2513440
J88: SUBTOTAL | K88: =SUM(K86:K87) -> 2513440
D89: 8 | G89: CUBIERTAS E IMPERMEABILIZACIONES
D90: 8.1 | G90: CUBIERTAS
D91: 8.1.1 | G91: SUMINSTRO E INSTALACION DE ESTRUCTURA METALICA PARA CUBIERTAS. NORMA NSR10 TITULO F. PERFILERIA ASTM A572 GR50 Y ASTM A37. SOLDADURA E70XX. INC CERCHAS, CORREAS, TENSORES, ANCLAJES Y ACCESORIOS, LIMPIEZA SSPC-SP3, PINTURA ANTICORROSIVA 3 MILS ESMALTE ALQUIDICO 3 MILS | H91: KG | I91: 563.2 | J91: ='APU 8.1.1'!O69 -> 25286 | K91: =ROUND(PRODUCT(I91:J91),2) -> 14241075
D92: 8.1.2 | G92: SUMINISTRO E INSTALACION DE CUBIERTA LAMINA MASTERMIL CAL. 28 | H92: M2 | I92: 160 | J92: ='APU 8.1.2'!O69 -> 81993 | K92: =ROUND(PRODUCT(I92:J92),2) -> 13118880
J94: SUBTOTAL | K94: =SUM(K91:K93) -> 27359955
D95: 8.2 | G95: ACCESORIOS Y OTROS
D96: 8.2.1 | G96: SUMINISTRO E INSTALACION DE CANAL LAMINA GALVANIZADA DS = 50 CM - CAL 20. INCLUYE SOPORTES, SOSCOS, REFUERZOS Y GARGOLAS DE REBOSE | H96: M | I96: 20 | J96: ='APU 8.2.1'!O69 -> 96874 | K96: =ROUND(PRODUCT(I96:J96),2) -> 1937480
D97: 8.2.2 | G97: SUMINISTRO E INSTALACION DE BAJANTE A.LL. PVC Ø 4" (INC. ACCESORIOS) | H97: M | I97: 6 | J97: ='APU 8.2.2'!O69 -> 56120 | K97: =ROUND(PRODUCT(I97:J97),2) -> 336720
J99: SUBTOTAL | K99: =SUM(K96:K98) -> 2274200
D100: 9 | G100: ILUMINACION
D101: 9.1 | G101: SUMINISTRO E INSTALACION DE LUMINARIAS
D102: 9.1.1 | G102: SUMINISTRO E INSTALACIÓN DE LUMINARIA TIPO AP LED 60-80 W, 100-240 W, 100-240 V, 6500 K, IRC 80. INCLUYE CONECTORES DE RESORTE, CINTA, ACCESORIOS DE FIJACIÓN Y SOPORTE. MATERIAL CERTIFICADO, GARANTIZADO E INSTALADO SEGÚN REGLAMENTACIÓN NTC 2050. | H102: UN | I102: 1 | J102: ='APU 9.1.1'!O69 -> 308715 | K102: =ROUND(PRODUCT(I102:J102),2) -> 308715
J104: SUBTOTAL | K104: =SUM(K102:K103) -> 308715
D105: 10 | G105: PINTURA
D106: 10.1 | G106: PINTURA SOBRE METAL
D107: 10.1.1 | G107: SUMINISTRO E INSTALACION DE ANTICORROSIVO S/LAMINA LLENA | H107: M2 | I107: 23.5 | J107: ='APU 10.1.1'!O69 -> 11826 | K107: =ROUND(PRODUCT(I107:J107),2) -> 277911
D108: 10.1.2 | G108: SUMINISTRO E INSTALACION DE ESMALTE S/LAMINA LLENA | H108: M2 | I108: 23 | J108: ='APU 10.1.2'!O69 -> 32914 | K108: =ROUND(PRODUCT(I108:J108),2) -> 757022
J110: SUBTOTAL | K110: =SUM(K107:K109) -> 1034933
D111: 11 | G111: OBRAS EXTERIORES
D112: 11.1 | G112: ZONAS VERDES
D113: 11.1.1 | G113: ARBOLES | H113: UN | I113: 6 | J113: ='APU 11.1.1'!O69 -> 129582 | K113: =ROUND(PRODUCT(I113:J113),2) -> 777492
D114: 11.1.2 | G114: TIERRA NEGRA PARA EMPRADIZACION | H114: M3 | I114: 10.75 | J114: ='APU 11.1.2'!O69 -> 159482 | K114: =ROUND(PRODUCT(I114:J114),2) -> 1714431.5
J116: SUBTOTAL | K116: =SUM(K113:K115) -> 2491923.5
D117: 12 | G117: ASEO Y VARIOS
D118: 12.1 | G118: ASEO Y LIMPIEZA
D119: 12.1.1 | G119: ASEO GENERAL | H119: M2 | I119: 66.24 | J119: ='APU 12.1.1'!O69 -> 4584 | K119: =ROUND(PRODUCT(I119:J119),2) -> 303644.16
J121: SUBTOTAL | K121: =SUM(K119) -> 303644.16
C122: SUBTOTAL OBRAS | K122: =+K18+K23+K27+K34+K40+K44+K49+K54+K58+K64+K69+K74+K79+K84+K88+K94+K99+K104+K110+K116+K121 -> 99999484
G127: SUBTOTAL OBRAS (INCLUYE IVA) | K127: =K122 -> 99999484
G131: VALOR TOTAL | K131: =ROUND((K127),0) -> 99999484
C134: NOTA 1: Se debe tener en cuenta que el PRECIO UNITARIO incluye el valor de A.I.U. | H134: DESCRIPCION | K134: PORCENTAJE
...

Sheet APU 1.1.1
B1: Formulario 1 - Propuesta económica - Documento tipo de selección abreviada de menor cuantía
B2: Versión: 1 del 21 de agosto de 2025
C5: [La entidad podrá utilizar este formato para la presentación de los análisis de precios unitarios el contratista en la oportunidad prevista en el numeral 8.2. del Documento Base]
D8: =DATOS!B17 -> MUNICIPIO DE HACARÍ - DEPARTAMENTO NORTE DE SANTANDER
L9: VERSIÓN
D10: =DATOS!B8 -> HA-SA-003-2026
L11: PÁGINA | M11: 1 | N11: DE | O11: 1
D13: ANALISIS DE PRECIOS UNITARIOS
L15: FECHA | M15: DD | N15: MM | O15: AA
M16: 26 | N16: 5 | O16: 2026
C17: ITEMS DE LA PROPUESTA ECONÓMICA | G17: X | I17: ITEMS NO PREVISTOS
C21: DATOS ESPECÍFICOS
C23: ITEM | D23: DESCRIPCIÓN | M23: UNIDAD | O23: CANTIDAD
C24: 1.1.1 | D24: LIMPIEZA, DESCAPOTE, RETIRO SOBR. - MANUAL H = 0,20 MTS | M24: M2 | O24: ='PRESUPUESTO OFICIAL (Entidad)'!I15 -> 67.86
C25: I. EQUIPO
C28: DESCRIPCIÓN | H28: MARCA | J28: TIPO | L28: TARIFA/HORA | M28: RENDIMIENTO | O28: Vr. UNITARIO
C29: Herramienta menor (5% mano de obra) | O29: =5%*O55 -> 487.5
C32: SUBTOTAL $ | O32: =SUM(O29:O31) -> 487.5
C33: II. MATERIALES
C36: DESCRIPCIÓN | K36: UNIDAD | L36: CANTIDAD | M36: PRECIO UNIT. | O36: Vr. UNITARIO
C39: SUBTOTAL $ | O39: 0
C40: III. TRANSPORTES
C43: MATERIAL | J43: VOL. o PESO | K43: DISTANCIA | L43: M3 o Ton/Km | M43: TARIFA | O43: Vr. UNITARIO
C46: SUBTOTAL $
C47: IV. MANO DE OBRA
C50: TRABAJADOR | J50: JORNAL | K50: PRESTACIONES | L50: JORNAL TOTAL | M50: RENDIMIENTO | O50: Vr. UNITARIO
C51: Ayudante de construcción | J51: 85000 | K51: 1.95 | L51: =J51*K51 -> 165750 | M51: 45 | O51: =L51/M51 -> 3683.3333
C52: Oficial de construcción | J52: 140000 | K52: 1.95 | L52: =J52*K52 -> 273000 | M52: 45 | O52: =L52/M52 -> 6066.6667
C55: SUBTOTAL $ | O55: =SUM(O51:O54) -> 9750
C57: TOTAL COSTO DIRECTO $ | O57: =ROUND((O32+O39+O46+O55),2) -> 10237.5
C58: V. COSTOS INDIRECTOS
C61: Descripción | L61: Porcentaje | M61: Total Costo Directo | O61: Valor Total
C62: ADMINISTRACION | L62: 0.25 | M62: =O$57 -> 10237.5 | O62: =L62*M62 -> 2559.375
C63: IMPREVISTOS | L63: 0.01 | M63: =O$57 -> 10237.5 | O63: =L63*M63 -> 102.375
C64: UTILIDAD | L64: 0.04 | M64: =O$57 -> 10237.5 | O64: =L64*M64 -> 409.5
C65: SUBTOTAL $ | O65: =ROUND(SUM(O62:O64),2) -> 3071.25
C67: Precio Unitario Total Aproximado al peso $ | O67: =ROUND((O57+O65),0) -> 13309
H71: Firma
H72: Nombre:
H73: Representante Legal del Contratista o su Apoderado
H74: Matricula No. :
C76: OBSERVACIONES INTERVENTORÍA
C80: APROBACIÓN POR INTERVENTORÍA
C81: Nota 1: Cuando se trate de Análisis de precios unitarios correspondientes a ítems de la propuesta económica aprobada, el Interventor aprueba el desglose de los componentes manteniendo el mismo precio unitario de cada ítem, cumpliendo con las especificaciones de construcción vigentes para el proyecto.
C83: Nota 2: Cuando se trate de Análisis de precios unitarios de ítems no previstos, el Interventor aprueba el desglose y precio unitario de cada ítem no previsto, exigiendo la aplicación de los costos correspondientes a insumos y tarifas de la propuesta económica inicial cuando estén contemplados, cumpliendo con las especificaciones de construcción vigente para el proyecto.
H86: Firma
H87: Nombre:
H88: Representante Legal del Interventor o su Apoderado
H89: Matricula No. :

Sheet APU 1.1.2
B1: Formulario 1 - Propuesta económica - Documento tipo de selección abreviada de menor cuantía
B2: Versión: 1 del 21 de agosto de 2025
C5: [La entidad podrá utilizar este formato para la presentación de los análisis de precios unitarios el contratista en la oportunidad prevista en el numeral 8.2. del Documento Base]
D8: =DATOS!B17 -> MUNICIPIO DE HACARÍ - DEPARTAMENTO NORTE DE SANTANDER
L9: VERSIÓN
D10: =DATOS!B8 -> HA-SA-003-2026
L11: PÁGINA | M11: 1 | N11: DE | O11: 1
D13: ANALISIS DE PRECIOS UNITARIOS
L15: FECHA | M15: DD | N15: MM | O15: AA
M16: 26 | N16: 5 | O16: 2026
C17: ITEMS DE LA PROPUESTA ECONÓMICA | G17: X | I17: ITEMS NO PREVISTOS
C21: DATOS ESPECÍFICOS
C23: ITEM | D23: DESCRIPCIÓN | M23: UNIDAD | O23: CANTIDAD
C24: 1.1.2 | D24: LOCALIZACIÓN Y REPLANTEO TOPOGRAFICO (AREA A PAGAR ES EL AREA DE LA HUELLA DE LA EDIFICACIÓN) | M24: M2 | O24: ='PRESUPUESTO OFICIAL (Entidad)'!I16 -> 66.24
C25: I. EQUIPO
C28: DESCRIPCIÓN | H28: MARCA | J28: TIPO | L28: TARIFA/HORA | M28: RENDIMIENTO | O28: Vr. UNITARIO
C29: Herramienta menor (5% mano de obra) | O29: =5%*O58 -> 146.25
C32: SUBTOTAL $ | O32: =SUM(O29:O31) -> 146.25
C33: II. MATERIALES
C36: DESCRIPCIÓN | K36: UNIDAD | L36: CANTIDAD | M36: PRECIO UNIT. | O36: Vr. UNITARIO
C37: Tabla pegachento 2*20*300 | K37: Und | L37: 0.04 | M37: 15700 | O37: =L37*M37 -> 628
C38: Puntilla 2-1/2" | K38: Kg | L38: 0.02 | M38: 12000 | O38: =L38*M38 -> 240
C39: Estaca en madera de 30 cm | K39: und | L39: 0.04 | M39: 3000 | O39: =L39*M39 -> 120
C40: Hilo | K40: Rollo | L40: 0.02 | M40: 8000 | O40: =L40*M40 -> 160
C41: Cal blanca | K41: Paca | L41: 0.02 | M41: 20000 | O41: =L41*M41 -> 400
C42: SUBTOTAL $ | O42: =SUM(O37:O41) -> 1548
C43: III. TRANSPORTES
C46: MATERIAL | J46: VOL. o PESO | K46: DISTANCIA | L46: M3 o Ton/Km | M46: TARIFA | O46: Vr. UNITARIO
C49: SUBTOTAL $
C50: IV. MANO DE OBRA
C53: TRABAJADOR | J53: JORNAL | K53: PRESTACIONES | L53: JORNAL TOTAL | M53: RENDIMIENTO | O53: Vr. UNITARIO
C54: Ayudante de construcción | J54: 85000 | K54: 1.95 | L54: =J54*K54 -> 165750 | M54: 150 | O54: =L54/M54 -> 1105
C55: Oficial de construcción | J55: 140000 | K55: 1.95 | L55: =J55*K55 -> 273000 | M55: 150 | O55: =L55/M55 -> 1820
C58: SUBTOTAL $ | O58: =SUM(O54:O57) -> 2925
C60: TOTAL COSTO DIRECTO $ | O60: =ROUND((O32+O42+O49+O58),2) -> 4619.25
C61: V. COSTOS INDIRECTOS
C64: Descripción | L64: Porcentaje | M64: Total Costo Directo | O64: Valor Total
C65: ADMINISTRACION | L65: 0.25 | M65: =O$60 -> 4619.25 | O65: =L65*M65 -> 1154.8125
C66: IMPREVISTOS | L66: 0.01 | M66: =O$60 -> 4619.25 | O66: =L66*M66 -> 46.1925
C67: UTILIDAD | L67: 0.04 | M67: =O$60 -> 4619.25 | O67: =L67*M67 -> 184.77
C68: SUBTOTAL $ | O68: =ROUND(SUM(O65:O67),2) -> 1385.78
C70: Precio Unitario Total Aproximado al peso $ | O70: =ROUND((O60+O68),0) -> 6005
H74: Firma
H75: Nombre:
H76: Representante Legal del Contratista o su Apoderado
H77: Matricula No. :
C79: OBSERVACIONES INTERVENTORÍA
C83: APROBACIÓN POR INTERVENTORÍA
C84: Nota 1: Cuando se trate de Análisis de precios unitarios correspondientes a ítems de la propuesta económica aprobada, el Interventor aprueba el desglose de los componentes manteniendo el mismo precio unitario de cada ítem, cumpliendo con las especificaciones de construcción vigentes para el proyecto.
C86: Nota 2: Cuando se trate de Análisis de precios unitarios de ítems no previstos, el Interventor aprueba el desglose y precio unitario de cada ítem no previsto, exigiendo la aplicación de los costos correspondientes a insumos y tarifas de la propuesta económica inicial cuando estén contemplados, cumpliendo con las especificaciones de construcción vigente para el proyecto.
H89: Firma
H90: Nombre:
H91: Representante Legal del Interventor o su Apoderado
H92: Matricula No. :

Sheet APU 1.2.1
B1: Formulario 1 - Propuesta económica - Documento tipo de selección abreviada de menor cuantía
B2: Versión: 1 del 21 de agosto de 2025
C5: [La entidad podrá utilizar este formato para la presentación de los análisis de precios unitarios el contratista en la oportunidad prevista en el numeral 8.2. del Documento Base]
D8: =DATOS!B17 -> MUNICIPIO DE HACARÍ - DEPARTAMENTO NORTE DE SANTANDER
L9: VERSIÓN
D10: =DATOS!B8 -> HA-SA-003-2026
L11: PÁGINA | M11: 1 | N11: DE | O11: 1
D13: ANALISIS DE PRECIOS UNITARIOS
L15: FECHA | M15: DD | N15: MM | O15: AA
M16: 26 | N16: 5 | O16: 2026
C17: ITEMS DE LA PROPUESTA ECONÓMICA | G17: X | I17: ITEMS NO PREVISTOS
C21: DATOS ESPECÍFICOS
C23: ITEM | D23: DESCRIPCIÓN | M23: UNIDAD | O23: CANTIDAD
C24: 1.2.1 | D24: DEMOLICION DE CONSTRUCCIONES EXISTENTES (INC. RETIRO DE SOBR.) | M24: M2 | O24: ='PRESUPUESTO OFICIAL (Entidad)'!I20 -> 143.53
C25: I. EQUIPO
C28: DESCRIPCIÓN | H28: MARCA | J28: TIPO | L28: TARIFA/HORA | M28: RENDIMIENTO | O28: Vr. UNITARIO
C29: Herramienta menor (5% mano de obra) | O29: =5%*O58 -> 1462.5
C30: Martillo eléctrico | L30: =80000/8 -> 10000 | M30: 0.37499995 | O30: =L30/M30 -> 26666.67
C32: SUBTOTAL $ | O32: =SUM(O29:O31) -> 28129.17
C33: II. MATERIALES
C36: DESCRIPCIÓN | K36: UNIDAD | L36: CANTIDAD | M36: PRECIO UNIT. | O36: Vr. UNITARIO
C42: SUBTOTAL $ | O42: =SUM(O37:O41) -> 0
C43: III. TRANSPORTES
C46: MATERIAL | J46: VOL. o PESO | K46: DISTANCIA | L46: M3 o Ton/Km | M46: TARIFA | O46: Vr. UNITARIO
C49: SUBTOTAL $
C50: IV. MANO DE OBRA
C53: TRABAJADOR | J53: JORNAL | K53: PRESTACIONES | L53: JORNAL TOTAL | M53: RENDIMIENTO | O53: Vr. UNITARIO
C54: Ayudante de construcción | J54: 85000 | K54: 1.95 | L54: =J54*K54 -> 165750 | M54: 15 | O54: =L54/M54 -> 11050
C55: Oficial de construcción | J55: 140000 | K55: 1.95 | L55: =J55*K55 -> 273000 | M55: 15 | O55: =L55/M55 -> 18200
C58: SUBTOTAL $ | O58: =SUM(O54:O57) -> 29250
C60: TOTAL COSTO DIRECTO $ | O60: =ROUND((O32+O42+O49+O58),2) -> 57379.17
C61: V. COSTOS INDIRECTOS
C64: Descripción | L64: Porcentaje | M64: Total Costo Directo | O64: Valor Total
C65: ADMINISTRACION | L65: 0.25 | M65: =O$60 -> 57379.17 | O65: =L65*M65 -> 14344.792
C66: IMPREVISTOS | L66: 0.01 | M66: =O$60 -> 57379.17 | O66: =L66*M66 -> 573.7917
C67: UTILIDAD | L67: 0.04 | M67: =O$60 -> 57379.17 | O67: =L67*M67 -> 2295.1668
C68: SUBTOTAL $ | O68: =ROUND(SUM(O65:O67),2) -> 17213.75
C70: Precio Unitario Total Aproximado al peso $ | O70: =ROUND((O60+O68),0) -> 74593
H74: Firma
H75: Nombre:
H76: Representante Legal del Contratista o su Apoderado
H77: Matricula No. :
C79: OBSERVACIONES INTERVENTORÍA
C83: APROBACIÓN POR INTERVENTORÍA
C84: Nota 1: Cuando se trate de Análisis de precios unitarios correspondientes a ítems de la propuesta económica aprobada, el Interventor aprueba el desglose de los componentes manteniendo el mismo precio unitario de cada ítem, cumpliendo con las especificaciones de construcción vigentes para el proyecto.
C86: Nota 2: Cuando se trate de Análisis de precios unitarios de ítems no previstos, el Interventor aprueba el desglose y precio unitario de cada ítem no previsto, exigiendo la aplicación de los costos correspondientes a insumos y tarifas de la propuesta económica inicial cuando estén contemplados, cumpliendo con las especificaciones de construcción vigente para el proyecto.
H89: Firma
H90: Nombre:
H91: Representante Legal del Interventor o su Apoderado
H92: Matricula No. :

Sheet APU 1.2.2
B1: Formulario 1 - Propuesta económica - Documento tipo de selección abreviada de menor cuantía
B2: Versión: 1 del 21 de agosto de 2025
C5: [La entidad podrá utilizar este formato para la presentación de los análisis de precios unitarios el contratista en la oportunidad prevista en el numeral 8.2. del Documento Base]
D8: =DATOS!B17 -> MUNICIPIO DE HACARÍ - DEPARTAMENTO NORTE DE SANTANDER
L9: VERSIÓN
D10: =DATOS!B8 -> HA-SA-003-2026
L11: PÁGINA | M11: 1 | N11: DE | O11: 1
D13: ANALISIS DE PRECIOS UNITARIOS
L15: FECHA | M15: DD | N15: MM | O15: AA
M16: 26 | N16: 5 | O16: 2026
C17: ITEMS DE LA PROPUESTA ECONÓMICA | G17: X | I17: ITEMS NO PREVISTOS
C21: DATOS ESPECÍFICOS
C23: ITEM | D23: DESCRIPCIÓN | M23: UNIDAD | O23: CANTIDAD
C24: 1.2.2 | D24: RETIRO Y DISPOSICION FINAL DE MATERIAL TOXICO (ASBESTO CEMENTO) | M24: KG | O24: ='PRESUPUESTO OFICIAL (Entidad)'!I21 -> 280
C25: I. EQUIPO
C28: DESCRIPCIÓN | H28: MARCA | J28: TIPO | L28: TARIFA/HORA | M28: RENDIMIENTO | O28: Vr. UNITARIO
C29: Herramienta menor (5% mano de obra) | O29: =5%*O58 -> 146.25
C30: Andamio tubular | L30: =8000/8 -> 1000 | M30: 6.2499998 | O30: =L30/M30 -> 160
C32: SUBTOTAL $ | O32: =SUM(O29:O31) -> 306.25
C33: II. MATERIALES
C36: DESCRIPCIÓN | K36: UNIDAD | L36: CANTIDAD | M36: PRECIO UNIT. | O36: Vr. UNITARIO
C42: SUBTOTAL $ | O42: =SUM(O37:O41) -> 0
C43: III. TRANSPORTES
C46: MATERIAL | J46: VOL. o PESO | K46: DISTANCIA | L46: M3 o Ton/Km | M46: TARIFA | O46: Vr. UNITARIO
C49: SUBTOTAL $
C50: IV. MANO DE OBRA
C53: TRABAJADOR | J53: JORNAL | K53: PRESTACIONES | L53: JORNAL TOTAL | M53: RENDIMIENTO | O53: Vr. UNITARIO
C54: Ayudante de construcción | J54: 85000 | K54: 1.95 | L54: =J54*K54 -> 165750 | M54: 150 | O54: =L54/M54 -> 1105
C55: Oficial de construcción | J55: 140000 | K55: 1.95 | L55: =J55*K55 -> 273000 | M55: 150 | O55: =L55/M55 -> 1820
C58: SUBTOTAL $ | O58: =SUM(O54:O57) -> 2925
C60: TOTAL COSTO DIRECTO $ | O60: =ROUND((O32+O42+O49+O58),2) -> 3231.25
C61: V. COSTOS INDIRECTOS
C64: Descripción | L64: Porcentaje | M64: Total Costo Directo | O64: Valor Total
C65: ADMINISTRACION | L65: 0.25 | M65: =O$60 -> 3231.25 | O65: =L65*M65 -> 807.8125
C66: IMPREVISTOS | L66: 0.01 | M66: =O$60 -> 3231.25 | O66: =L66*M66 -> 32.3125
C67: UTILIDAD | L67: 0.04 | M67: =O$60 -> 3231.25 | O67: =L67*M67 -> 129.25
C68: SUBTOTAL $ | O68: =ROUND(SUM(O65:O67),2) -> 969.38
C70: Precio Unitario Total Aproximado al peso $ | O70: =ROUND((O60+O68),0) -> 4201
H74: Firma
H75: Nombre:
H76: Representante Legal del Contratista o su Apoderado
H77: Matricula No. :
C79: OBSERVACIONES INTERVENTORÍA
C83: APROBACIÓN POR INTERVENTORÍA
C84: Nota 1: Cuando se trate de Análisis de precios unitarios correspondientes a ítems de la propuesta económica aprobada, el Interventor aprueba el desglose de los componentes manteniendo el mismo precio unitario de cada ítem, cumpliendo con las especificaciones de construcción vigentes para el proyecto.
C86: Nota 2: Cuando se trate de Análisis de precios unitarios de ítems no previstos, el Interventor aprueba el desglose y precio unitario de cada ítem no previsto, exigiendo la aplicación de los costos correspondientes a insumos y tarifas de la propuesta económica inicial cuando estén contemplados, cumpliendo con las especificaciones de construcción vigente para el proyecto.
H89: Firma
H90: Nombre:
H91: Representante Legal del Interventor o su Apoderado
H92: Matricula No. :

Sheet APU 1.3.1
B1: Formulario 1 - Propuesta económica - Documento tipo de selección abreviada de menor cuantía
B2: Versión: 1 del 21 de agosto de 2025
C5: [La entidad podrá utilizar este formato para la presentación de los análisis de precios unitarios el contratista en la oportunidad prevista en el numeral 8.2. del Documento Base]
D8: =DATOS!B17 -> MUNICIPIO DE HACARÍ - DEPARTAMENTO NORTE DE SANTANDER
L9: VERSIÓN
D10: =DATOS!B8 -> HA-SA-003-2026
L11: PÁGINA | M11: 1 | N11: DE | O11: 1
D13: ANALISIS DE PRECIOS UNITARIOS
L15: FECHA | M15: DD | N15: MM | O15: AA
M16: 26 | N16: 5 | O16: 2026
C17: ITEMS DE LA PROPUESTA ECONÓMICA | G17: X | I17: ITEMS NO PREVISTOS
C21: DATOS ESPECÍFICOS
C23: ITEM | D23: DESCRIPCIÓN | M23: UNIDAD | O23: CANTIDAD
C24: 1.3.1 | D24: RETIRO DE SOBRANTES: CARGUE TRANSPORTE Y DISPOSICION FINAL DE ESCOMBROS A SITIO AUTORIZADO (APLICA PARA SOBRANTES QUE NO PERTENECEN A LAS ACTIVIDADES DE LA OBRA). | M24: M3 | O24: ='PRESUPUESTO OFICIAL (Entidad)'!I25 -> 6
C25: I. EQUIPO
C28: DESCRIPCIÓN | H28: MARCA | J28: TIPO | L28: TARIFA/HORA | M28: RENDIMIENTO | O28: Vr. UNITARIO
C29: Herramienta menor (5% mano de obra) | O29: =5%*O58 -> 5223.2145
C32: SUBTOTAL $ | O32: =SUM(O29:O31) -> 5223.2145
C33: II. MATERIALES
C36: DESCRIPCIÓN | K36: UNIDAD | L36: CANTIDAD | M36: PRECIO UNIT. | O36: Vr. UNITARIO
C42: SUBTOTAL $ | O42: =SUM(O37:O41) -> 0
C43: III. TRANSPORTES
C46: MATERIAL | J46: VOL. o PESO | K46: DISTANCIA | L46: M3 o Ton/Km | M46: TARIFA | O46: Vr. UNITARIO
C49: SUBTOTAL $
C50: IV. MANO DE OBRA
C53: TRABAJADOR | J53: JORNAL | K53: PRESTACIONES | L53: JORNAL TOTAL | M53: RENDIMIENTO | O53: Vr. UNITARIO
C54: Ayudante de construcción | J54: 85000 | K54: 1.95 | L54: =J54*K54 -> 165750 | M54: 4.5769225 | O54: =L54/M54 -> 36214.29
C55: Oficial de construcción | J55: 140000 | K55: 1.95 | L55: =J55*K55 -> 273000 | M55: 4 | O55: =L55/M55 -> 68250
C58: SUBTOTAL $ | O58: =SUM(O54:O57) -> 104464.29
C60: TOTAL COSTO DIRECTO $ | O60: =ROUND((O32+O42+O49+O58),2) -> 109687.5
C61: V. COSTOS INDIRECTOS
C64: Descripción | L64: Porcentaje | M64: Total Costo Directo | O64: Valor Total
C65: ADMINISTRACION | L65: 0.25 | M65: =O$60 -> 109687.5 | O65: =L65*M65 -> 27421.875
C66: IMPREVISTOS | L66: 0.01 | M66: =O$60 -> 109687.5 | O66: =L66*M66 -> 1096.875
C67: UTILIDAD | L67: 0.04 | M67: =O$60 -> 109687.5 | O67: =L67*M67 -> 4387.5
C68: SUBTOTAL $ | O68: =ROUND(SUM(O65:O67),2) -> 32906.25
C70: Precio Unitario Total Aproximado al peso $ | O70: =ROUND((O60+O68),0) -> 142594
H74: Firma
H75: Nombre:
H76: Representante Legal del Contratista o su Apoderado
H77: Matricula No. :
C79: OBSERVACIONES INTERVENTORÍA
C83: APROBACIÓN POR INTERVENTORÍA
C84: Nota 1: Cuando se trate de Análisis de precios unitarios correspondientes a ítems de la propuesta económica aprobada, el Interventor aprueba el desglose de los componentes manteniendo el mismo precio unitario de cada ítem, cumpliendo con las especificaciones de construcción vigentes para el proyecto.
C86: Nota 2: Cuando se trate de Análisis de precios unitarios de ítems no previstos, el Interventor aprueba el desglose y precio unitario de cada ítem no previsto, exigiendo la aplicación de los costos correspondientes a insumos y tarifas de la propuesta económica inicial cuando estén contemplados, cumpliendo con las especificaciones de construcción vigente para el proyecto.
H89: Firma
H90: Nombre:
H91: Representante Legal del Interventor o su Apoderado
H92: Matricula No. :

Sheet APU 2.1.1
B1: Formulario 1 - Propuesta económica - Documento tipo de selección abreviada de menor cuantía
B2: Versión: 1 del 21 de agosto de 2025
C5: [La entidad podrá utilizar este formato para la presentación de los análisis de precios unitarios el contratista en la oportunidad prevista en el numeral 8.2. del Documento Base]
D8: =DATOS!B17 -> MUNICIPIO DE HACARÍ - DEPARTAMENTO NORTE DE SANTANDER
L9: VERSIÓN
D10: =DATOS!B8 -> HA-SA-003-2026
L11: PÁGINA | M11: 1 | N11: DE | O11: 1
D13: ANALISIS DE PRECIOS UNITARIOS
L15: FECHA | M15: DD | N15: MM | O15: AA
M16: 26 | N16: 5 | O16: 2026
C17: ITEMS DE LA PROPUESTA ECONÓMICA | G17: X | I17: ITEMS NO PREVISTOS
C21: DATOS ESPECÍFICOS
C23: ITEM | D23: DESCRIPCIÓN | M23: UNIDAD | O23: CANTIDAD
C24: 2.1.1 | D24: EXCAVACION MANUAL EN MATERIAL COMUN (INCLUYE CARGUE, RETIRO Y DISPOCIÓN FINAL) | M24: M3 | O24: ='PRESUPUESTO OFICIAL (Entidad)'!I30 -> 8.31
C25: I. EQUIPO
C28: DESCRIPCIÓN | H28: MARCA | J28: TIPO | L28: TARIFA/HORA | M28: RENDIMIENTO | O28: Vr. UNITARIO
C29: Herramienta menor (5% mano de obra) | O29: =5%*O58 -> 4317.857
C32: SUBTOTAL $ | O32: =SUM(O29:O31) -> 4317.857
C33: II. MATERIALES
C36: DESCRIPCIÓN | K36: UNIDAD | L36: CANTIDAD | M36: PRECIO UNIT. | O36: Vr. UNITARIO
C42: SUBTOTAL $ | O42: =SUM(O37:O41) -> 0
C43: III. TRANSPORTES
C46: MATERIAL | J46: VOL. o PESO | K46: DISTANCIA | L46: M3 o Ton/Km | M46: TARIFA | O46: Vr. UNITARIO
C49: SUBTOTAL $
C50: IV. MANO DE OBRA
C53: TRABAJADOR | J53: JORNAL | K53: PRESTACIONES | L53: JORNAL TOTAL | M53: RENDIMIENTO | O53: Vr. UNITARIO
C54: Ayudante de construcción | J54: 85000 | K54: 1.95 | L54: =J54*K54 -> 165750 | M54: 5.2192987 | O54: =L54/M54 -> 31757.14
C55: Oficial de construcción | J55: 140000 | K55: 1.95 | L55: =J55*K55 -> 273000 | M55: 5 | O55: =L55/M55 -> 54600
C58: SUBTOTAL $ | O58: =SUM(O54:O57) -> 86357.14
C60: TOTAL COSTO DIRECTO $ | O60: =ROUND((O32+O42+O49+O58),2) -> 90675
C61: V. COSTOS INDIRECTOS
C64: Descripción | L64: Porcentaje | M64: Total Costo Directo | O64: Valor Total
C65: ADMINISTRACION | L65: 0.25 | M65: =O$60 -> 90675 | O65: =L65*M65 -> 22668.75
C66: IMPREVISTOS | L66: 0.01 | M66: =O$60 -> 90675 | O66: =L66*M66 -> 906.75
C67: UTILIDAD | L67: 0.04 | M67: =O$60 -> 90675 | O67: =L67*M67 -> 3627
C68: SUBTOTAL $ | O68: =ROUND(SUM(O65:O67),2) -> 27202.5
C70: Precio Unitario Total Aproximado al peso $ | O70: =ROUND((O60+O68),0) -> 117878
H74: Firma
H75: Nombre:
H76: Representante Legal del Contratista o su Apoderado
H77: Matricula No. :
C79: OBSERVACIONES INTERVENTORÍA
C83: APROBACIÓN POR INTERVENTORÍA
C84: Nota 1: Cuando se trate de Análisis de precios unitarios correspondientes a ítems de la propuesta económica aprobada, el Interventor aprueba el desglose de los componentes manteniendo el mismo precio unitario de cada ítem, cumpliendo con las especificaciones de construcción vigentes para el proyecto.
C86: Nota 2: Cuando se trate de Análisis de precios unitarios de ítems no previstos, el Interventor aprueba el desglose y precio unitario de cada ítem no previsto, exigiendo la aplicación de los costos correspondientes a insumos y tarifas de la propuesta económica inicial cuando estén contemplados, cumpliendo con las especificaciones de construcción vigente para el proyecto.
H89: Firma
H90: Nombre:
H91: Representante Legal del Interventor o su Apoderado
H92: Matricula No. :

Sheet APU 2.1.2
B1: Formulario 1 - Propuesta económica - Documento tipo de selección abreviada de menor cuantía
B2: Versión: 1 del 21 de agosto de 2025
C5: [La entidad podrá utilizar este formato para la presentación de los análisis de precios unitarios el contratista en la oportunidad prevista en el numeral 8.2. del Documento Base]
D8: =DATOS!B17 -> MUNICIPIO DE HACARÍ - DEPARTAMENTO NORTE DE SANTANDER
L9: VERSIÓN
D10: =DATOS!B8 -> HA-SA-003-2026
L11: PÁGINA | M11: 1 | N11: DE | O11: 1
D13: ANALISIS DE PRECIOS UNITARIOS
L15: FECHA | M15: DD | N15: MM | O15: AA
M16: 26 | N16: 5 | O16: 2026
C17: ITEMS DE LA PROPUESTA ECONÓMICA | G17: X | I17: ITEMS NO PREVISTOS
C21: DATOS ESPECÍFICOS
C23: ITEM | D23: DESCRIPCIÓN | M23: UNIDAD | O23: CANTIDAD
C24: 2.1.2 | D24: EXCAVACION MECÁNICA (INC. CARGUE, TRANSPORTE Y DISPOCIÓN FINAL) | M24: M3 | O24: ='PRESUPUESTO OFICIAL (Entidad)'!I31 -> 75.27
C25: I. EQUIPO
C28: DESCRIPCIÓN | H28: MARCA | J28: TIPO | L28: TARIFA/HORA | M28: RENDIMIENTO | O28: Vr. UNITARIO
C29: Herramienta menor (5% mano de obra) | O29: =5%*O58 -> 0
C30: Maquina (Pajarita) | L30: 140000 | M30: 4 | O30: =L30/M30 -> 35000
C32: SUBTOTAL $ | O32: =SUM(O29:O31) -> 35000
C33: II. MATERIALES
C36: DESCRIPCIÓN | K36: UNIDAD | L36: CANTIDAD | M36: PRECIO UNIT. | O36: Vr. UNITARIO
C42: SUBTOTAL $ | O42: =SUM(O37:O41) -> 0
C43: III. TRANSPORTES
C46: MATERIAL | J46: VOL. o PESO | K46: DISTANCIA | L46: M3 o Ton/Km | M46: TARIFA | O46: Vr. UNITARIO
C47: Volqueta | M47: =120000/7 -> 17142.857 | O47: =PRODUCT(M47) -> 17142.857
C49: SUBTOTAL $ | O49: =SUM(O47:O48) -> 17142.857
C50: IV. MANO DE OBRA
C53: TRABAJADOR | J53: JORNAL | K53: PRESTACIONES | L53: JORNAL TOTAL | M53: RENDIMIENTO | O53: Vr. UNITARIO
C58: SUBTOTAL $ | O58: =SUM(O54:O57) -> 0
C60: TOTAL COSTO DIRECTO $ | O60: =ROUND((O32+O42+O49+O58),2) -> 52142.86
C61: V. COSTOS INDIRECTOS
C64: Descripción | L64: Porcentaje | M64: Total Costo Directo | O64: Valor Total
C65: ADMINISTRACION | L65: 0.25 | M65: =O$60 -> 52142.86 | O65: =L65*M65 -> 13035.715
C66: IMPREVISTOS | L66: 0.01 | M66: =O$60 -> 52142.86 | O66: =L66*M66 -> 521.4286
C67: UTILIDAD | L67: 0.04 | M67: =O$60 -> 52142.86 | O67: =L67*M67 -> 2085.7144
C68: SUBTOTAL $ | O68: =ROUND(SUM(O65:O67),2) -> 15642.86
C70: Precio Unitario Total Aproximado al peso $ | O70: =ROUND((O60+O68),0) -> 67786
H74: Firma
H75: Nombre:
H76: Representante Legal del Contratista o su Apoderado
H77: Matricula No. :
C79: OBSERVACIONES INTERVENTORÍA
C83: APROBACIÓN POR INTERVENTORÍA
C84: Nota 1: Cuando se trate de Análisis de precios unitarios correspondientes a ítems de la propuesta económica aprobada, el Interventor aprueba el desglose de los componentes manteniendo el mismo precio unitario de cada ítem, cumpliendo con las especificaciones de construcción vigentes para el proyecto.
C86: Nota 2: Cuando se trate de Análisis de precios unitarios de ítems no previstos, el Interventor aprueba el desglose y precio unitario de cada ítem no previsto, exigiendo la aplicación de los costos correspondientes a insumos y tarifas de la propuesta económica inicial cuando estén contemplados, cumpliendo con las especificaciones de construcción vigente para el proyecto.
H89: Firma
H90: Nombre:
H91: Representante Legal del Interventor o su Apoderado
H92: Matricula No. :

Sheet APU 2.1.3
B1: Formulario 1 - Propuesta económica - Documento tipo de selección abreviada de menor cuantía
B2: Versión: 1 del 21 de agosto de 2025
C5: [La entidad podrá utilizar este formato para la presentación de los análisis de precios unitarios el contratista en la oportunidad prevista en el numeral 8.2. del Documento Base]
D8: =DATOS!B17 -> MUNICIPIO DE HACARÍ - DEPARTAMENTO NORTE DE SANTANDER
L9: VERSIÓN
D10: =DATOS!B8 -> HA-SA-003-2026
L11: PÁGINA | M11: 1 | N11: DE | O11: 1
D13: ANALISIS DE PRECIOS UNITARIOS
L15: FECHA | M15: DD | N15: MM | O15: AA
M16: 26 | N16: 5 | O16: 2026
C17: ITEMS DE LA PROPUESTA ECONÓMICA | G17: X | I17: ITEMS NO PREVISTOS
C21: DATOS ESPECÍFICOS
C23: ITEM | D23: DESCRIPCIÓN | M23: UNIDAD | O23: CANTIDAD
C24: 2.1.3 | D24: RELLENO EN RECEBO COMUN (SUMINISTRO, EXTENDIDO, HUMEDECIMIENTO Y COMPACTACIÓN) | M24: M3 | O24: ='PRESUPUESTO OFICIAL (Entidad)'!I32 -> 12.26
C25: I. EQUIPO
C28: DESCRIPCIÓN | H28: MARCA | J28: TIPO | L28: TARIFA/HORA | M28: RENDIMIENTO | O28: Vr. UNITARIO
C29: Herramienta menor (5% mano de obra) | O29: =5%*O58 -> 1462.5
C30: Rana compactadora | L30: =80000/8 -> 10000 | M30: 0.5 | O30: =L30/M30 -> 20000
C32: SUBTOTAL $ | O32: =SUM(O29:O31) -> 21462.5
C33: II. MATERIALES
C36: DESCRIPCIÓN | K36: UNIDAD | L36: CANTIDAD | M36: PRECIO UNIT. | O36: Vr. UNITARIO
C37: Recebo común | K37: M3 | L37: 1 | M37: 20000 | O37: =L37*M37 -> 20000
C42: SUBTOTAL $ | O42: =SUM(O37:O41) -> 20000
C43: III. TRANSPORTES
C46: MATERIAL | J46: VOL. o PESO | K46: DISTANCIA | L46: M3 o Ton/Km | M46: TARIFA | O46: Vr. UNITARIO
C47: Volqueta | M47: =120000/7 -> 17142.857 | O47: =PRODUCT(M47) -> 17142.857
C49: SUBTOTAL $ | O49: =SUM(O47:O48) -> 17142.857
C50: IV. MANO DE OBRA
C53: TRABAJADOR | J53: JORNAL | K53: PRESTACIONES | L53: JORNAL TOTAL | M53: RENDIMIENTO | O53: Vr. UNITARIO
C54: Ayudante de construcción | J54: 85000 | K54: 1.95 | L54: =J54*K54 -> 165750 | M54: 15 | O54: =L54/M54 -> 11050
C55: Oficial de construcción | J55: 140000 | K55: 1.95 | L55: =J55*K55 -> 273000 | M55: 15 | O55: =L55/M55 -> 18200
C58: SUBTOTAL $ | O58: =SUM(O54:O57) -> 29250
C60: TOTAL COSTO DIRECTO $ | O60: =ROUND((O32+O42+O49+O58),2) -> 87855.36
C61: V. COSTOS INDIRECTOS
C64: Descripción | L64: Porcentaje | M64: Total Costo Directo | O64: Valor Total
C65: ADMINISTRACION | L65: 0.25 | M65: =O$60 -> 87855.36 | O65: =L65*M65 -> 21963.84
C66: IMPREVISTOS | L66: 0.01 | M66: =O$60 -> 87855.36 | O66: =L66*M66 -> 878.5536
C67: UTILIDAD | L67: 0.04 | M67: =O$60 -> 87855.36 | O67: =L67*M67 -> 3514.2144
C68: SUBTOTAL $ | O68: =ROUND(SUM(O65:O67),2) -> 26356.61
C70: Precio Unitario Total Aproximado al peso $ | O70: =ROUND((O60+O68),0) -> 114212
H74: Firma
H75: Nombre:
H76: Representante Legal del Contratista o su Apoderado
H77: Matricula No. :
C79: OBSERVACIONES INTERVENTORÍA
C83: APROBACIÓN POR INTERVENTORÍA
C84: Nota 1: Cuando se trate de Análisis de precios unitarios correspondientes a ítems de la propuesta económica aprobada, el Interventor aprueba el desglose de los componentes manteniendo el mismo precio unitario de cada ítem, cumpliendo con las especificaciones de construcción vigentes para el proyecto.
C86: Nota 2: Cuando se trate de Análisis de precios unitarios de ítems no previstos, el Interventor aprueba el desglose y precio unitario de cada ítem no previsto, exigiendo la aplicación de los costos correspondientes a insumos y tarifas de la propuesta económica inicial cuando estén contemplados, cumpliendo con las especificaciones de construcción vigente para el proyecto.
H89: Firma
H90: Nombre:
H91: Representante Legal del Interventor o su Apoderado
H92: Matricula No. :

Sheet APU 2.2.1
B1: Formulario 1 - Propuesta económica - Documento tipo de selección abreviada de menor cuantía
B2: Versión: 1 del 21 de agosto de 2025
C5: [La entidad podrá utilizar este formato para la presentación de los análisis de precios unitarios el contratista en la oportunidad prevista en el numeral 8.2. del Documento Base]
D8: =DATOS!B17 -> MUNICIPIO DE HACARÍ - DEPARTAMENTO NORTE DE SANTANDER
L9: VERSIÓN
D10: =DATOS!B8 -> HA-SA-003-2026
L11: PÁGINA | M11: 1 | N11: DE | O11: 1
D13: ANALISIS DE PRECIOS UNITARIOS
L15: FECHA | M15: DD | N15: MM | O15: AA
M16: 26 | N16: 5 | O16: 2026
C17: ITEMS DE LA PROPUESTA ECONÓMICA | G17: X | I17: ITEMS NO PREVISTOS
C21: DATOS ESPECÍFICOS
C23: ITEM | D23: DESCRIPCIÓN | M23: UNIDAD | O23: CANTIDAD
C24: 2.2.1 | D24: CONCRETO PARA VIGAS DE CIMENTACIÓN 3000 PSI (INCLUYE TODO LO NECESARIO PARA SU CORRECTA EJECUCIÓN) | M24: M3 | O24: ='PRESUPUESTO OFICIAL (Entidad)'!I36 -> 2.28
C25: I. EQUIPO
C28: DESCRIPCIÓN | H28: MARCA | J28: TIPO | L28: TARIFA/HORA | M28: RENDIMIENTO | O28: Vr. UNITARIO
C29: Herramienta menor (5% mano de obra) | O29: =5%*O59 -> 11700
C30: Mezcladora de concreto | L30: =80000/8 -> 10000 | M30: 0.5 | O30: =L30/M30 -> 20000
C31: Vibrador de concreto | L31: =80000/8 -> 10000 | M31: 0.5 | O31: =L31/M31 -> 20000
C32: SUBTOTAL $ | O32: =SUM(O29:O31) -> 51700
C33: II. MATERIALES
C36: DESCRIPCIÓN | K36: UNIDAD | L36: CANTIDAD | M36: PRECIO UNIT. | O36: Vr. UNITARIO
C37: Cemento gris | K37: Kg | L37: 350 | M37: 800 | O37: =L37*M37 -> 280000
C38: Arena lavada | K38: M3 | L38: 0.6 | M38: 160000 | O38: =L38*M38 -> 96000
C39: Triturado | K39: M3 | L39: 0.9 | M39: 220000 | O39: =L39*M39 -> 198000
C40: Agua | K40: Lt | L40: 160 | M40: 49.9 | O40: =L40*M40 -> 7984
C41: Tabla de madera (3,00x0,30x0,02 m) | K41: Docena | L41: 0.2 | M41: 350000 | O41: =L41*M41 -> 70000
C42: Puntilla 2-1/2" | K42: Lb | L42: 0.2 | M42: 7000 | O42: =L42*M42 -> 1400
C43: SUBTOTAL $ | O43: =SUM(O37:O42) -> 653384
C44: III. TRANSPORTES
C47: MATERIAL | J47: VOL. o PESO | K47: DISTANCIA | L47: M3 o Ton/Km | M47: TARIFA | O47: Vr. UNITARIO
C48: Transporte (15% materiales en obra) | O48: =15%*O43 -> 98007.6
C50: SUBTOTAL $ | O50: =SUM(O48:O49) -> 98007.6
C51: IV. MANO DE OBRA
C54: TRABAJADOR | J54: JORNAL | K54: PRESTACIONES | L54: JORNAL TOTAL | M54: RENDIMIENTO | O54: Vr. UNITARIO
C55: Ayudante de construcción | J55: 85000 | K55: 1.95 | L55: =J55*K55 -> 165750 | M55: 1.7 | O55: =L55/M55 -> 97500
C56: Oficial de construcción | J56: 140000 | K56: 1.95 | L56: =J56*K56 -> 273000 | M56: 2 | O56: =L56/M56 -> 136500
C59: SUBTOTAL $ | O59: =SUM(O55:O58) -> 234000
C61: TOTAL COSTO DIRECTO $ | O61: =ROUND((O32+O43+O50+O59),2) -> 1037091.6
C62: V. COSTOS INDIRECTOS
C65: Descripción | L65: Porcentaje | M65: Total Costo Directo | O65: Valor Total
C66: ADMINISTRACION | L66: 0.25 | M66: =O$61 -> 1037091.6 | O66: =L66*M66 -> 259272.9
C67: IMPREVISTOS | L67: 0.01 | M67: =O$61 -> 1037091.6 | O67: =L67*M67 -> 10370.916
C68: UTILIDAD | L68: 0.04 | M68: =O$61 -> 1037091.6 | O68: =L68*M68 -> 41483.664
C69: SUBTOTAL $ | O69: =ROUND(SUM(O66:O68),2) -> 311127.48
C71: Precio Unitario Total Aproximado al peso $ | O71: =ROUND((O61+O69),0) -> 1348219
H75: Firma
H76: Nombre:
H77: Representante Legal del Contratista o su Apoderado
H78: Matricula No. :
C80: OBSERVACIONES INTERVENTORÍA
C84: APROBACIÓN POR INTERVENTORÍA
C85: Nota 1: Cuando se trate de Análisis de precios unitarios correspondientes a ítems de la propuesta económica aprobada, el Interventor aprueba el desglose de los componentes manteniendo el mismo precio unitario de cada ítem, cumpliendo con las especificaciones de construcción vigentes para el proyecto.
C87: Nota 2: Cuando se trate de Análisis de precios unitarios de ítems no previstos, el Interventor aprueba el desglose y precio unitario de cada ítem no previsto, exigiendo la aplicación de los costos correspondientes a insumos y tarifas de la propuesta económica inicial cuando estén contemplados, cumpliendo con las especificaciones de construcción vigente para el proyecto.
H90: Firma
H91: Nombre:
H92: Representante Legal del Interventor o su Apoderado
H93: Matricula No. :

Sheet APU 2.2.2
B1: Formulario 1 - Propuesta económica - Documento tipo de selección abreviada de menor cuantía
B2: Versión: 1 del 21 de agosto de 2025
C5: [La entidad podrá utilizar este formato para la presentación de los análisis de precios unitarios el contratista en la oportunidad prevista en el numeral 8.2. del Documento Base]
D8: =DATOS!B17 -> MUNICIPIO DE HACARÍ - DEPARTAMENTO NORTE DE SANTANDER
L9: VERSIÓN
D10: =DATOS!B8 -> HA-SA-003-2026
L11: PÁGINA | M11: 1 | N11: DE | O11: 1
D13: ANALISIS DE PRECIOS UNITARIOS
L15: FECHA | M15: DD | N15: MM | O15: AA
M16: 26 | N16: 5 | O16: 2026
C17: ITEMS DE LA PROPUESTA ECONÓMICA | G17: X | I17: ITEMS NO PREVISTOS
C21: DATOS ESPECÍFICOS
C23: ITEM | D23: DESCRIPCIÓN | M23: UNIDAD | O23: CANTIDAD
C24: 2.2.2 | D24: PLACA CONTRAPISO DE 8 CM - CONCRETO 3000 PSI. INCLUYE CORTE Y DILATACION | M24: M2 | O24: ='PRESUPUESTO OFICIAL (Entidad)'!I37 -> 54.59
C25: I. EQUIPO
C28: DESCRIPCIÓN | H28: MARCA | J28: TIPO | L28: TARIFA/HORA | M28: RENDIMIENTO | O28: Vr. UNITARIO
C29: Herramienta menor (5% mano de obra) | O29: =5%*O57 -> 1096.875
C30: Mezcladora de concreto | L30: =80000/8 -> 10000 | M30: 10.875664 | O30: =L30/M30 -> 919.48407
C31: Vibrador de concreto | L31: =80000/8 -> 10000 | M31: 11 | O31: =L31/M31 -> 909.09091
C32: SUBTOTAL $ | O32: =SUM(O29:O31) -> 2925.45
C33: II. MATERIALES
C36: DESCRIPCIÓN | K36: UNIDAD | L36: CANTIDAD | M36: PRECIO UNIT. | O36: Vr. UNITARIO
C37: Cemento gris | K37: Kg | L37: 28 | M37: 800 | O37: =L37*M37 -> 22400
C38: Arena lavada | K38: M3 | L38: 0.048 | M38: 160000 | O38: =L38*M38 -> 7680
C39: Triturado | K39: M3 | L39: 0.072 | M39: 220000 | O39: =L39*M39 -> 15840
C40: Agua | K40: Lt | L40: 12.8 | M40: 49.9 | O40: =L40*M40 -> 638.72
C41: SUBTOTAL $ | O41: =SUM(O37:O40) -> 46558.72
C42: III. TRANSPORTES
C45: MATERIAL | J45: VOL. o PESO | K45: DISTANCIA | L45: M3 o Ton/Km | M45: TARIFA | O45: Vr. UNITARIO
C46: Transporte (15% materiales en obra) | O46: =15%*O41 -> 6983.808
C48: SUBTOTAL $ | O48: =SUM(O46:O47) -> 6983.808
C49: IV. MANO DE OBRA
C52: TRABAJADOR | J52: JORNAL | K52: PRESTACIONES | L52: JORNAL TOTAL | M52: RENDIMIENTO | O52: Vr. UNITARIO
C53: Ayudante de construcción | J53: 85000 | K53: 1.95 | L53: =J53*K53 -> 165750 | M53: 20 | O53: =L53/M53 -> 8287.5
C54: Oficial de construcción | J54: 140000 | K54: 1.95 | L54: =J54*K54 -> 273000 | M54: 20 | O54: =L54/M54 -> 13650
C57: SUBTOTAL $ | O57: =SUM(O53:O56) -> 21937.5
C59: TOTAL COSTO DIRECTO $ | O59: =ROUND((O32+O41+O48+O57),2) -> 78405.48
C60: V. COSTOS INDIRECTOS
C63: Descripción | L63: Porcentaje | M63: Total Costo Directo | O63: Valor Total
C64: ADMINISTRACION | L64: 0.25 | M64: =O$59 -> 78405.48 | O64: =L64*M64 -> 19601.37
C65: IMPREVISTOS | L65: 0.01 | M65: =O$59 -> 78405.48 | O65: =L65*M65 -> 784.0548
C66: UTILIDAD | L66: 0.04 | M66: =O$59 -> 78405.48 | O66: =L66*M66 -> 3136.2192
C67: SUBTOTAL $ | O67: =ROUND(SUM(O64:O66),2) -> 23521.64
C69: Precio Unitario Total Aproximado al peso $ | O69: =ROUND((O59+O67),0) -> 101927
H73: Firma
H74: Nombre:
H75: Representante Legal del Contratista o su Apoderado
H76: Matricula No. :
C78: OBSERVACIONES INTERVENTORÍA
C82: APROBACIÓN POR INTERVENTORÍA
C83: Nota 1: Cuando se trate de Análisis de precios unitarios correspondientes a ítems de la propuesta económica aprobada, el Interventor aprueba el desglose de los componentes manteniendo el mismo precio unitario de cada ítem, cumpliendo con las especificaciones de construcción vigentes para el proyecto.
C85: Nota 2: Cuando se trate de Análisis de precios unitarios de ítems no previstos, el Interventor aprueba el desglose y precio unitario de cada ítem no previsto, exigiendo la aplicación de los costos correspondientes a insumos y tarifas de la propuesta económica inicial cuando estén contemplados, cumpliendo con las especificaciones de construcción vigente para el proyecto.
H88: Firma
H89: Nombre:
H90: Representante Legal del Interventor o su Apoderado
H91: Matricula No. :

Sheet APU 2.2.3
B1: Formulario 1 - Propuesta económica - Documento tipo de selección abreviada de menor cuantía
B2: Versión: 1 del 21 de agosto de 2025
C5: [La entidad podrá utilizar este formato para la presentación de los análisis de precios unitarios el contratista en la oportunidad prevista en el numeral 8.2. del Documento Base]
D8: =DATOS!B17 -> MUNICIPIO DE HACARÍ - DEPARTAMENTO NORTE DE SANTANDER
L9: VERSIÓN
D10: =DATOS!B8 -> HA-SA-003-2026
L11: PÁGINA | M11: 1 | N11: DE | O11: 1
D13: ANALISIS DE PRECIOS UNITARIOS
L15: FECHA | M15: DD | N15: MM | O15: AA
M16: 26 | N16: 5 | O16: 2026
C17: ITEMS DE LA PROPUESTA ECONÓMICA | G17: X | I17: ITEMS NO PREVISTOS
C21: DATOS ESPECÍFICOS
C23: ITEM | D23: DESCRIPCIÓN | M23: UNIDAD | O23: CANTIDAD
C24: 2.2.3 | D24: PLACA CONTRAPISO DE 15 CM - CONCRETO 3000 PSI. INCLUYE CORTE Y DILATACION (INCLUYE ACERO DE REFUERZO) | M24: M2 | O24: ='PRESUPUESTO OFICIAL (Entidad)'!I38 -> 60.77
C25: I. EQUIPO
C28: DESCRIPCIÓN | H28: MARCA | J28: TIPO | L28: TARIFA/HORA | M28: RENDIMIENTO | O28: Vr. UNITARIO
C29: Herramienta menor (5% mano de obra) | O29: =5%*O57 -> 1828.125
C30: Mezcladora de concreto | L30: =80000/8 -> 10000 | M30: 2.0192314 | O30: =L30/M30 -> 4952.3793
C31: Vibrador de concreto | L31: =80000/8 -> 10000 | M31: 1.75 | O31: =L31/M31 -> 5714.2857
C32: SUBTOTAL $ | O32: =SUM(O29:O31) -> 12494.79
C33: II. MATERIALES
C36: DESCRIPCIÓN | K36: UNIDAD | L36: CANTIDAD | M36: PRECIO UNIT. | O36: Vr. UNITARIO
C37: Cemento gris | K37: Kg | L37: 52.5 | M37: 800 | O37: =L37*M37 -> 42000
C38: Arena lavada | K38: M3 | L38: 0.09 | M38: 160000 | O38: =L38*M38 -> 14400
C39: Triturado | K39: M3 | L39: 0.135 | M39: 220000 | O39: =L39*M39 -> 29700
C40: Agua | K40: Lt | L40: 24 | M40: 49.9 | O40: =L40*M40 -> 1197.6
C41: SUBTOTAL $ | O41: =SUM(O37:O40) -> 87297.6
C42: III. TRANSPORTES
C45: MATERIAL | J45: VOL. o PESO | K45: DISTANCIA | L45: M3 o Ton/Km | M45: TARIFA | O45: Vr. UNITARIO
C46: Transporte (15% materiales en obra) | O46: =15%*O41 -> 13094.64
C48: SUBTOTAL $ | O48: =SUM(O46:O47) -> 13094.64
C49: IV. MANO DE OBRA
C52: TRABAJADOR | J52: JORNAL | K52: PRESTACIONES | L52: JORNAL TOTAL | M52: RENDIMIENTO | O52: Vr. UNITARIO
C53: Ayudante de construcción | J53: 85000 | K53: 1.95 | L53: =J53*K53 -> 165750 | M53: 12 | O53: =L53/M53 -> 13812.5
C54: Oficial de construcción | J54: 140000 | K54: 1.95 | L54: =J54*K54 -> 273000 | M54: 12 | O54: =L54/M54 -> 22750
C57: SUBTOTAL $ | O57: =SUM(O53:O56) -> 36562.5
C59: TOTAL COSTO DIRECTO $ | O59: =ROUND((O32+O41+O48+O57),2) -> 149449.53
C60: V. COSTOS INDIRECTOS
C63: Descripción | L63: Porcentaje | M63: Total Costo Directo | O63: Valor Total
C64: ADMINISTRACION | L64: 0.25 | M64: =O$59 -> 149449.53 | O64: =L64*M64 -> 37362.382
C65: IMPREVISTOS | L65: 0.01 | M65: =O$59 -> 149449.53 | O65: =L65*M65 -> 1494.4953
C66: UTILIDAD | L66: 0.04 | M66: =O$59 -> 149449.53 | O66: =L66*M66 -> 5977.9812
C67: SUBTOTAL $ | O67: =ROUND(SUM(O64:O66),2) -> 44834.86
C69: Precio Unitario Total Aproximado al peso $ | O69: =ROUND((O59+O67),0) -> 194284
H73: Firma
H74: Nombre:
H75: Representante Legal del Contratista o su Apoderado
H76: Matricula No. :
C78: OBSERVACIONES INTERVENTORÍA
C82: APROBACIÓN POR INTERVENTORÍA
C83: Nota 1: Cuando se trate de Análisis de precios unitarios correspondientes a ítems de la propuesta económica aprobada, el Interventor aprueba el desglose de los componentes manteniendo el mismo precio unitario de cada ítem, cumpliendo con las especificaciones de construcción vigentes para el proyecto.
C85: Nota 2: Cuando se trate de Análisis de precios unitarios de ítems no previstos, el Interventor aprueba el desglose y precio unitario de cada ítem no previsto, exigiendo la aplicación de los costos correspondientes a insumos y tarifas de la propuesta económica inicial cuando estén contemplados, cumpliendo con las especificaciones de construcción vigente para el proyecto.
H88: Firma
H89: Nombre:
H90: Representante Legal del Interventor o su Apoderado
H91: Matricula No. :

Sheet APU 2.3.1
B1: Formulario 1 - Propuesta económica - Documento tipo de selección abreviada de menor cuantía
B2: Versión: 1 del 21 de agosto de 2025
C5: [La entidad podrá utilizar este formato para la presentación de los análisis de precios unitarios el contratista en la oportunidad prevista en el numeral 8.2. del Documento Base]
D8: =DATOS!B17 -> MUNICIPIO DE HACARÍ - DEPARTAMENTO NORTE DE SANTANDER
L9: VERSIÓN
D10: =DATOS!B8 -> HA-SA-003-2026
L11: PÁGINA | M11: 1 | N11: DE | O11: 1
D13: ANALISIS DE PRECIOS UNITARIOS
L15: FECHA | M15: DD | N15: MM | O15: AA
M16: 26 | N16: 5 | O16: 2026
C17: ITEMS DE LA PROPUESTA ECONÓMICA | G17: X | I17: ITEMS NO PREVISTOS
C21: DATOS ESPECÍFICOS
C23: ITEM | D23: DESCRIPCIÓN | M23: UNIDAD | O23: CANTIDAD
C24: 2.3.1 | D24: SUMINISTRO E INSTALACIÓN ACERO DE REFUERZO 60000 PSI | M24: KG | O24: ='PRESUPUESTO OFICIAL (Entidad)'!I42 -> 451.55
C25: I. EQUIPO
C28: DESCRIPCIÓN | H28: MARCA | J28: TIPO | L28: TARIFA/HORA | M28: RENDIMIENTO | O28: Vr. UNITARIO
C29: Herramienta menor (5% mano de obra) | O29: =5%*O57 -> 151.12501
C30: Cizalla | L30: =15000/8 -> 1875 | M30: 13.042996 | O30: =L30/M30 -> 143.75532
C31: Dobladora | L31: =15000/8 -> 1875 | M31: 12 | O31: =L31/M31 -> 156.25
C32: SUBTOTAL $ | O32: =SUM(O29:O31) -> 451.13033
C33: II. MATERIALES
C36: DESCRIPCIÓN | K36: UNIDAD | L36: CANTIDAD | M36: PRECIO UNIT. | O36: Vr. UNITARIO
C37: Varilla corrugada de 1/2" | K37: Kg | L37: 1 | M37: =28000/(0.994*6) -> 4694.8357 | O37: =L37*M37 -> 4694.8357
C38: Alambre negro | K38: Kg | L38: 0.03 | M38: 8000 | O38: =L38*M38 -> 240
O39: =L39*M39 -> 0
O40: =L40*M40 -> 0
C41: SUBTOTAL $ | O41: =SUM(O37:O40) -> 4934.8357
C42: III. TRANSPORTES
C45: MATERIAL | J45: VOL. o PESO | K45: DISTANCIA | L45: M3 o Ton/Km | M45: TARIFA | O45: Vr. UNITARIO
C46: Transporte (15% materiales en obra) | O46: =15%*O41 -> 740.22535
C48: SUBTOTAL $ | O48: =SUM(O46:O47) -> 740.22535
C49: IV. MANO DE OBRA
C52: TRABAJADOR | J52: JORNAL | K52: PRESTACIONES | L52: JORNAL TOTAL | M52: RENDIMIENTO | O52: Vr. UNITARIO
C53: Ayudante de construcción | J53: 85000 | K53: 1.95 | L53: =J53*K53 -> 165750 | M53: 145.42771 | O53: =L53/M53 -> 1139.7415
C54: Oficial de construcción | J54: 140000 | K54: 1.95 | L54: =J54*K54 -> 273000 | M54: 145 | O54: =L54/M54 -> 1882.7586
C57: SUBTOTAL $ | O57: =SUM(O53:O56) -> 3022.5002
C59: TOTAL COSTO DIRECTO $ | O59: =ROUND((O32+O41+O48+O57),2) -> 9148.69
C60: V. COSTOS INDIRECTOS
C63: Descripción | L63: Porcentaje | M63: Total Costo Directo | O63: Valor Total
C64: ADMINISTRACION | L64: 0.25 | M64: =O$59 -> 9148.69 | O64: =L64*M64 -> 2287.1725
C65: IMPREVISTOS | L65: 0.01 | M65: =O$59 -> 9148.69 | O65: =L65*M65 -> 91.4869
C66: UTILIDAD | L66: 0.04 | M66: =O$59 -> 9148.69 | O66: =L66*M66 -> 365.9476
C67: SUBTOTAL $ | O67: =ROUND(SUM(O64:O66),2) -> 2744.61
C69: Precio Unitario Total Aproximado al peso $ | O69: =ROUND((O59+O67),0) -> 11893
H73: Firma
H74: Nombre:
H75: Representante Legal del Contratista o su Apoderado
H76: Matricula No. :
C78: OBSERVACIONES INTERVENTORÍA
C82: APROBACIÓN POR INTERVENTORÍA
C83: Nota 1: Cuando se trate de Análisis de precios unitarios correspondientes a ítems de la propuesta económica aprobada, el Interventor aprueba el desglose de los componentes manteniendo el mismo precio unitario de cada ítem, cumpliendo con las especificaciones de construcción vigentes para el proyecto.
C85: Nota 2: Cuando se trate de Análisis de precios unitarios de ítems no previstos, el Interventor aprueba el desglose y precio unitario de cada ítem no previsto, exigiendo la aplicación de los costos correspondientes a insumos y tarifas de la propuesta económica inicial cuando estén contemplados, cumpliendo con las especificaciones de construcción vigente para el proyecto.
H88: Firma
H89: Nombre:
H90: Representante Legal del Interventor o su Apoderado
H91: Matricula No. :

Sheet APU 3.1.1
B1: Formulario 1 - Propuesta económica - Documento tipo de selección abreviada de menor cuantía
B2: Versión: 1 del 21 de agosto de 2025
C5: [La entidad podrá utilizar este formato para la presentación de los análisis de precios unitarios el contratista en la oportunidad prevista en el numeral 8.2. del Documento Base]
D8: =DATOS!B17 -> MUNICIPIO DE HACARÍ - DEPARTAMENTO NORTE DE SANTANDER
L9: VERSIÓN
D10: =DATOS!B8 -> HA-SA-003-2026
L11: PÁGINA | M11: 1 | N11: DE | O11: 1
D13: ANALISIS DE PRECIOS UNITARIOS
L15: FECHA | M15: DD | N15: MM | O15: AA
M16: 26 | N16: 5 | O16: 2026
C17: ITEMS DE LA PROPUESTA ECONÓMICA | G17: X | I17: ITEMS NO PREVISTOS
C21: DATOS ESPECÍFICOS
C23: ITEM | D23: DESCRIPCIÓN | M23: UNIDAD | O23: CANTIDAD
C24: 3.1.1 | D24: COLUMNAS EN CONCRETO DE 3000 PSI | M24: M3 | O24: ='PRESUPUESTO OFICIAL (Entidad)'!I47 -> 0.86
C25: I. EQUIPO
C28: DESCRIPCIÓN | H28: MARCA | J28: TIPO | L28: TARIFA/HORA | M28: RENDIMIENTO | O28: Vr. UNITARIO
C29: Herramienta menor (5% mano de obra) | O29: =5%*O59 -> 11700
C30: Mezcladora de concreto | L30: =80000/8 -> 10000 | M30: 0.5 | O30: =L30/M30 -> 20000
C31: Vibrador de concreto | L31: =80000/8 -> 10000 | M31: 0.5 | O31: =L31/M31 -> 20000
C32: SUBTOTAL $ | O32: =SUM(O29:O31) -> 51700
C33: II. MATERIALES
C36: DESCRIPCIÓN | K36: UNIDAD | L36: CANTIDAD | M36: PRECIO UNIT. | O36: Vr. UNITARIO
C37: Cemento gris | K37: Kg | L37: 350 | M37: 800 | O37: =L37*M37 -> 280000
C38: Arena lavada | K38: M3 | L38: 0.6 | M38: 160000 | O38: =L38*M38 -> 96000
C39: Triturado | K39: M3 | L39: 0.9 | M39: 220000 | O39: =L39*M39 -> 198000
C40: Agua | K40: Lt | L40: 160 | M40: 49.9 | O40: =L40*M40 -> 7984
C41: Tabla de madera (3,00x0,30x0,02 m) | K41: Docena | L41: 0.6 | M41: 350000 | O41: =L41*M41 -> 210000
C42: Puntilla 2-1/2" | K42: Lb | L42: 0.2 | M42: 7000 | O42: =L42*M42 -> 1400
C43: SUBTOTAL $ | O43: =SUM(O37:O42) -> 793384
C44: III. TRANSPORTES
C47: MATERIAL | J47: VOL. o PESO | K47: DISTANCIA | L47: M3 o Ton/Km | M47: TARIFA | O47: Vr. UNITARIO
C48: Transporte (15% materiales en obra) | O48: =15%*O43 -> 119007.6
C50: SUBTOTAL $ | O50: =SUM(O48:O49) -> 119007.6
C51: IV. MANO DE OBRA
C54: TRABAJADOR | J54: JORNAL | K54: PRESTACIONES | L54: JORNAL TOTAL | M54: RENDIMIENTO | O54: Vr. UNITARIO
C55: Ayudante de construcción | J55: 85000 | K55: 1.95 | L55: =J55*K55 -> 165750 | M55: 1.7 | O55: =L55/M55 -> 97500
C56: Oficial de construcción | J56: 140000 | K56: 1.95 | L56: =J56*K56 -> 273000 | M56: 2 | O56: =L56/M56 -> 136500
C59: SUBTOTAL $ | O59: =SUM(O55:O58) -> 234000
C61: TOTAL COSTO DIRECTO $ | O61: =ROUND((O32+O43+O50+O59),2) -> 1198091.6
C62: V. COSTOS INDIRECTOS
C65: Descripción | L65: Porcentaje | M65: Total Costo Directo | O65: Valor Total
C66: ADMINISTRACION | L66: 0.25 | M66: =O$61 -> 1198091.6 | O66: =L66*M66 -> 299522.9
C67: IMPREVISTOS | L67: 0.01 | M67: =O$61 -> 1198091.6 | O67: =L67*M67 -> 11980.916
C68: UTILIDAD | L68: 0.04 | M68: =O$61 -> 1198091.6 | O68: =L68*M68 -> 47923.664
C69: SUBTOTAL $ | O69: =ROUND(SUM(O66:O68),2) -> 359427.48
C71: Precio Unitario Total Aproximado al peso $ | O71: =ROUND((O61+O69),0) -> 1557519
H75: Firma
H76: Nombre:
H77: Representante Legal del Contratista o su Apoderado
H78: Matricula No. :
C80: OBSERVACIONES INTERVENTORÍA
C84: APROBACIÓN POR INTERVENTORÍA
C85: Nota 1: Cuando se trate de Análisis de precios unitarios correspondientes a ítems de la propuesta económica aprobada, el Interventor aprueba el desglose de los componentes manteniendo el mismo precio unitario de cada ítem, cumpliendo con las especificaciones de construcción vigentes para el proyecto.
C87: Nota 2: Cuando se trate de Análisis de precios unitarios de ítems no previstos, el Interventor aprueba el desglose y precio unitario de cada ítem no previsto, exigiendo la aplicación de los costos correspondientes a insumos y tarifas de la propuesta económica inicial cuando estén contemplados, cumpliendo con las especificaciones de construcción vigente para el proyecto.
H90: Firma
H91: Nombre:
H92: Representante Legal del Interventor o su Apoderado
H93: Matricula No. :

Sheet APU 4.1.1
B1: Formulario 1 - Propuesta económica - Documento tipo de selección abreviada de menor cuantía
B2: Versión: 1 del 21 de agosto de 2025
C5: [La entidad podrá utilizar este formato para la presentación de los análisis de precios unitarios el contratista en la oportunidad prevista en el numeral 8.2. del Documento Base]
D8: =DATOS!B17 -> MUNICIPIO DE HACARÍ - DEPARTAMENTO NORTE DE SANTANDER
L9: VERSIÓN
D10: =DATOS!B8 -> HA-SA-003-2026
L11: PÁGINA | M11: 1 | N11: DE | O11: 1
D13: ANALISIS DE PRECIOS UNITARIOS
L15: FECHA | M15: DD | N15: MM | O15: AA
M16: 26 | N16: 5 | O16: 2026
C17: ITEMS DE LA PROPUESTA ECONÓMICA | G17: X | I17: ITEMS NO PREVISTOS
C21: DATOS ESPECÍFICOS
C23: ITEM | D23: DESCRIPCIÓN | M23: UNIDAD | O23: CANTIDAD
C24: 4.1.1 | D24: MURO EN LADRILLO TOLETE PRENSADO E = 12CM | M24: M2 | O24: ='PRESUPUESTO OFICIAL (Entidad)'!I52 -> 18.77
C25: I. EQUIPO
C28: DESCRIPCIÓN | H28: MARCA | J28: TIPO | L28: TARIFA/HORA | M28: RENDIMIENTO | O28: Vr. UNITARIO
C29: Herramienta menor (5% mano de obra) | O29: =5%*O57 -> 755.62504
C32: SUBTOTAL $ | O32: =SUM(O29:O31) -> 755.62504
C33: II. MATERIALES
C36: DESCRIPCIÓN | K36: UNIDAD | L36: CANTIDAD | M36: PRECIO UNIT. | O36: Vr. UNITARIO
C37: Ladrillo tolete prensado (23x12x7 cm), E: 10 cm | K37: Und | L37: 30 | M37: 1800 | O37: =L37*M37 -> 54000
C38: Mortero 1:4 | K38: M3 | L38: 0.04 | M38: 500000 | O38: =L38*M38 -> 20000
O39: =L39*M39 -> 0
O40: =L40*M40 -> 0
C41: SUBTOTAL $ | O41: =SUM(O37:O40) -> 74000
C42: III. TRANSPORTES
C45: MATERIAL | J45: VOL. o PESO | K45: DISTANCIA | L45: M3 o Ton/Km | M45: TARIFA | O45: Vr. UNITARIO
C46: Transporte (15% materiales en obra) | O46: =15%*O41 -> 11100
C48: SUBTOTAL $ | O48: =SUM(O46:O47) -> 11100
C49: IV. MANO DE OBRA
C52: TRABAJADOR | J52: JORNAL | K52: PRESTACIONES | L52: JORNAL TOTAL | M52: RENDIMIENTO | O52: Vr. UNITARIO
C53: Ayudante de construcción | J53: 85000 | K53: 1.95 | L53: =J53*K53 -> 165750 | M53: 29.085541 | O53: =L53/M53 -> 5698.7077
C54: Oficial de construcción | J54: 140000 | K54: 1.95 | L54: =J54*K54 -> 273000 | M54: 29 | O54: =L54/M54 -> 9413.7931
C57: SUBTOTAL $ | O57: =SUM(O53:O56) -> 15112.501
C59: TOTAL COSTO DIRECTO $ | O59: =ROUND((O32+O41+O48+O57),2) -> 100968.13
C60: V. COSTOS INDIRECTOS
C63: Descripción | L63: Porcentaje | M63: Total Costo Directo | O63: Valor Total
C64: ADMINISTRACION | L64: 0.25 | M64: =O$59 -> 100968.13 | O64: =L64*M64 -> 25242.033
C65: IMPREVISTOS | L65: 0.01 | M65: =O$59 -> 100968.13 | O65: =L65*M65 -> 1009.6813
C66: UTILIDAD | L66: 0.04 | M66: =O$59 -> 100968.13 | O66: =L66*M66 -> 4038.7252
C67: SUBTOTAL $ | O67: =ROUND(SUM(O64:O66),2) -> 30290.44
C69: Precio Unitario Total Aproximado al peso $ | O69: =ROUND((O59+O67),0) -> 131259
H73: Firma
H74: Nombre:
H75: Representante Legal del Contratista o su Apoderado
H76: Matricula No. :
C78: OBSERVACIONES INTERVENTORÍA
C82: APROBACIÓN POR INTERVENTORÍA
C83: Nota 1: Cuando se trate de Análisis de precios unitarios correspondientes a ítems de la propuesta económica aprobada, el Interventor aprueba el desglose de los componentes manteniendo el mismo precio unitario de cada ítem, cumpliendo con las especificaciones de construcción vigentes para el proyecto.
C85: Nota 2: Cuando se trate de Análisis de precios unitarios de ítems no previstos, el Interventor aprueba el desglose y precio unitario de cada ítem no previsto, exigiendo la aplicación de los costos correspondientes a insumos y tarifas de la propuesta económica inicial cuando estén contemplados, cumpliendo con las especificaciones de construcción vigente para el proyecto.
H88: Firma
H89: Nombre:
H90: Representante Legal del Interventor o su Apoderado
H91: Matricula No. :

Sheet APU 4.2.1
B1: Formulario 1 - Propuesta económica - Documento tipo de selección abreviada de menor cuantía
B2: Versión: 1 del 21 de agosto de 2025
C5: [La entidad podrá utilizar este formato para la presentación de los análisis de precios unitarios el contratista en la oportunidad prevista en el numeral 8.2. del Documento Base]
D8: =DATOS!B17 -> MUNICIPIO DE HACARÍ - DEPARTAMENTO NORTE DE SANTANDER
L9: VERSIÓN
D10: =DATOS!B8 -> HA-SA-003-2026
L11: PÁGINA | M11: 1 | N11: DE | O11: 1
D13: ANALISIS DE PRECIOS UNITARIOS
L15: FECHA | M15: DD | N15: MM | O15: AA
M16: 26 | N16: 5 | O16: 2026
C17: ITEMS DE LA PROPUESTA ECONÓMICA | G17: X | I17: ITEMS NO PREVISTOS
C21: DATOS ESPECÍFICOS
C23: ITEM | D23: DESCRIPCIÓN | M23: UNIDAD | O23: CANTIDAD
C24: 4.2.1 | D24: VIGA Y/O COLUMNETA DE CONFINAMIENTO DE CONCRETO DE 3000 PSI DE .10 X .20 .(INCLUYE ACERO) | M24: M | O24: ='PRESUPUESTO OFICIAL (Entidad)'!I56 -> 16.51
C25: I. EQUIPO
C28: DESCRIPCIÓN | H28: MARCA | J28: TIPO | L28: TARIFA/HORA | M28: RENDIMIENTO | O28: Vr. UNITARIO
C29: Herramienta menor (5% mano de obra) | O29: =5%*O58 -> 1007.5
C30: Andamio tubular | L30: =8000/8 -> 1000 | M30: 1.2500001 | O30: =L30/M30 -> 799.99997
C32: SUBTOTAL $ | O32: =SUM(O29:O31) -> 1807.5
C33: II. MATERIALES
C36: DESCRIPCIÓN | K36: UNIDAD | L36: CANTIDAD | M36: PRECIO UNIT. | O36: Vr. UNITARIO
C37: Tabla en madera (3x0,30x0,02 m) | K37: Und | L37: 1 | M37: 29166.67 | O37: =L37*M37 -> 29166.67
C38: Puntilla de 2-1/2" | K38: Kg | L38: 0.03 | M38: 13000 | O38: =L38*M38 -> 390
C39: Concreto 3000 PSI | K39: M3 | L39: 0.02 | M39: 954982 | O39: =L39*M39 -> 19099.64
C40: Acero de refuerzo 3/8" | K40: Kg | L40: 2.24 | M40: 5357.14 | O40: =L40*M40 -> 11999.994
C41: estribos | K41: und | L41: 5 | M41: 2000 | O41: =L41*M41 -> 10000
C42: SUBTOTAL $ | O42: =SUM(O37:O41) -> 70656.304
C43: III. TRANSPORTES
C46: MATERIAL | J46: VOL. o PESO | K46: DISTANCIA | L46: M3 o Ton/Km | M46: TARIFA | O46: Vr. UNITARIO
C47: Transporte (15% materiales en obra) | O47: =15%*O42 -> 10598.446
C49: SUBTOTAL $ | O49: =SUM(O47:O48) -> 10598.446
C50: IV. MANO DE OBRA
C53: TRABAJADOR | J53: JORNAL | K53: PRESTACIONES | L53: JORNAL TOTAL | M53: RENDIMIENTO | O53: Vr. UNITARIO
C54: Ayudante de construcción | J54: 85000 | K54: 1.95 | L54: =J54*K54 -> 165750 | M54: 21.731822 | O54: =L54/M54 -> 7627.0642
C55: Oficial de construcción | J55: 140000 | K55: 1.95 | L55: =J55*K55 -> 273000 | M55: 21.8 | O55: =L55/M55 -> 12522.936
C58: SUBTOTAL $ | O58: =SUM(O54:O57) -> 20150
C60: TOTAL COSTO DIRECTO $ | O60: =ROUND((O32+O42+O49+O58),2) -> 103212.25
C61: V. COSTOS INDIRECTOS
C64: Descripción | L64: Porcentaje | M64: Total Costo Directo | O64: Valor Total
C65: ADMINISTRACION | L65: 0.25 | M65: =O$60 -> 103212.25 | O65: =L65*M65 -> 25803.062
C66: IMPREVISTOS | L66: 0.01 | M66: =O$60 -> 103212.25 | O66: =L66*M66 -> 1032.1225
C67: UTILIDAD | L67: 0.04 | M67: =O$60 -> 103212.25 | O67: =L67*M67 -> 4128.49
C68: SUBTOTAL $ | O68: =ROUND(SUM(O65:O67),2) -> 30963.68
C70: Precio Unitario Total Aproximado al peso $ | O70: =ROUND((O60+O68),0) -> 134176
H74: Firma
H75: Nombre:
H76: Representante Legal del Contratista o su Apoderado
H77: Matricula No. :
C79: OBSERVACIONES INTERVENTORÍA
C83: APROBACIÓN POR INTERVENTORÍA
C84: Nota 1: Cuando se trate de Análisis de precios unitarios correspondientes a ítems de la propuesta económica aprobada, el Interventor aprueba el desglose de los componentes manteniendo el mismo precio unitario de cada ítem, cumpliendo con las especificaciones de construcción vigentes para el proyecto.
C86: Nota 2: Cuando se trate de Análisis de precios unitarios de ítems no previstos, el Interventor aprueba el desglose y precio unitario de cada ítem no previsto, exigiendo la aplicación de los costos correspondientes a insumos y tarifas de la propuesta económica inicial cuando estén contemplados, cumpliendo con las especificaciones de construcción vigente para el proyecto.
H89: Firma
H90: Nombre:
H91: Representante Legal del Interventor o su Apoderado
H92: Matricula No. :

Sheet APU 5.1.1
B1: Formulario 1 - Propuesta económica - Documento tipo de selección abreviada de menor cuantía
B2: Versión: 1 del 21 de agosto de 2025
C5: [La entidad podrá utilizar este formato para la presentación de los análisis de precios unitarios el contratista en la oportunidad prevista en el numeral 8.2. del Documento Base]
D8: =DATOS!B17 -> MUNICIPIO DE HACARÍ - DEPARTAMENTO NORTE DE SANTANDER
L9: VERSIÓN
D10: =DATOS!B8 -> HA-SA-003-2026
L11: PÁGINA | M11: 1 | N11: DE | O11: 1
D13: ANALISIS DE PRECIOS UNITARIOS
L15: FECHA | M15: DD | N15: MM | O15: AA
M16: 26 | N16: 5 | O16: 2026
C17: ITEMS DE LA PROPUESTA ECONÓMICA | G17: X | I17: ITEMS NO PREVISTOS
C21: DATOS ESPECÍFICOS
C23: ITEM | D23: DESCRIPCIÓN | M23: UNIDAD | O23: CANTIDAD
C24: 5.1.1 | D24: SALIDA PARA LUMINARIA - INCLUYE CAJA, TUBERIA PVC DE 1/2", CONDUCTORES DE COBRE #12 AWG, LS ZH, APARATO ELECTRICO CORRESPONDIENTE Y DEMÁS ACCESORIOS NECESARIOS PARA SU CORRECTA INSTALACIÓN. SALIDA HASTA UNA DISTANCIA DE 3,00M | M24: UND | O24: ='PRESUPUESTO OFICIAL (Entidad)'!I61 -> 5
C25: I. EQUIPO
C28: DESCRIPCIÓN | H28: MARCA | J28: TIPO | L28: TARIFA/HORA | M28: RENDIMIENTO | O28: Vr. UNITARIO
C29: Herramienta menor (5% mano de obra) | O29: =5%*O62 -> 3558.75
C32: SUBTOTAL $ | O32: =SUM(O29:O31) -> 3558.75
C33: II. MATERIALES
C36: DESCRIPCIÓN | K36: UNIDAD | L36: CANTIDAD | M36: PRECIO UNIT. | O36: Vr. UNITARIO
C37: ADAPTADOR TERMINAL CONDUIT 1/2 PVC | K37: Unidad | L37: 2 | M37: 605 | O37: =L37*M37 -> 1210
C38: LIMPIADOR PARA PVC Y CPVC (1/32 GL.) | K38: Unidad | L38: 0.8 | M38: 8497.5 | O38: =L38*M38 -> 6798
C39: CAJA OCTOGONAL PVC | K39: Unidad | L39: 1 | M39: 2500 | O39: =L39*M39 -> 2500
C40: CINTA AISLANTE N15 PVC (20M) NEGRA | K40: Unidad | L40: 0.23 | M40: 7854 | O40: =L40*M40 -> 1806.42
C41: CURVA 90º 1/2" PVC/CONDUIT | K41: Unidad | L41: 1 | M41: 1501 | O41: =L41*M41 -> 1501
C42: CABLE N°12 THHN CENTELSA | K42: Metro | L42: 9 | M42: 2500 | O42: =L42*M42 -> 22500
C43: SOLDADURA LIQUIDA (1/4 GL.) | K43: Unidad | L43: 0.12780516 | M43: 79510 | O43: =L43*M43 -> 10161.788
C44: TUBO CONDUIT PVC 1/2 | K44: Metro | L44: 3 | M44: 2208.8 | O44: =L44*M44 -> 6626.4
O45: =L45*M45 -> 0
C46: SUBTOTAL $ | O46: =SUM(O37:O45) -> 53103.608
C47: III. TRANSPORTES
C50: MATERIAL | J50: VOL. o PESO | K50: DISTANCIA | L50: M3 o Ton/Km | M50: TARIFA | O50: Vr. UNITARIO
C51: Transporte (15% materiales en obra) | O51: =15%*O46 -> 7965.5412
C53: SUBTOTAL $ | O53: =SUM(O51:O52) -> 7965.5412
C54: IV. MANO DE OBRA
C57: TRABAJADOR | J57: JORNAL | K57: PRESTACIONES | L57: JORNAL TOTAL | M57: RENDIMIENTO | O57: Vr. UNITARIO
C58: Ayudante de construcción | J58: 85000 | K58: 1.95 | L58: =J58*K58 -> 165750 | M58: 10 | O58: =L58/M58 -> 16575
C59: Oficial de construcción | J59: 140000 | K59: 1.95 | L59: =J59*K59 -> 273000 | M59: 10 | O59: =L59/M59 -> 27300
C60: Especialista electrico | J60: 140000 | K60: 1.95 | L60: =J60*K60 -> 273000 | M60: 10 | O60: =L60/M60 -> 27300
C62: SUBTOTAL $ | O62: =SUM(O58:O61) -> 71175
C64: TOTAL COSTO DIRECTO $ | O64: =ROUND((O32+O46+O53+O62),2) -> 135802.9
C65: V. COSTOS INDIRECTOS
C68: Descripción | L68: Porcentaje | M68: Total Costo Directo | O68: Valor Total
C69: ADMINISTRACION | L69: 0.25 | M69: =O$64 -> 135802.9 | O69: =L69*M69 -> 33950.725
C70: IMPREVISTOS | L70: 0.01 | M70: =O$64 -> 135802.9 | O70: =L70*M70 -> 1358.029
C71: UTILIDAD | L71: 0.04 | M71: =O$64 -> 135802.9 | O71: =L71*M71 -> 5432.116
C72: SUBTOTAL $ | O72: =ROUND(SUM(O69:O71),2) -> 40740.87
C74: Precio Unitario Total Aproximado al peso $ | O74: =ROUND((O64+O72),0) -> 176544
H78: Firma
H79: Nombre:
H80: Representante Legal del Contratista o su Apoderado
H81: Matricula No. :
C83: OBSERVACIONES INTERVENTORÍA
C87: APROBACIÓN POR INTERVENTORÍA
C88: Nota 1: Cuando se trate de Análisis de precios unitarios correspondientes a ítems de la propuesta económica aprobada, el Interventor aprueba el desglose de los componentes manteniendo el mismo precio unitario de cada ítem, cumpliendo con las especificaciones de construcción vigentes para el proyecto.
C90: Nota 2: Cuando se trate de Análisis de precios unitarios de ítems no previstos, el Interventor aprueba el desglose y precio unitario de cada ítem no previsto, exigiendo la aplicación de los costos correspondientes a insumos y tarifas de la propuesta económica inicial cuando estén contemplados, cumpliendo con las especificaciones de construcción vigente para el proyecto.
H93: Firma
H94: Nombre:
H95: Representante Legal del Interventor o su Apoderado
H96: Matricula No. :

Sheet APU 5.1.2
B1: Formulario 1 - Propuesta económica - Documento tipo de selección abreviada de menor cuantía
B2: Versión: 1 del 21 de agosto de 2025
C5: [La entidad podrá utilizar este formato para la presentación de los análisis de precios unitarios el contratista en la oportunidad prevista en el numeral 8.2. del Documento Base]
D8: =DATOS!B17 -> MUNICIPIO DE HACARÍ - DEPARTAMENTO NORTE DE SANTANDER
L9: VERSIÓN
D10: =DATOS!B8 -> HA-SA-003-2026
L11: PÁGINA | M11: 1 | N11: DE | O11: 1
D13: ANALISIS DE PRECIOS UNITARIOS
L15: FECHA | M15: DD | N15: MM | O15: AA
M16: 26 | N16: 5 | O16: 2026
C17: ITEMS DE LA PROPUESTA ECONÓMICA | G17: X | I17: ITEMS NO PREVISTOS
C21: DATOS ESPECÍFICOS
C23: ITEM | D23: DESCRIPCIÓN | M23: UNIDAD | O23: CANTIDAD
C24: 5.1.2 | D24: SALIDA + TOMACORRIENTE DOBLE MONOFASICA - INCLUYE CAJA, TUBERIA PVC DE 1/2", CONDUCTORES DE COBRE #12 AWG, LS ZH, APARATO ELECTRICO CORRESPONDIENTE Y DEMÁS ACCESORIOS NECESARIOS PARA SU CORRECTA INSTALACIÓN. SALIDA HASTA UNA DISTANCIA DE 3,00M | M24: UND | O24: ='PRESUPUESTO OFICIAL (Entidad)'!I62 -> 2
C25: I. EQUIPO
C28: DESCRIPCIÓN | H28: MARCA | J28: TIPO | L28: TARIFA/HORA | M28: RENDIMIENTO | O28: Vr. UNITARIO
C29: Herramienta menor (5% mano de obra) | O29: =5%*O62 -> 2965.625
C32: SUBTOTAL $ | O32: =SUM(O29:O31) -> 2965.625
C33: II. MATERIALES
C36: DESCRIPCIÓN | K36: UNIDAD | L36: CANTIDAD | M36: PRECIO UNIT. | O36: Vr. UNITARIO
C37: ADAPTADOR TERMINAL CONDUIT 1/2 PVC | K37: Unidad | L37: 2 | M37: 605 | O37: =L37*M37 -> 1210
C38: LIMPIADOR PARA PVC Y CPVC (1/32 GL.) | K38: Unidad | L38: 0.8 | M38: 8497.5 | O38: =L38*M38 -> 6798
C39: CAJA 4X2 PVC | K39: Unidad | L39: 1 | M39: 2500 | O39: =L39*M39 -> 2500
C40: CINTA AISLANTE N15 PVC (20M) NEGRA | K40: Unidad | L40: 0.23 | M40: 7854 | O40: =L40*M40 -> 1806.42
C41: CURVA 90º 1/2" PVC/CONDUIT | K41: Unidad | L41: 1 | M41: 1501 | O41: =L41*M41 -> 1501
C42: CABLE N°12 THHN CENTELSA | K42: Metro | L42: 9 | M42: 2500 | O42: =L42*M42 -> 22500
C43: SOLDADURA LIQUIDA (1/4 GL.) | K43: Unidad | L43: 0.12780516 | M43: 79510 | O43: =L43*M43 -> 10161.788
C44: TOMACORRIENTE DOBLE | K44: Unidad | L44: 1 | M44: 15900 | O44: =L44*M44 -> 15900
C45: TUBO CONDUIT PVC 1/2 | K45: Metro | L45: 3 | M45: 2208.8 | O45: =L45*M45 -> 6626.4
C46: SUBTOTAL $ | O46: =SUM(O37:O45) -> 69003.608
C47: III. TRANSPORTES
C50: MATERIAL | J50: VOL. o PESO | K50: DISTANCIA | L50: M3 o Ton/Km | M50: TARIFA | O50: Vr. UNITARIO
C51: Transporte (15% materiales en obra) | O51: =15%*O46 -> 10350.541
C53: SUBTOTAL $ | O53: =SUM(O51:O52) -> 10350.541
C54: IV. MANO DE OBRA
C57: TRABAJADOR | J57: JORNAL | K57: PRESTACIONES | L57: JORNAL TOTAL | M57: RENDIMIENTO | O57: Vr. UNITARIO
C58: Ayudante de construcción | J58: 85000 | K58: 1.95 | L58: =J58*K58 -> 165750 | M58: 12 | O58: =L58/M58 -> 13812.5
C59: Oficial de construcción | J59: 140000 | K59: 1.95 | L59: =J59*K59 -> 273000 | M59: 12 | O59: =L59/M59 -> 22750
C60: Especialista electrico | J60: 140000 | K60: 1.95 | L60: =J60*K60 -> 273000 | M60: 12 | O60: =L60/M60 -> 22750
C62: SUBTOTAL $ | O62: =SUM(O58:O61) -> 59312.5
C64: TOTAL COSTO DIRECTO $ | O64: =ROUND((O32+O46+O53+O62),2) -> 141632.27
C65: V. COSTOS INDIRECTOS
C68: Descripción | L68: Porcentaje | M68: Total Costo Directo | O68: Valor Total
C69: ADMINISTRACION | L69: 0.25 | M69: =O$64 -> 141632.27 | O69: =L69*M69 -> 35408.067
C70: IMPREVISTOS | L70: 0.01 | M70: =O$64 -> 141632.27 | O70: =L70*M70 -> 1416.3227
C71: UTILIDAD | L71: 0.04 | M71: =O$64 -> 141632.27 | O71: =L71*M71 -> 5665.2908
C72: SUBTOTAL $ | O72: =ROUND(SUM(O69:O71),2) -> 42489.68
C74: Precio Unitario Total Aproximado al peso $ | O74: =ROUND((O64+O72),0) -> 184122
H78: Firma
H79: Nombre:
H80: Representante Legal del Contratista o su Apoderado
H81: Matricula No. :
C83: OBSERVACIONES INTERVENTORÍA
C87: APROBACIÓN POR INTERVENTORÍA
C88: Nota 1: Cuando se trate de Análisis de precios unitarios correspondientes a ítems de la propuesta económica aprobada, el Interventor aprueba el desglose de los componentes manteniendo el mismo precio unitario de cada ítem, cumpliendo con las especificaciones de construcción vigentes para el proyecto.
C90: Nota 2: Cuando se trate de Análisis de precios unitarios de ítems no previstos, el Interventor aprueba el desglose y precio unitario de cada ítem no previsto, exigiendo la aplicación de los costos correspondientes a insumos y tarifas de la propuesta económica inicial cuando estén contemplados, cumpliendo con las especificaciones de construcción vigente para el proyecto.
H93: Firma
H94: Nombre:
H95: Representante Legal del Interventor o su Apoderado
H96: Matricula No. :

Sheet APU 5.2.1
B1: Formulario 1 - Propuesta económica - Documento tipo de selección abreviada de menor cuantía
B2: Versión: 1 del 21 de agosto de 2025
C5: [La entidad podrá utilizar este formato para la presentación de los análisis de precios unitarios el contratista en la oportunidad prevista en el numeral 8.2. del Documento Base]
D8: =DATOS!B17 -> MUNICIPIO DE HACARÍ - DEPARTAMENTO NORTE DE SANTANDER
L9: VERSIÓN
D10: =DATOS!B8 -> HA-SA-003-2026
L11: PÁGINA | M11: 1 | N11: DE | O11: 1
D13: ANALISIS DE PRECIOS UNITARIOS
L15: FECHA | M15: DD | N15: MM | O15: AA
M16: 26 | N16: 5 | O16: 2026
C17: ITEMS DE LA PROPUESTA ECONÓMICA | G17: X | I17: ITEMS NO PREVISTOS
C21: DATOS ESPECÍFICOS
C23: ITEM | D23: DESCRIPCIÓN | M23: UNIDAD | O23: CANTIDAD
C24: 5.2.1 | D24: TUBERIA PVC 3/4" EMBEBIDA. INC. ACCESORIOS | M24: M | O24: ='PRESUPUESTO OFICIAL (Entidad)'!I66 -> 20
C25: I. EQUIPO
C28: DESCRIPCIÓN | H28: MARCA | J28: TIPO | L28: TARIFA/HORA | M28: RENDIMIENTO | O28: Vr. UNITARIO
C29: Herramienta menor (5% mano de obra) | O29: =5%*O57 -> 237.25
C32: SUBTOTAL $ | O32: =SUM(O29:O31) -> 237.25
C33: II. MATERIALES
C36: DESCRIPCIÓN | K36: UNIDAD | L36: CANTIDAD | M36: PRECIO UNIT. | O36: Vr. UNITARIO
C37: TUBO CONDUIT 3/4" X 3M PVC SCH40 | K37: Metro | L37: 1 | M37: 3000 | O37: =L37*M37 -> 3000
C38: CURVA 90º 3/4" PVC/CONDUIT | K38: Unidad | L38: 1 | M38: 1900 | O38: =L38*M38 -> 1900
C39: LIMPIADOR PARA PVC Y CPVC (1/32 GL.) | K39: Unidad | L39: 0.04 | M39: 8497.5 | O39: =L39*M39 -> 339.9
C40: PEGANTE PVC 1/4 | K40: UND | L40: 0.02 | M40: 80000 | O40: =L40*M40 -> 1600
C41: SUBTOTAL $ | O41: =SUM(O37:O40) -> 6839.9
C42: III. TRANSPORTES
C45: MATERIAL | J45: VOL. o PESO | K45: DISTANCIA | L45: M3 o Ton/Km | M45: TARIFA | O45: Vr. UNITARIO
C46: Transporte (15% materiales en obra) | O46: =15%*O41 -> 1025.985
C48: SUBTOTAL $ | O48: =SUM(O46:O47) -> 1025.985
C49: IV. MANO DE OBRA
C52: TRABAJADOR | J52: JORNAL | K52: PRESTACIONES | L52: JORNAL TOTAL | M52: RENDIMIENTO | O52: Vr. UNITARIO
C53: Ayudante de construcción | J53: 85000 | K53: 1.95 | L53: =J53*K53 -> 165750 | M53: 150 | O53: =L53/M53 -> 1105
C54: Oficial de construcción | J54: 140000 | K54: 1.95 | L54: =J54*K54 -> 273000 | M54: 150 | O54: =L54/M54 -> 1820
C55: Especialista electrico | J55: 140000 | K55: 1.95 | L55: =J55*K55 -> 273000 | M55: 150 | O55: =L55/M55 -> 1820
C57: SUBTOTAL $ | O57: =SUM(O53:O56) -> 4745
C59: TOTAL COSTO DIRECTO $ | O59: =ROUND((O32+O41+O48+O57),2) -> 12848.14
C60: V. COSTOS INDIRECTOS
C63: Descripción | L63: Porcentaje | M63: Total Costo Directo | O63: Valor Total
C64: ADMINISTRACION | L64: 0.25 | M64: =O$59 -> 12848.14 | O64: =L64*M64 -> 3212.035
C65: IMPREVISTOS | L65: 0.01 | M65: =O$59 -> 12848.14 | O65: =L65*M65 -> 128.4814
C66: UTILIDAD | L66: 0.04 | M66: =O$59 -> 12848.14 | O66: =L66*M66 -> 513.9256
C67: SUBTOTAL $ | O67: =ROUND(SUM(O64:O66),2) -> 3854.44
C69: Precio Unitario Total Aproximado al peso $ | O69: =ROUND((O59+O67),0) -> 16703
H73: Firma
H74: Nombre:
H75: Representante Legal del Contratista o su Apoderado
H76: Matricula No. :
C78: OBSERVACIONES INTERVENTORÍA
C82: APROBACIÓN POR INTERVENTORÍA
C83: Nota 1: Cuando se trate de Análisis de precios unitarios correspondientes a ítems de la propuesta económica aprobada, el Interventor aprueba el desglose de los componentes manteniendo el mismo precio unitario de cada ítem, cumpliendo con las especificaciones de construcción vigentes para el proyecto.
C85: Nota 2: Cuando se trate de Análisis de precios unitarios de ítems no previstos, el Interventor aprueba el desglose y precio unitario de cada ítem no previsto, exigiendo la aplicación de los costos correspondientes a insumos y tarifas de la propuesta económica inicial cuando estén contemplados, cumpliendo con las especificaciones de construcción vigente para el proyecto.
H88: Firma
H89: Nombre:
H90: Representante Legal del Interventor o su Apoderado
H91: Matricula No. :

Sheet APU 5.2.2
B1: Formulario 1 - Propuesta económica - Documento tipo de selección abreviada de menor cuantía
B2: Versión: 1 del 21 de agosto de 2025
C5: [La entidad podrá utilizar este formato para la presentación de los análisis de precios unitarios el contratista en la oportunidad prevista en el numeral 8.2. del Documento Base]
D8: =DATOS!B17 -> MUNICIPIO DE HACARÍ - DEPARTAMENTO NORTE DE SANTANDER
L9: VERSIÓN
D10: =DATOS!B8 -> HA-SA-003-2026
L11: PÁGINA | M11: 1 | N11: DE | O11: 1
D13: ANALISIS DE PRECIOS UNITARIOS
L15: FECHA | M15: DD | N15: MM | O15: AA
M16: 26 | N16: 5 | O16: 2026
C17: ITEMS DE LA PROPUESTA ECONÓMICA | G17: X | I17: ITEMS NO PREVISTOS
C21: DATOS ESPECÍFICOS
C23: ITEM | D23: DESCRIPCIÓN | M23: UNIDAD | O23: CANTIDAD
C24: 5.2.2 | D24: CABLEADO 1#12 PE HF LS TC POR TUBERÍA, CANALETA O BANDEJA | M24: M | O24: ='PRESUPUESTO OFICIAL (Entidad)'!I67 -> 197
C25: I. EQUIPO
C28: DESCRIPCIÓN | H28: MARCA | J28: TIPO | L28: TARIFA/HORA | M28: RENDIMIENTO | O28: Vr. UNITARIO
C29: Herramienta menor (5% mano de obra) | O29: =5%*O57 -> 161.76136
C32: SUBTOTAL $ | O32: =SUM(O29:O31) -> 161.76136
C33: II. MATERIALES
C36: DESCRIPCIÓN | K36: UNIDAD | L36: CANTIDAD | M36: PRECIO UNIT. | O36: Vr. UNITARIO
C37: CABLE # 12 CENTELSA | K37: Metro | L37: 1 | M37: 2500 | O37: =L37*M37 -> 2500
C38: CINTA NEGRA | K38: Unidad | L38: 0.2 | M38: 3000 | O38: =L38*M38 -> 600
O39: =L39*M39 -> 0
O40: =L40*M40 -> 0
C41: SUBTOTAL $ | O41: =SUM(O37:O40) -> 3100
C42: III. TRANSPORTES
C45: MATERIAL | J45: VOL. o PESO | K45: DISTANCIA | L45: M3 o Ton/Km | M45: TARIFA | O45: Vr. UNITARIO
C46: Transporte (15% materiales en obra) | O46: =15%*O41 -> 465
C48: SUBTOTAL $ | O48: =SUM(O46:O47) -> 465
C49: IV. MANO DE OBRA
C52: TRABAJADOR | J52: JORNAL | K52: PRESTACIONES | L52: JORNAL TOTAL | M52: RENDIMIENTO | O52: Vr. UNITARIO
C53: Ayudante de construcción | J53: 85000 | K53: 1.95 | L53: =J53*K53 -> 165750 | M53: 220 | O53: =L53/M53 -> 753.40909
C54: Oficial de construcción | J54: 140000 | K54: 1.95 | L54: =J54*K54 -> 273000 | M54: 220 | O54: =L54/M54 -> 1240.9091
C55: Especialista electrico | J55: 140000 | K55: 1.95 | L55: =J55*K55 -> 273000 | M55: 220 | O55: =L55/M55 -> 1240.9091
C57: SUBTOTAL $ | O57: =SUM(O53:O56) -> 3235.2273
C59: TOTAL COSTO DIRECTO $ | O59: =ROUND((O32+O41+O48+O57),2) -> 6961.99
C60: V. COSTOS INDIRECTOS
C63: Descripción | L63: Porcentaje | M63: Total Costo Directo | O63: Valor Total
C64: ADMINISTRACION | L64: 0.25 | M64: =O$59 -> 6961.99 | O64: =L64*M64 -> 1740.4975
C65: IMPREVISTOS | L65: 0.01 | M65: =O$59 -> 6961.99 | O65: =L65*M65 -> 69.6199
C66: UTILIDAD | L66: 0.04 | M66: =O$59 -> 6961.99 | O66: =L66*M66 -> 278.4796
C67: SUBTOTAL $ | O67: =ROUND(SUM(O64:O66),2) -> 2088.6
C69: Precio Unitario Total Aproximado al peso $ | O69: =ROUND((O59+O67),0) -> 9051
H73: Firma
H74: Nombre:
H75: Representante Legal del Contratista o su Apoderado
H76: Matricula No. :
C78: OBSERVACIONES INTERVENTORÍA
C82: APROBACIÓN POR INTERVENTORÍA
C83: Nota 1: Cuando se trate de Análisis de precios unitarios correspondientes a ítems de la propuesta económica aprobada, el Interventor aprueba el desglose de los componentes manteniendo el mismo precio unitario de cada ítem, cumpliendo con las especificaciones de construcción vigentes para el proyecto.
C85: Nota 2: Cuando se trate de Análisis de precios unitarios de ítems no previstos, el Interventor aprueba el desglose y precio unitario de cada ítem no previsto, exigiendo la aplicación de los costos correspondientes a insumos y tarifas de la propuesta económica inicial cuando estén contemplados, cumpliendo con las especificaciones de construcción vigente para el proyecto.
H88: Firma
H89: Nombre:
H90: Representante Legal del Interventor o su Apoderado
H91: Matricula No. :

Sheet APU 5.3.1
B1: Formulario 1 - Propuesta económica - Documento tipo de selección abreviada de menor cuantía
B2: Versión: 1 del 21 de agosto de 2025
C5: [La entidad podrá utilizar este formato para la presentación de los análisis de precios unitarios el contratista en la oportunidad prevista en el numeral 8.2. del Documento Base]
D8: =DATOS!B17 -> MUNICIPIO DE HACARÍ - DEPARTAMENTO NORTE DE SANTANDER
L9: VERSIÓN
D10: =DATOS!B8 -> HA-SA-003-2026
L11: PÁGINA | M11: 1 | N11: DE | O11: 1
D13: ANALISIS DE PRECIOS UNITARIOS
L15: FECHA | M15: DD | N15: MM | O15: AA
M16: 26 | N16: 5 | O16: 2026
C17: ITEMS DE LA PROPUESTA ECONÓMICA | G17: X | I17: ITEMS NO PREVISTOS
C21: DATOS ESPECÍFICOS
C23: ITEM | D23: DESCRIPCIÓN | M23: UNIDAD | O23: CANTIDAD
C24: 5.3.1 | D24: TABLERO DE AUTOMÁTICOS DE 12 CIRCUITOS TIPO PESADO CON PUERTA Y CERRADURA DE CIERRE, CERRADURA Y ESPACIO TOTALIZADOR INDUSTRIAL NTQ-412T Y BARRAJE DE TIERRA | M24: UND | O24: ='PRESUPUESTO OFICIAL (Entidad)'!I71 -> 1
C25: I. EQUIPO
C28: DESCRIPCIÓN | H28: MARCA | J28: TIPO | L28: TARIFA/HORA | M28: RENDIMIENTO | O28: Vr. UNITARIO
C29: Herramienta menor (5% mano de obra) | O29: =5%*O57 -> 1779.375
C32: SUBTOTAL $ | O32: =SUM(O29:O31) -> 1779.375
C33: II. MATERIALES
C36: DESCRIPCIÓN | K36: UNIDAD | L36: CANTIDAD | M36: PRECIO UNIT. | O36: Vr. UNITARIO
C37: TABLERO MONOFASICO 12 CIRCUITOS | K37: Unidad | L37: 1 | M37: 380000 | O37: =L37*M37 -> 380000
O38: =L38*M38 -> 0
O39: =L39*M39 -> 0
O40: =L40*M40 -> 0
C41: SUBTOTAL $ | O41: =SUM(O37:O40) -> 380000
C42: III. TRANSPORTES
C45: MATERIAL | J45: VOL. o PESO | K45: DISTANCIA | L45: M3 o Ton/Km | M45: TARIFA | O45: Vr. UNITARIO
C46: Transporte (15% materiales en obra) | O46: =15%*O41 -> 57000
C48: SUBTOTAL $ | O48: =SUM(O46:O47) -> 57000
C49: IV. MANO DE OBRA
C52: TRABAJADOR | J52: JORNAL | K52: PRESTACIONES | L52: JORNAL TOTAL | M52: RENDIMIENTO | O52: Vr. UNITARIO
C53: Ayudante de construcción | J53: 85000 | K53: 1.95 | L53: =J53*K53 -> 165750 | M53: 20 | O53: =L53/M53 -> 8287.5
C54: Oficial de construcción | J54: 140000 | K54: 1.95 | L54: =J54*K54 -> 273000 | M54: 20 | O54: =L54/M54 -> 13650
C55: Especialista electrico | J55: 140000 | K55: 1.95 | L55: =J55*K55 -> 273000 | M55: 20 | O55: =L55/M55 -> 13650
C57: SUBTOTAL $ | O57: =SUM(O53:O56) -> 35587.5
C59: TOTAL COSTO DIRECTO $ | O59: =ROUND((O32+O41+O48+O57),2) -> 474366.88
C60: V. COSTOS INDIRECTOS
C63: Descripción | L63: Porcentaje | M63: Total Costo Directo | O63: Valor Total
C64: ADMINISTRACION | L64: 0.25 | M64: =O$59 -> 474366.88 | O64: =L64*M64 -> 118591.72
C65: IMPREVISTOS | L65: 0.01 | M65: =O$59 -> 474366.88 | O65: =L65*M65 -> 4743.6688
C66: UTILIDAD | L66: 0.04 | M66: =O$59 -> 474366.88 | O66: =L66*M66 -> 18974.675
C67: SUBTOTAL $ | O67: =ROUND(SUM(O64:O66),2) -> 142310.06
C69: Precio Unitario Total Aproximado al peso $ | O69: =ROUND((O59+O67),0) -> 616677
H73: Firma
H74: Nombre:
H75: Representante Legal del Contratista o su Apoderado
H76: Matricula No. :
C78: OBSERVACIONES INTERVENTORÍA
C82: APROBACIÓN POR INTERVENTORÍA
C83: Nota 1: Cuando se trate de Análisis de precios unitarios correspondientes a ítems de la propuesta económica aprobada, el Interventor aprueba el desglose de los componentes manteniendo el mismo precio unitario de cada ítem, cumpliendo con las especificaciones de construcción vigentes para el proyecto.
C85: Nota 2: Cuando se trate de Análisis de precios unitarios de ítems no previstos, el Interventor aprueba el desglose y precio unitario de cada ítem no previsto, exigiendo la aplicación de los costos correspondientes a insumos y tarifas de la propuesta económica inicial cuando estén contemplados, cumpliendo con las especificaciones de construcción vigente para el proyecto.
H88: Firma
H89: Nombre:
H90: Representante Legal del Interventor o su Apoderado
H91: Matricula No. :

Sheet APU 5.3.2
B1: Formulario 1 - Propuesta económica - Documento tipo de selección abreviada de menor cuantía
B2: Versión: 1 del 21 de agosto de 2025
C5: [La entidad podrá utilizar este formato para la presentación de los análisis de precios unitarios el contratista en la oportunidad prevista en el numeral 8.2. del Documento Base]
D8: =DATOS!B17 -> MUNICIPIO DE HACARÍ - DEPARTAMENTO NORTE DE SANTANDER
L9: VERSIÓN
D10: =DATOS!B8 -> HA-SA-003-2026
L11: PÁGINA | M11: 1 | N11: DE | O11: 1
D13: ANALISIS DE PRECIOS UNITARIOS
L15: FECHA | M15: DD | N15: MM | O15: AA
M16: 26 | N16: 5 | O16: 2026
C17: ITEMS DE LA PROPUESTA ECONÓMICA | G17: X | I17: ITEMS NO PREVISTOS
C21: DATOS ESPECÍFICOS
C23: ITEM | D23: DESCRIPCIÓN | M23: UNIDAD | O23: CANTIDAD
C24: 5.3.2 | D24: BREAKER RIEL MONOPOLAR 1 X 6/63 A (SUMINISTRO E INSTALACIÓN) | M24: UND | O24: ='PRESUPUESTO OFICIAL (Entidad)'!I72 -> 4
C25: I. EQUIPO
C28: DESCRIPCIÓN | H28: MARCA | J28: TIPO | L28: TARIFA/HORA | M28: RENDIMIENTO | O28: Vr. UNITARIO
C29: Herramienta menor (5% mano de obra) | O29: =5%*O57 -> 593.125
C32: SUBTOTAL $ | O32: =SUM(O29:O31) -> 593.125
C33: II. MATERIALES
C36: DESCRIPCIÓN | K36: UNIDAD | L36: CANTIDAD | M36: PRECIO UNIT. | O36: Vr. UNITARIO
C37: BREAKER RIEL MONOPOLAR 1X6/63 | K37: Unidad | L37: 1 | M37: 30000 | O37: =L37*M37 -> 30000
O38: =L38*M38 -> 0
O39: =L39*M39 -> 0
O40: =L40*M40 -> 0
C41: SUBTOTAL $ | O41: =SUM(O37:O40) -> 30000
C42: III. TRANSPORTES
C45: MATERIAL | J45: VOL. o PESO | K45: DISTANCIA | L45: M3 o Ton/Km | M45: TARIFA | O45: Vr. UNITARIO
C46: Transporte (15% materiales en obra) | O46: =15%*O41 -> 4500
C48: SUBTOTAL $ | O48: =SUM(O46:O47) -> 4500
C49: IV. MANO DE OBRA
C52: TRABAJADOR | J52: JORNAL | K52: PRESTACIONES | L52: JORNAL TOTAL | M52: RENDIMIENTO | O52: Vr. UNITARIO
C53: Ayudante de construcción | J53: 85000 | K53: 1.95 | L53: =J53*K53 -> 165750 | M53: 60 | O53: =L53/M53 -> 2762.5
C54: Oficial de construcción | J54: 140000 | K54: 1.95 | L54: =J54*K54 -> 273000 | M54: 60 | O54: =L54/M54 -> 4550
C55: Especialista electrico | J55: 140000 | K55: 1.95 | L55: =J55*K55 -> 273000 | M55: 60 | O55: =L55/M55 -> 4550
C57: SUBTOTAL $ | O57: =SUM(O53:O56) -> 11862.5
C59: TOTAL COSTO DIRECTO $ | O59: =ROUND((O32+O41+O48+O57),2) -> 46955.63
C60: V. COSTOS INDIRECTOS
C63: Descripción | L63: Porcentaje | M63: Total Costo Directo | O63: Valor Total
C64: ADMINISTRACION | L64: 0.25 | M64: =O$59 -> 46955.63 | O64: =L64*M64 -> 11738.907
C65: IMPREVISTOS | L65: 0.01 | M65: =O$59 -> 46955.63 | O65: =L65*M65 -> 469.5563
C66: UTILIDAD | L66: 0.04 | M66: =O$59 -> 46955.63 | O66: =L66*M66 -> 1878.2252
C67: SUBTOTAL $ | O67: =ROUND(SUM(O64:O66),2) -> 14086.69
C69: Precio Unitario Total Aproximado al peso $ | O69: =ROUND((O59+O67),0) -> 61042
H73: Firma
H74: Nombre:
H75: Representante Legal del Contratista o su Apoderado
H76: Matricula No. :
C78: OBSERVACIONES INTERVENTORÍA
C82: APROBACIÓN POR INTERVENTORÍA
C83: Nota 1: Cuando se trate de Análisis de precios unitarios correspondientes a ítems de la propuesta económica aprobada, el Interventor aprueba el desglose de los componentes manteniendo el mismo precio unitario de cada ítem, cumpliendo con las especificaciones de construcción vigentes para el proyecto.
C85: Nota 2: Cuando se trate de Análisis de precios unitarios de ítems no previstos, el Interventor aprueba el desglose y precio unitario de cada ítem no previsto, exigiendo la aplicación de los costos correspondientes a insumos y tarifas de la propuesta económica inicial cuando estén contemplados, cumpliendo con las especificaciones de construcción vigente para el proyecto.
H88: Firma
H89: Nombre:
H90: Representante Legal del Interventor o su Apoderado
H91: Matricula No. :

Sheet APU 6.1.1
B1: Formulario 1 - Propuesta económica - Documento tipo de selección abreviada de menor cuantía
B2: Versión: 1 del 21 de agosto de 2025
C5: [La entidad podrá utilizar este formato para la presentación de los análisis de precios unitarios el contratista en la oportunidad prevista en el numeral 8.2. del Documento Base]
D8: =DATOS!B17 -> MUNICIPIO DE HACARÍ - DEPARTAMENTO NORTE DE SANTANDER
L9: VERSIÓN
D10: =DATOS!B8 -> HA-SA-003-2026
L11: PÁGINA | M11: 1 | N11: DE | O11: 1
D13: ANALISIS DE PRECIOS UNITARIOS
L15: FECHA | M15: DD | N15: MM | O15: AA
M16: 26 | N16: 5 | O16: 2026
C17: ITEMS DE LA PROPUESTA ECONÓMICA | G17: X | I17: ITEMS NO PREVISTOS
C21: DATOS ESPECÍFICOS
C23: ITEM | D23: DESCRIPCIÓN | M23: UNIDAD | O23: CANTIDAD
C24: 6.1.1 | D24: PAÑETE LISO SOBRE MUROS 1:4 | M24: M2 | O24: ='PRESUPUESTO OFICIAL (Entidad)'!I77 -> 74.58
C25: I. EQUIPO
C28: DESCRIPCIÓN | H28: MARCA | J28: TIPO | L28: TARIFA/HORA | M28: RENDIMIENTO | O28: Vr. UNITARIO
C29: Herramienta menor (5% mano de obra) | O29: =5%*O57 -> 1209
C32: SUBTOTAL $ | O32: =SUM(O29:O31) -> 1209
C33: II. MATERIALES
C36: DESCRIPCIÓN | K36: UNIDAD | L36: CANTIDAD | M36: PRECIO UNIT. | O36: Vr. UNITARIO
C37: Mortero 1:4 | K37: M3 | L37: 0.02 | M37: 664660 | O37: =L37*M37 -> 13293.2
O38: =L38*M38 -> 0
O39: =L39*M39 -> 0
O40: =L40*M40 -> 0
C41: SUBTOTAL $ | O41: =SUM(O37:O40) -> 13293.2
C42: III. TRANSPORTES
C45: MATERIAL | J45: VOL. o PESO | K45: DISTANCIA | L45: M3 o Ton/Km | M45: TARIFA | O45: Vr. UNITARIO
C46: Transporte (15% materiales en obra) | O46: =15%*O41 -> 1993.98
C48: SUBTOTAL $ | O48: =SUM(O46:O47) -> 1993.98
C49: IV. MANO DE OBRA
C52: TRABAJADOR | J52: JORNAL | K52: PRESTACIONES | L52: JORNAL TOTAL | M52: RENDIMIENTO | O52: Vr. UNITARIO
C53: Ayudante de construcción | J53: 85000 | K53: 1.95 | L53: =J53*K53 -> 165750 | M53: 18.389423 | O53: =L53/M53 -> 9013.3333
C54: Oficial de construcción | J54: 140000 | K54: 1.95 | L54: =J54*K54 -> 273000 | M54: 18 | O54: =L54/M54 -> 15166.667
C57: SUBTOTAL $ | O57: =SUM(O53:O56) -> 24180
C59: TOTAL COSTO DIRECTO $ | O59: =ROUND((O32+O41+O48+O57),2) -> 40676.18
C60: V. COSTOS INDIRECTOS
C63: Descripción | L63: Porcentaje | M63: Total Costo Directo | O63: Valor Total
C64: ADMINISTRACION | L64: 0.25 | M64: =O$59 -> 40676.18 | O64: =L64*M64 -> 10169.045
C65: IMPREVISTOS | L65: 0.01 | M65: =O$59 -> 40676.18 | O65: =L65*M65 -> 406.7618
C66: UTILIDAD | L66: 0.04 | M66: =O$59 -> 40676.18 | O66: =L66*M66 -> 1627.0472
C67: SUBTOTAL $ | O67: =ROUND(SUM(O64:O66),2) -> 12202.85
C69: Precio Unitario Total Aproximado al peso $ | O69: =ROUND((O59+O67),0) -> 52879
H73: Firma
H74: Nombre:
H75: Representante Legal del Contratista o su Apoderado
H76: Matricula No. :
C78: OBSERVACIONES INTERVENTORÍA
C82: APROBACIÓN POR INTERVENTORÍA
C83: Nota 1: Cuando se trate de Análisis de precios unitarios correspondientes a ítems de la propuesta económica aprobada, el Interventor aprueba el desglose de los componentes manteniendo el mismo precio unitario de cada ítem, cumpliendo con las especificaciones de construcción vigentes para el proyecto.
C85: Nota 2: Cuando se trate de Análisis de precios unitarios de ítems no previstos, el Interventor aprueba el desglose y precio unitario de cada ítem no previsto, exigiendo la aplicación de los costos correspondientes a insumos y tarifas de la propuesta económica inicial cuando estén contemplados, cumpliendo con las especificaciones de construcción vigente para el proyecto.
H88: Firma
H89: Nombre:
H90: Representante Legal del Interventor o su Apoderado
H91: Matricula No. :

Sheet APU 7.1.1
B1: Formulario 1 - Propuesta económica - Documento tipo de selección abreviada de menor cuantía
B2: Versión: 1 del 21 de agosto de 2025
C5: [La entidad podrá utilizar este formato para la presentación de los análisis de precios unitarios el contratista en la oportunidad prevista en el numeral 8.2. del Documento Base]
D8: =DATOS!B17 -> MUNICIPIO DE HACARÍ - DEPARTAMENTO NORTE DE SANTANDER
L9: VERSIÓN
D10: =DATOS!B8 -> HA-SA-003-2026
L11: PÁGINA | M11: 1 | N11: DE | O11: 1
D13: ANALISIS DE PRECIOS UNITARIOS
L15: FECHA | M15: DD | N15: MM | O15: AA
M16: 26 | N16: 5 | O16: 2026
C17: ITEMS DE LA PROPUESTA ECONÓMICA | G17: X | I17: ITEMS NO PREVISTOS
C21: DATOS ESPECÍFICOS
C23: ITEM | D23: DESCRIPCIÓN | M23: UNIDAD | O23: CANTIDAD
C24: 7.1.1 | D24: AFINADO ENDURECIDO MORTERO 1:3 H=4 | M24: M2 | O24: ='PRESUPUESTO OFICIAL (Entidad)'!I82 -> 36.6
C25: I. EQUIPO
C28: DESCRIPCIÓN | H28: MARCA | J28: TIPO | L28: TARIFA/HORA | M28: RENDIMIENTO | O28: Vr. UNITARIO
C29: Herramienta menor (5% mano de obra) | O29: =5%*O57 -> 731.25
C32: SUBTOTAL $ | O32: =SUM(O29:O31) -> 731.25
C33: II. MATERIALES
C36: DESCRIPCIÓN | K36: UNIDAD | L36: CANTIDAD | M36: PRECIO UNIT. | O36: Vr. UNITARIO
C37: Mortero 1:4 | K37: M3 | L37: 0.04 | M37: 664660 | O37: =L37*M37 -> 26586.4
O38: =L38*M38 -> 0
O39: =L39*M39 -> 0
O40: =L40*M40 -> 0
C41: SUBTOTAL $ | O41: =SUM(O37:O40) -> 26586.4
C42: III. TRANSPORTES
C45: MATERIAL | J45: VOL. o PESO | K45: DISTANCIA | L45: M3 o Ton/Km | M45: TARIFA | O45: Vr. UNITARIO
C46: Transporte (15% materiales en obra) | O46: =15%*O41 -> 3987.96
C48: SUBTOTAL $ | O48: =SUM(O46:O47) -> 3987.96
C49: IV. MANO DE OBRA
C52: TRABAJADOR | J52: JORNAL | K52: PRESTACIONES | L52: JORNAL TOTAL | M52: RENDIMIENTO | O52: Vr. UNITARIO
C53: Ayudante de construcción | J53: 85000 | K53: 1.95 | L53: =J53*K53 -> 165750 | M53: 30 | O53: =L53/M53 -> 5525
C54: Oficial de construcción | J54: 140000 | K54: 1.95 | L54: =J54*K54 -> 273000 | M54: 30 | O54: =L54/M54 -> 9100
C57: SUBTOTAL $ | O57: =SUM(O53:O56) -> 14625
C59: TOTAL COSTO DIRECTO $ | O59: =ROUND((O32+O41+O48+O57),2) -> 45930.61
C60: V. COSTOS INDIRECTOS
C63: Descripción | L63: Porcentaje | M63: Total Costo Directo | O63: Valor Total
C64: ADMINISTRACION | L64: 0.25 | M64: =O$59 -> 45930.61 | O64: =L64*M64 -> 11482.653
C65: IMPREVISTOS | L65: 0.01 | M65: =O$59 -> 45930.61 | O65: =L65*M65 -> 459.3061
C66: UTILIDAD | L66: 0.04 | M66: =O$59 -> 45930.61 | O66: =L66*M66 -> 1837.2244
C67: SUBTOTAL $ | O67: =ROUND(SUM(O64:O66),2) -> 13779.18
C69: Precio Unitario Total Aproximado al peso $ | O69: =ROUND((O59+O67),0) -> 59710
H73: Firma
H74: Nombre:
H75: Representante Legal del Contratista o su Apoderado
H76: Matricula No. :
C78: OBSERVACIONES INTERVENTORÍA
C82: APROBACIÓN POR INTERVENTORÍA
C83: Nota 1: Cuando se trate de Análisis de precios unitarios correspondientes a ítems de la propuesta económica aprobada, el Interventor aprueba el desglose de los componentes manteniendo el mismo precio unitario de cada ítem, cumpliendo con las especificaciones de construcción vigentes para el proyecto.
C85: Nota 2: Cuando se trate de Análisis de precios unitarios de ítems no previstos, el Interventor aprueba el desglose y precio unitario de cada ítem no previsto, exigiendo la aplicación de los costos correspondientes a insumos y tarifas de la propuesta económica inicial cuando estén contemplados, cumpliendo con las especificaciones de construcción vigente para el proyecto.
H88: Firma
H89: Nombre:
H90: Representante Legal del Interventor o su Apoderado
H91: Matricula No. :

Sheet APU 7.2.1
B1: Formulario 1 - Propuesta económica - Documento tipo de selección abreviada de menor cuantía
B2: Versión: 1 del 21 de agosto de 2025
C5: [La entidad podrá utilizar este formato para la presentación de los análisis de precios unitarios el contratista en la oportunidad prevista en el numeral 8.2. del Documento Base]
D8: =DATOS!B17 -> MUNICIPIO DE HACARÍ - DEPARTAMENTO NORTE DE SANTANDER
L9: VERSIÓN
D10: =DATOS!B8 -> HA-SA-003-2026
L11: PÁGINA | M11: 1 | N11: DE | O11: 1
D13: ANALISIS DE PRECIOS UNITARIOS
L15: FECHA | M15: DD | N15: MM | O15: AA
M16: 26 | N16: 5 | O16: 2026
C17: ITEMS DE LA PROPUESTA ECONÓMICA | G17: X | I17: ITEMS NO PREVISTOS
C21: DATOS ESPECÍFICOS
C23: ITEM | D23: DESCRIPCIÓN | M23: UNIDAD | O23: CANTIDAD
C24: 7.2.1 | D24: BALDOSA CERAMICA ANTIDESLIZANTE (SUMINISTRO E INSTALACION) | M24: M2 | O24: ='PRESUPUESTO OFICIAL (Entidad)'!I86 -> 20
C25: I. EQUIPO
C28: DESCRIPCIÓN | H28: MARCA | J28: TIPO | L28: TARIFA/HORA | M28: RENDIMIENTO | O28: Vr. UNITARIO
C29: Herramienta menor (5% mano de obra) | O29: =5%*O57 -> 1096.875
C32: SUBTOTAL $ | O32: =SUM(O29:O31) -> 1096.875
C33: II. MATERIALES
C36: DESCRIPCIÓN | K36: UNIDAD | L36: CANTIDAD | M36: PRECIO UNIT. | O36: Vr. UNITARIO
C37: Cereamica antideslizante | K37: m2 | L37: 1.05 | M37: 50000 | O37: =L37*M37 -> 52500
C38: Pegoperfecto ceramico | K38: paca | L38: 0.33333333 | M38: 28000 | O38: =L38*M38 -> 9333.3333
C39: Agua | K39: Lt | L39: 20 | M39: 49.9 | O39: =L39*M39 -> 998
C40: Boquilla Pego perfecto X 2KG | K40: BOLSA | L40: 0.08 | M40: 15000 | O40: =L40*M40 -> 1200
C41: SUBTOTAL $ | O41: =SUM(O37:O40) -> 64031.333
C42: III. TRANSPORTES
C45: MATERIAL | J45: VOL. o PESO | K45: DISTANCIA | L45: M3 o Ton/Km | M45: TARIFA | O45: Vr. UNITARIO
C46: Transporte (15% materiales en obra) | O46: =15%*O41 -> 9604.7
C48: SUBTOTAL $ | O48: =SUM(O46:O47) -> 9604.7
C49: IV. MANO DE OBRA
C52: TRABAJADOR | J52: JORNAL | K52: PRESTACIONES | L52: JORNAL TOTAL | M52: RENDIMIENTO | O52: Vr. UNITARIO
C53: Ayudante de construcción | J53: 85000 | K53: 1.95 | L53: =J53*K53 -> 165750 | M53: 20 | O53: =L53/M53 -> 8287.5
C54: Oficial de construcción | J54: 140000 | K54: 1.95 | L54: =J54*K54 -> 273000 | M54: 20 | O54: =L54/M54 -> 13650
C57: SUBTOTAL $ | O57: =SUM(O53:O56) -> 21937.5
C59: TOTAL COSTO DIRECTO $ | O59: =ROUND((O32+O41+O48+O57),2) -> 96670.41
C60: V. COSTOS INDIRECTOS
C63: Descripción | L63: Porcentaje | M63: Total Costo Directo | O63: Valor Total
C64: ADMINISTRACION | L64: 0.25 | M64: =O$59 -> 96670.41 | O64: =L64*M64 -> 24167.603
C65: IMPREVISTOS | L65: 0.01 | M65: =O$59 -> 96670.41 | O65: =L65*M65 -> 966.7041
C66: UTILIDAD | L66: 0.04 | M66: =O$59 -> 96670.41 | O66: =L66*M66 -> 3866.8164
C67: SUBTOTAL $ | O67: =ROUND(SUM(O64:O66),2) -> 29001.12
C69: Precio Unitario Total Aproximado al peso $ | O69: =ROUND((O59+O67),0) -> 125672
H73: Firma
H74: Nombre:
H75: Representante Legal del Contratista o su Apoderado
H76: Matricula No. :
C78: OBSERVACIONES INTERVENTORÍA
C82: APROBACIÓN POR INTERVENTORÍA
C83: Nota 1: Cuando se trate de Análisis de precios unitarios correspondientes a ítems de la propuesta económica aprobada, el Interventor aprueba el desglose de los componentes manteniendo el mismo precio unitario de cada ítem, cumpliendo con las especificaciones de construcción vigentes para el proyecto.
C85: Nota 2: Cuando se trate de Análisis de precios unitarios de ítems no previstos, el Interventor aprueba el desglose y precio unitario de cada ítem no previsto, exigiendo la aplicación de los costos correspondientes a insumos y tarifas de la propuesta económica inicial cuando estén contemplados, cumpliendo con las especificaciones de construcción vigente para el proyecto.
H88: Firma
H89: Nombre:
H90: Representante Legal del Interventor o su Apoderado
H91: Matricula No. :

Sheet APU 8.1.1
B1: Formulario 1 - Propuesta económica - Documento tipo de selección abreviada de menor cuantía
B2: Versión: 1 del 21 de agosto de 2025
C5: [La entidad podrá utilizar este formato para la presentación de los análisis de precios unitarios el contratista en la oportunidad prevista en el numeral 8.2. del Documento Base]
D8: =DATOS!B17 -> MUNICIPIO DE HACARÍ - DEPARTAMENTO NORTE DE SANTANDER
L9: VERSIÓN
D10: =DATOS!B8 -> HA-SA-003-2026
L11: PÁGINA | M11: 1 | N11: DE | O11: 1
D13: ANALISIS DE PRECIOS UNITARIOS
L15: FECHA | M15: DD | N15: MM | O15: AA
M16: 26 | N16: 5 | O16: 2026
C17: ITEMS DE LA PROPUESTA ECONÓMICA | G17: X | I17: ITEMS NO PREVISTOS
C21: DATOS ESPECÍFICOS
C23: ITEM | D23: DESCRIPCIÓN | M23: UNIDAD | O23: CANTIDAD
C24: 8.1.1 | D24: SUMINISTRO E INSTALACION DE ESTRUCTURA METALICA PARA CUBIERTAS. NORMA NSR10 TITULO F. PERFILERIA ASTM A572 GR50 Y ASTM A37. SOLDADURA E70XX. INC CERCHAS, CORREAS, TENSORES, ANCLAJES Y ACCESORIOS, LIMPIEZA SSPC-SP3, PINTURA ANTICORROSIVA 3 MILS Y ACABADO ESMALTE ALQUIDICO 3 MILS | M24: KG | O24: ='PRESUPUESTO OFICIAL (Entidad)'!I91 -> 563.2
C25: I. EQUIPO
C28: DESCRIPCIÓN | H28: MARCA | J28: TIPO | L28: TARIFA/HORA | M28: RENDIMIENTO | O28: Vr. UNITARIO
C29: Herramienta menor (5% mano de obra) | O29: =5%*O57 -> 355.875
C30: Andamio tubular | L30: =8000/8 -> 1000 | M30: 6.7981039 | O30: =L30/M30 -> 147.09984
C31: Soldador electrico | L31: =80000/8 -> 10000 | M31: 6.2 | O31: =L31/M31 -> 1612.9032
C32: SUBTOTAL $ | O32: =SUM(O29:O31) -> 2115.8781
C33: II. MATERIALES
C36: DESCRIPCIÓN | K36: UNIDAD | L36: CANTIDAD | M36: PRECIO UNIT. | O36: Vr. UNITARIO
C37: Tubo rectangular metalico 3" X 1-1/2", Cal. 18, e: 1,20 mm | K37: KG | L37: 1.05 | M37: 5347.59 | O37: =L37*M37 -> 5614.9695
C38: Anticorrosivo | K38: Gl | L38: 0.01 | M38: 52000 | O38: =L38*M38 -> 520
C39: Esmalte | K39: Gl | L39: 0.01 | M39: 75000 | O39: =L39*M39 -> 750
C40: Soldadura 6013 | K40: KG | L40: 0.1 | M40: 20000 | O40: =L40*M40 -> 2000
C41: SUBTOTAL $ | O41: =SUM(O37:O40) -> 8884.9695
C42: III. TRANSPORTES
C45: MATERIAL | J45: VOL. o PESO | K45: DISTANCIA | L45: M3 o Ton/Km | M45: TARIFA | O45: Vr. UNITARIO
C46: Transporte (15% materiales en obra) | O46: =15%*O41 -> 1332.7454
C48: SUBTOTAL $ | O48: =SUM(O46:O47) -> 1332.7454
C49: IV. MANO DE OBRA
C52: TRABAJADOR | J52: JORNAL | K52: PRESTACIONES | L52: JORNAL TOTAL | M52: RENDIMIENTO | O52: Vr. UNITARIO
C53: Ayudante de construcción | J53: 85000 | K53: 1.95 | L53: =J53*K53 -> 165750 | M53: 100 | O53: =L53/M53 -> 1657.5
C54: Oficial de construcción | J54: 140000 | K54: 1.95 | L54: =J54*K54 -> 273000 | M54: 100 | O54: =L54/M54 -> 2730
C55: Oficial de soldadura | J55: 140000 | K55: 1.95 | L55: =J55*K55 -> 273000 | M55: 100 | O55: =L55/M55 -> 2730
C57: SUBTOTAL $ | O57: =SUM(O53:O56) -> 7117.5
C59: TOTAL COSTO DIRECTO $ | O59: =ROUND((O32+O41+O48+O57),2) -> 19451.09
C60: V. COSTOS INDIRECTOS
C63: Descripción | L63: Porcentaje | M63: Total Costo Directo | O63: Valor Total
C64: ADMINISTRACION | L64: 0.25 | M64: =O$59 -> 19451.09 | O64: =L64*M64 -> 4862.7725
C65: IMPREVISTOS | L65: 0.01 | M65: =O$59 -> 19451.09 | O65: =L65*M65 -> 194.5109
C66: UTILIDAD | L66: 0.04 | M66: =O$59 -> 19451.09 | O66: =L66*M66 -> 778.0436
C67: SUBTOTAL $ | O67: =ROUND(SUM(O64:O66),2) -> 5835.33
C69: Precio Unitario Total Aproximado al peso $ | O69: =ROUND((O59+O67),0) -> 25286
H73: Firma
H74: Nombre:
H75: Representante Legal del Contratista o su Apoderado
H76: Matricula No. :
C78: OBSERVACIONES INTERVENTORÍA
C82: APROBACIÓN POR INTERVENTORÍA
C83: Nota 1: Cuando se trate de Análisis de precios unitarios correspondientes a ítems de la propuesta económica aprobada, el Interventor aprueba el desglose de los componentes manteniendo el mismo precio unitario de cada ítem, cumpliendo con las especificaciones de construcción vigentes para el proyecto.
C85: Nota 2: Cuando se trate de Análisis de precios unitarios de ítems no previstos, el Interventor aprueba el desglose y precio unitario de cada ítem no previsto, exigiendo la aplicación de los costos correspondientes a insumos y tarifas de la propuesta económica inicial cuando estén contemplados, cumpliendo con las especificaciones de construcción vigente para el proyecto.
H88: Firma
H89: Nombre:
H90: Representante Legal del Interventor o su Apoderado
H91: Matricula No. :

Sheet APU 8.1.2
B1: Formulario 1 - Propuesta económica - Documento tipo de selección abreviada de menor cuantía
B2: Versión: 1 del 21 de agosto de 2025
C5: [La entidad podrá utilizar este formato para la presentación de los análisis de precios unitarios el contratista en la oportunidad prevista en el numeral 8.2. del Documento Base]
D8: =DATOS!B17 -> MUNICIPIO DE HACARÍ - DEPARTAMENTO NORTE DE SANTANDER
L9: VERSIÓN
D10: =DATOS!B8 -> HA-SA-003-2026
L11: PÁGINA | M11: 1 | N11: DE | O11: 1
D13: ANALISIS DE PRECIOS UNITARIOS
L15: FECHA | M15: DD | N15: MM | O15: AA
M16: 26 | N16: 5 | O16: 2026
C17: ITEMS DE LA PROPUESTA ECONÓMICA | G17: X | I17: ITEMS NO PREVISTOS
C21: DATOS ESPECÍFICOS
C23: ITEM | D23: DESCRIPCIÓN | M23: UNIDAD | O23: CANTIDAD
C24: 8.1.2 | D24: SUMINISTRO E INSTALACION DE CUBIERTA LAMINA MASTERMIL CAL. 28 | M24: M2 | O24: ='PRESUPUESTO OFICIAL (Entidad)'!I92 -> 160
C25: I. EQUIPO
C28: DESCRIPCIÓN | H28: MARCA | J28: TIPO | L28: TARIFA/HORA | M28: RENDIMIENTO | O28: Vr. UNITARIO
C29: Herramienta menor (5% mano de obra) | O29: =5%*O57 -> 1511.25
C30: Andamio tubular | L30: =8000/8 -> 1000 | M30: 2.5 | O30: =L30/M30 -> 400
C32: SUBTOTAL $ | O32: =SUM(O29:O31) -> 1911.25
C33: II. MATERIALES
C36: DESCRIPCIÓN | K36: UNIDAD | L36: CANTIDAD | M36: PRECIO UNIT. | O36: Vr. UNITARIO
C37: Lamina mastermil galvanizada, Cal. 28 | K37: M2 | L37: 1.05 | M37: 23333.33 | O37: =L37*M37 -> 24499.997
C38: Tornillo autoperforante 2-1/2" | K38: und | L38: 6 | M38: 400 | O38: =L38*M38 -> 2400
O39: =L39*M39 -> 0
O40: =L40*M40 -> 0
C41: SUBTOTAL $ | O41: =SUM(O37:O40) -> 26899.997
C42: III. TRANSPORTES
C45: MATERIAL | J45: VOL. o PESO | K45: DISTANCIA | L45: M3 o Ton/Km | M45: TARIFA | O45: Vr. UNITARIO
C46: Transporte (15% materiales en obra) | O46: =15%*O41 -> 4034.9995
C48: SUBTOTAL $ | O48: =SUM(O46:O47) -> 4034.9995
C49: IV. MANO DE OBRA
C52: TRABAJADOR | J52: JORNAL | K52: PRESTACIONES | L52: JORNAL TOTAL | M52: RENDIMIENTO | O52: Vr. UNITARIO
C53: Ayudante de construcción | J53: 85000 | K53: 1.95 | L53: =J53*K53 -> 165750 | M53: 15.454545 | O53: =L53/M53 -> 10725
C54: Oficial de construcción | J54: 140000 | K54: 1.95 | L54: =J54*K54 -> 273000 | M54: 14 | O54: =L54/M54 -> 19500
C57: SUBTOTAL $ | O57: =SUM(O53:O56) -> 30225
C59: TOTAL COSTO DIRECTO $ | O59: =ROUND((O32+O41+O48+O57),2) -> 63071.25
C60: V. COSTOS INDIRECTOS
C63: Descripción | L63: Porcentaje | M63: Total Costo Directo | O63: Valor Total
C64: ADMINISTRACION | L64: 0.25 | M64: =O$59 -> 63071.25 | O64: =L64*M64 -> 15767.812
C65: IMPREVISTOS | L65: 0.01 | M65: =O$59 -> 63071.25 | O65: =L65*M65 -> 630.7125
C66: UTILIDAD | L66: 0.04 | M66: =O$59 -> 63071.25 | O66: =L66*M66 -> 2522.85
C67: SUBTOTAL $ | O67: =ROUND(SUM(O64:O66),2) -> 18921.38
C69: Precio Unitario Total Aproximado al peso $ | O69: =ROUND((O59+O67),0) -> 81993
H73: Firma
H74: Nombre:
H75: Representante Legal del Contratista o su Apoderado
H76: Matricula No. :
C78: OBSERVACIONES INTERVENTORÍA
C82: APROBACIÓN POR INTERVENTORÍA
C83: Nota 1: Cuando se trate de Análisis de precios unitarios correspondientes a ítems de la propuesta económica aprobada, el Interventor aprueba el desglose de los componentes manteniendo el mismo precio unitario de cada ítem, cumpliendo con las especificaciones de construcción vigentes para el proyecto.
C85: Nota 2: Cuando se trate de Análisis de precios unitarios de ítems no previstos, el Interventor aprueba el desglose y precio unitario de cada ítem no previsto, exigiendo la aplicación de los costos correspondientes a insumos y tarifas de la propuesta económica inicial cuando estén contemplados, cumpliendo con las especificaciones de construcción vigente para el proyecto.
H88: Firma
H89: Nombre:
H90: Representante Legal del Interventor o su Apoderado
H91: Matricula No. :

Sheet APU 8.2.1
B1: Formulario 1 - Propuesta económica - Documento tipo de selección abreviada de menor cuantía
B2: Versión: 1 del 21 de agosto de 2025
C5: [La entidad podrá utilizar este formato para la presentación de los análisis de precios unitarios el contratista en la oportunidad prevista en el numeral 8.2. del Documento Base]
D8: =DATOS!B17 -> MUNICIPIO DE HACARÍ - DEPARTAMENTO NORTE DE SANTANDER
L9: VERSIÓN
D10: =DATOS!B8 -> HA-SA-003-2026
L11: PÁGINA | M11: 1 | N11: DE | O11: 1
D13: ANALISIS DE PRECIOS UNITARIOS
L15: FECHA | M15: DD | N15: MM | O15: AA
M16: 26 | N16: 5 | O16: 2026
C17: ITEMS DE LA PROPUESTA ECONÓMICA | G17: X | I17: ITEMS NO PREVISTOS
C21: DATOS ESPECÍFICOS
C23: ITEM | D23: DESCRIPCIÓN | M23: UNIDAD | O23: CANTIDAD
C24: 8.2.1 | D24: SUMINISTRO E INSTALACION DE CANAL LAMINA GALVANIZADA DS = 50 CM - CAL 20. INCLUYE SOPORTES, SOSCOS, REFUERZOS Y GARGOLAS DE REBOSE | M24: M | O24: ='PRESUPUESTO OFICIAL (Entidad)'!I96 -> 20
C25: I. EQUIPO
C28: DESCRIPCIÓN | H28: MARCA | J28: TIPO | L28: TARIFA/HORA | M28: RENDIMIENTO | O28: Vr. UNITARIO
C29: Herramienta menor (5% mano de obra) | O29: =5%*O57 -> 593.125
C30: Andamio tubular | L30: =8000/8 -> 1000 | M30: 8 | O30: =L30/M30 -> 125
C31: Soldador electrico | L31: =80000/8 -> 10000 | M31: 2.4783116 | O31: =L31/M31 -> 4035.0051
C32: SUBTOTAL $ | O32: =SUM(O29:O31) -> 4753.1301
C33: II. MATERIALES
C36: DESCRIPCIÓN | K36: UNIDAD | L36: CANTIDAD | M36: PRECIO UNIT. | O36: Vr. UNITARIO
C37: Canal en lamina galvanizada, Cal. 20 | K37: ML | L37: 1.05 | M37: 35000 | O37: =L37*M37 -> 36750
C38: Soldadura 6013 | K38: KG | L38: 0.1 | M38: 16000 | O38: =L38*M38 -> 1600
C39: Ganchos de canal galvanizada Cal. 22 | K39: und | L39: 4 | M39: 500 | O39: =L39*M39 -> 2000
C40: Soportes | K40: Und | L40: 1 | M40: 10000 | O40: =L40*M40 -> 10000
C41: SUBTOTAL $ | O41: =SUM(O37:O40) -> 50350
C42: III. TRANSPORTES
C45: MATERIAL | J45: VOL. o PESO | K45: DISTANCIA | L45: M3 o Ton/Km | M45: TARIFA | O45: Vr. UNITARIO
C46: Transporte (15% materiales en obra) | O46: =15%*O41 -> 7552.5
C48: SUBTOTAL $ | O48: =SUM(O46:O47) -> 7552.5
C49: IV. MANO DE OBRA
C52: TRABAJADOR | J52: JORNAL | K52: PRESTACIONES | L52: JORNAL TOTAL | M52: RENDIMIENTO | O52: Vr. UNITARIO
C53: Ayudante de construcción | J53: 85000 | K53: 1.95 | L53: =J53*K53 -> 165750 | M53: 60 | O53: =L53/M53 -> 2762.5
C54: Oficial de construcción | J54: 140000 | K54: 1.95 | L54: =J54*K54 -> 273000 | M54: 60 | O54: =L54/M54 -> 4550
C55: Oficial de soldadura | J55: 140000 | K55: 1.95 | L55: =J55*K55 -> 273000 | M55: 60 | O55: =L55/M55 -> 4550
C57: SUBTOTAL $ | O57: =SUM(O53:O56) -> 11862.5
C59: TOTAL COSTO DIRECTO $ | O59: =ROUND((O32+O41+O48+O57),2) -> 74518.13
C60: V. COSTOS INDIRECTOS
C63: Descripción | L63: Porcentaje | M63: Total Costo Directo | O63: Valor Total
C64: ADMINISTRACION | L64: 0.25 | M64: =O$59 -> 74518.13 | O64: =L64*M64 -> 18629.533
C65: IMPREVISTOS | L65: 0.01 | M65: =O$59 -> 74518.13 | O65: =L65*M65 -> 745.1813
C66: UTILIDAD | L66: 0.04 | M66: =O$59 -> 74518.13 | O66: =L66*M66 -> 2980.7252
C67: SUBTOTAL $ | O67: =ROUND(SUM(O64:O66),2) -> 22355.44
C69: Precio Unitario Total Aproximado al peso $ | O69: =ROUND((O59+O67),0) -> 96874
H73: Firma
H74: Nombre:
H75: Representante Legal del Contratista o su Apoderado
H76: Matricula No. :
C78: OBSERVACIONES INTERVENTORÍA
C82: APROBACIÓN POR INTERVENTORÍA
C83: Nota 1: Cuando se trate de Análisis de precios unitarios correspondientes a ítems de la propuesta económica aprobada, el Interventor aprueba el desglose de los componentes manteniendo el mismo precio unitario de cada ítem, cumpliendo con las especificaciones de construcción vigentes para el proyecto.
C85: Nota 2: Cuando se trate de Análisis de precios unitarios de ítems no previstos, el Interventor aprueba el desglose y precio unitario de cada ítem no previsto, exigiendo la aplicación de los costos correspondientes a insumos y tarifas de la propuesta económica inicial cuando estén contemplados, cumpliendo con las especificaciones de construcción vigente para el proyecto.
H88: Firma
H89: Nombre:
H90: Representante Legal del Interventor o su Apoderado
H91: Matricula No. :

Sheet APU 8.2.2
B1: Formulario 1 - Propuesta económica - Documento tipo de selección abreviada de menor cuantía
B2: Versión: 1 del 21 de agosto de 2025
C5: [La entidad podrá utilizar este formato para la presentación de los análisis de precios unitarios el contratista en la oportunidad prevista en el numeral 8.2. del Documento Base]
D8: =DATOS!B17 -> MUNICIPIO DE HACARÍ - DEPARTAMENTO NORTE DE SANTANDER
L9: VERSIÓN
D10: =DATOS!B8 -> HA-SA-003-2026
L11: PÁGINA | M11: 1 | N11: DE | O11: 1
D13: ANALISIS DE PRECIOS UNITARIOS
L15: FECHA | M15: DD | N15: MM | O15: AA
M16: 26 | N16: 5 | O16: 2026
C17: ITEMS DE LA PROPUESTA ECONÓMICA | G17: X | I17: ITEMS NO PREVISTOS
C21: DATOS ESPECÍFICOS
C23: ITEM | D23: DESCRIPCIÓN | M23: UNIDAD | O23: CANTIDAD
C24: 11.3.15 | D24: SUMINISTRO E INSTALACION DE BAJANTE A.LL. PVC Ø 4" (INC. ACCESORIOS) | M24: M | O24: ='PRESUPUESTO OFICIAL (Entidad)'!I97 -> 6
C25: I. EQUIPO
C28: DESCRIPCIÓN | H28: MARCA | J28: TIPO | L28: TARIFA/HORA | M28: RENDIMIENTO | O28: Vr. UNITARIO
C29: Herramienta menor (5% mano de obra) | O29: =5%*O57 -> 604.5
C32: SUBTOTAL $ | O32: =SUM(O29:O31) -> 604.5
C33: II. MATERIALES
C36: DESCRIPCIÓN | K36: UNIDAD | L36: CANTIDAD | M36: PRECIO UNIT. | O36: Vr. UNITARIO
C37: Tubo pvc sanitario 4" RDE 41 | K37: ML | L37: 1.05 | M37: =60000/6 -> 10000 | O37: =L37*M37 -> 10500
C38: Limpiador para pvc (1/4 gl) | K38: Und | L38: 0.05 | M38: 30000 | O38: =L38*M38 -> 1500
C39: Codo pvc 4"- Sanitario | K39: Und | L39: 0.25 | M39: 10000 | O39: =L39*M39 -> 2500
C40: Pegante PVC (1/4 gl) | K40: Und | L40: 0.15 | M40: 80000 | O40: =L40*M40 -> 12000
C41: SUBTOTAL $ | O41: =SUM(O37:O40) -> 26500
C42: III. TRANSPORTES
C45: MATERIAL | J45: VOL. o PESO | K45: DISTANCIA | L45: M3 o Ton/Km | M45: TARIFA | O45: Vr. UNITARIO
C46: Transporte (15% materiales en obra) | O46: =15%*O41 -> 3975
C48: SUBTOTAL $ | O48: =SUM(O46:O47) -> 3975
C49: IV. MANO DE OBRA
C52: TRABAJADOR | J52: JORNAL | K52: PRESTACIONES | L52: JORNAL TOTAL | M52: RENDIMIENTO | O52: Vr. UNITARIO
C53: Ayudante de construcción | J53: 85000 | K53: 1.95 | L53: =J53*K53 -> 165750 | M53: 36.778846 | O53: =L53/M53 -> 4506.6667
C54: Oficial de construcción | J54: 140000 | K54: 1.95 | L54: =J54*K54 -> 273000 | M54: 36 | O54: =L54/M54 -> 7583.3333
C57: SUBTOTAL $ | O57: =SUM(O53:O56) -> 12090
C59: TOTAL COSTO DIRECTO $ | O59: =ROUND((O32+O41+O48+O57),2) -> 43169.5
C60: V. COSTOS INDIRECTOS
C63: Descripción | L63: Porcentaje | M63: Total Costo Directo | O63: Valor Total
C64: ADMINISTRACION | L64: 0.25 | M64: =O$59 -> 43169.5 | O64: =L64*M64 -> 10792.375
C65: IMPREVISTOS | L65: 0.01 | M65: =O$59 -> 43169.5 | O65: =L65*M65 -> 431.695
C66: UTILIDAD | L66: 0.04 | M66: =O$59 -> 43169.5 | O66: =L66*M66 -> 1726.78
C67: SUBTOTAL $ | O67: =ROUND(SUM(O64:O66),2) -> 12950.85
C69: Precio Unitario Total Aproximado al peso $ | O69: =ROUND((O59+O67),0) -> 56120
H73: Firma
H74: Nombre:
H75: Representante Legal del Contratista o su Apoderado
H76: Matricula No. :
C78: OBSERVACIONES INTERVENTORÍA
C82: APROBACIÓN POR INTERVENTORÍA
C83: Nota 1: Cuando se trate de Análisis de precios unitarios correspondientes a ítems de la propuesta económica aprobada, el Interventor aprueba el desglose de los componentes manteniendo el mismo precio unitario de cada ítem, cumpliendo con las especificaciones de construcción vigentes para el proyecto.
C85: Nota 2: Cuando se trate de Análisis de precios unitarios de ítems no previstos, el Interventor aprueba el desglose y precio unitario de cada ítem no previsto, exigiendo la aplicación de los costos correspondientes a insumos y tarifas de la propuesta económica inicial cuando estén contemplados, cumpliendo con las especificaciones de construcción vigente para el proyecto.
H88: Firma
H89: Nombre:
H90: Representante Legal del Interventor o su Apoderado
H91: Matricula No. :

Sheet APU 9.1.1
B1: Formulario 1 - Propuesta económica - Documento tipo de selección abreviada de menor cuantía
B2: Versión: 1 del 21 de agosto de 2025
C5: [La entidad podrá utilizar este formato para la presentación de los análisis de precios unitarios el contratista en la oportunidad prevista en el numeral 8.2. del Documento Base]
D8: =DATOS!B17 -> MUNICIPIO DE HACARÍ - DEPARTAMENTO NORTE DE SANTANDER
L9: VERSIÓN
D10: =DATOS!B8 -> HA-SA-003-2026
L11: PÁGINA | M11: 1 | N11: DE | O11: 1
D13: ANALISIS DE PRECIOS UNITARIOS
L15: FECHA | M15: DD | N15: MM | O15: AA
M16: 26 | N16: 5 | O16: 2026
C17: ITEMS DE LA PROPUESTA ECONÓMICA | G17: X | I17: ITEMS NO PREVISTOS
C21: DATOS ESPECÍFICOS
C23: ITEM | D23: DESCRIPCIÓN | M23: UNIDAD | O23: CANTIDAD
C24: 9.1.1 | D24: SUMINISTRO E INSTALACIÓN DE LUMINARIA TIPO AP LED 60-80 W, 100-240 W, 100-240 V, 6500 K, IRC 80. INCLUYE CONECTORES DE RESORTE, CINTA, ACCESORIOS DE FIJACIÓN Y SOPORTE. MATERIAL CERTIFICADO, GARANTIZADO E INSTALADO SEGÚN REGLAMENTACIÓN NTC 2050. | M24: UND | O24: ='PRESUPUESTO OFICIAL (Entidad)'!I102 -> 1
C25: I. EQUIPO
C28: DESCRIPCIÓN | H28: MARCA | J28: TIPO | L28: TARIFA/HORA | M28: RENDIMIENTO | O28: Vr. UNITARIO
C29: Herramienta menor (5% mano de obra) | O29: =5%*O57 -> 355.875
C32: SUBTOTAL $ | O32: =SUM(O29:O31) -> 355.875
C33: II. MATERIALES
C36: DESCRIPCIÓN | K36: UNIDAD | L36: CANTIDAD | M36: PRECIO UNIT. | O36: Vr. UNITARIO
C37: LAMPARA | K37: UND | L37: 1 | M37: 200000 | O37: =L37*M37 -> 200000
O38: =L38*M38 -> 0
O39: =L39*M39 -> 0
O40: =L40*M40 -> 0
C41: SUBTOTAL $ | O41: =SUM(O37:O40) -> 200000
C42: III. TRANSPORTES
C45: MATERIAL | J45: VOL. o PESO | K45: DISTANCIA | L45: M3 o Ton/Km | M45: TARIFA | O45: Vr. UNITARIO
C46: Transporte (15% materiales en obra) | O46: =15%*O41 -> 30000
C48: SUBTOTAL $ | O48: =SUM(O46:O47) -> 30000
C49: IV. MANO DE OBRA
C52: TRABAJADOR | J52: JORNAL | K52: PRESTACIONES | L52: JORNAL TOTAL | M52: RENDIMIENTO | O52: Vr. UNITARIO
C53: Ayudante de construcción | J53: 85000 | K53: 1.95 | L53: =J53*K53 -> 165750 | M53: 100 | O53: =L53/M53 -> 1657.5
C54: Oficial de construcción | J54: 140000 | K54: 1.95 | L54: =J54*K54 -> 273000 | M54: 100 | O54: =L54/M54 -> 2730
C55: Especialista electrico | J55: 140000 | K55: 1.95 | L55: =J55*K55 -> 273000 | M55: 100 | O55: =L55/M55 -> 2730
C57: SUBTOTAL $ | O57: =SUM(O53:O56) -> 7117.5
C59: TOTAL COSTO DIRECTO $ | O59: =ROUND((O32+O41+O48+O57),2) -> 237473.38
C60: V. COSTOS INDIRECTOS
C63: Descripción | L63: Porcentaje | M63: Total Costo Directo | O63: Valor Total
C64: ADMINISTRACION | L64: 0.25 | M64: =O$59 -> 237473.38 | O64: =L64*M64 -> 59368.345
C65: IMPREVISTOS | L65: 0.01 | M65: =O$59 -> 237473.38 | O65: =L65*M65 -> 2374.7338
C66: UTILIDAD | L66: 0.04 | M66: =O$59 -> 237473.38 | O66: =L66*M66 -> 9498.9352
C67: SUBTOTAL $ | O67: =ROUND(SUM(O64:O66),2) -> 71242.01
C69: Precio Unitario Total Aproximado al peso $ | O69: =ROUND((O59+O67),0) -> 308715
H73: Firma
H74: Nombre:
H75: Representante Legal del Contratista o su Apoderado
H76: Matricula No. :
C78: OBSERVACIONES INTERVENTORÍA
C82: APROBACIÓN POR INTERVENTORÍA
C83: Nota 1: Cuando se trate de Análisis de precios unitarios correspondientes a ítems de la propuesta económica aprobada, el Interventor aprueba el desglose de los componentes manteniendo el mismo precio unitario de cada ítem, cumpliendo con las especificaciones de construcción vigentes para el proyecto.
C85: Nota 2: Cuando se trate de Análisis de precios unitarios de ítems no previstos, el Interventor aprueba el desglose y precio unitario de cada ítem no previsto, exigiendo la aplicación de los costos correspondientes a insumos y tarifas de la propuesta económica inicial cuando estén contemplados, cumpliendo con las especificaciones de construcción vigente para el proyecto.
H88: Firma
H89: Nombre:
H90: Representante Legal del Interventor o su Apoderado
H91: Matricula No. :

Sheet APU 10.1.1
B1: Formulario 1 - Propuesta económica - Documento tipo de selección abreviada de menor cuantía
B2: Versión: 1 del 21 de agosto de 2025
C5: [La entidad podrá utilizar este formato para la presentación de los análisis de precios unitarios el contratista en la oportunidad prevista en el numeral 8.2. del Documento Base]
D8: =DATOS!B17 -> MUNICIPIO DE HACARÍ - DEPARTAMENTO NORTE DE SANTANDER
L9: VERSIÓN
D10: =DATOS!B8 -> HA-SA-003-2026
L11: PÁGINA | M11: 1 | N11: DE | O11: 1
D13: ANALISIS DE PRECIOS UNITARIOS
L15: FECHA | M15: DD | N15: MM | O15: AA
M16: 26 | N16: 5 | O16: 2026
C17: ITEMS DE LA PROPUESTA ECONÓMICA | G17: X | I17: ITEMS NO PREVISTOS
C21: DATOS ESPECÍFICOS
C23: ITEM | D23: DESCRIPCIÓN | M23: UNIDAD | O23: CANTIDAD
C24: 10.1.1 | D24: SUMINISTRO E INSTALACION DE ANTICORROSIVO S/LAMINA LLENA | M24: M2 | O24: ='PRESUPUESTO OFICIAL (Entidad)'!I107 -> 23.5
C25: I. EQUIPO
C28: DESCRIPCIÓN | H28: MARCA | J28: TIPO | L28: TARIFA/HORA | M28: RENDIMIENTO | O28: Vr. UNITARIO
C29: Herramienta menor (5% mano de obra) | O29: =5%*O57 -> 243.75
C30: Comprensor Electrico | L30: =80000/8 -> 10000 | M30: 5 | O30: =L30/M30 -> 2000
C32: SUBTOTAL $ | O32: =SUM(O29:O31) -> 2243.75
C33: II. MATERIALES
C36: DESCRIPCIÓN | K36: UNIDAD | L36: CANTIDAD | M36: PRECIO UNIT. | O36: Vr. UNITARIO
C37: Lija tela No. 120 Pabmeril | K37: Und | L37: 0.1 | M37: 1800 | O37: =L37*M37 -> 180
C38: Anticorrosivo | K38: Gl | L38: 0.02 | M38: 60000 | O38: =L38*M38 -> 1200
C39: Disolvente Tiner y/o Gasolina | K39: Gl | L39: 0.02 | M39: 17000 | O39: =L39*M39 -> 340
O40: =L40*M40 -> 0
C41: SUBTOTAL $ | O41: =SUM(O37:O40) -> 1720
C42: III. TRANSPORTES
C45: MATERIAL | J45: VOL. o PESO | K45: DISTANCIA | L45: M3 o Ton/Km | M45: TARIFA | O45: Vr. UNITARIO
C46: Transporte (15% materiales en obra) | O46: =15%*O41 -> 258
C48: SUBTOTAL $ | O48: =SUM(O46:O47) -> 258
C49: IV. MANO DE OBRA
C52: TRABAJADOR | J52: JORNAL | K52: PRESTACIONES | L52: JORNAL TOTAL | M52: RENDIMIENTO | O52: Vr. UNITARIO
C53: Ayudante de construcción | J53: 85000 | K53: 1.95 | L53: =J53*K53 -> 165750 | M53: 90 | O53: =L53/M53 -> 1841.6667
C54: Oficial de construcción | J54: 140000 | K54: 1.95 | L54: =J54*K54 -> 273000 | M54: 90 | O54: =L54/M54 -> 3033.3333
C57: SUBTOTAL $ | O57: =SUM(O53:O56) -> 4875
C59: TOTAL COSTO DIRECTO $ | O59: =ROUND((O32+O41+O48+O57),2) -> 9096.75
C60: V. COSTOS INDIRECTOS
C63: Descripción | L63: Porcentaje | M63: Total Costo Directo | O63: Valor Total
C64: ADMINISTRACION | L64: 0.25 | M64: =O$59 -> 9096.75 | O64: =L64*M64 -> 2274.1875
C65: IMPREVISTOS | L65: 0.01 | M65: =O$59 -> 9096.75 | O65: =L65*M65 -> 90.9675
C66: UTILIDAD | L66: 0.04 | M66: =O$59 -> 9096.75 | O66: =L66*M66 -> 363.87
C67: SUBTOTAL $ | O67: =ROUND(SUM(O64:O66),2) -> 2729.03
C69: Precio Unitario Total Aproximado al peso $ | O69: =ROUND((O59+O67),0) -> 11826
H73: Firma
H74: Nombre:
H75: Representante Legal del Contratista o su Apoderado
H76: Matricula No. :
C78: OBSERVACIONES INTERVENTORÍA
C82: APROBACIÓN POR INTERVENTORÍA
C83: Nota 1: Cuando se trate de Análisis de precios unitarios correspondientes a ítems de la propuesta económica aprobada, el Interventor aprueba el desglose de los componentes manteniendo el mismo precio unitario de cada ítem, cumpliendo con las especificaciones de construcción vigentes para el proyecto.
C85: Nota 2: Cuando se trate de Análisis de precios unitarios de ítems no previstos, el Interventor aprueba el desglose y precio unitario de cada ítem no previsto, exigiendo la aplicación de los costos correspondientes a insumos y tarifas de la propuesta económica inicial cuando estén contemplados, cumpliendo con las especificaciones de construcción vigente para el proyecto.
H88: Firma
H89: Nombre:
H90: Representante Legal del Interventor o su Apoderado
H91: Matricula No. :

Sheet APU 10.1.2
B1: Formulario 1 - Propuesta económica - Documento tipo de selección abreviada de menor cuantía
B2: Versión: 1 del 21 de agosto de 2025
C5: [La entidad podrá utilizar este formato para la presentación de los análisis de precios unitarios el contratista en la oportunidad prevista en el numeral 8.2. del Documento Base]
D8: =DATOS!B17 -> MUNICIPIO DE HACARÍ - DEPARTAMENTO NORTE DE SANTANDER
L9: VERSIÓN
D10: =DATOS!B8 -> HA-SA-003-2026
L11: PÁGINA | M11: 1 | N11: DE | O11: 1
D13: ANALISIS DE PRECIOS UNITARIOS
L15: FECHA | M15: DD | N15: MM | O15: AA
M16: 26 | N16: 5 | O16: 2026
C17: ITEMS DE LA PROPUESTA ECONÓMICA | G17: X | I17: ITEMS NO PREVISTOS
C21: DATOS ESPECÍFICOS
C23: ITEM | D23: DESCRIPCIÓN | M23: UNIDAD | O23: CANTIDAD
C24: 10.1.2 | D24: SUMINISTRO E INSTALACION DE ESMALTE S/ LAMINA LLENA | M24: M2 | O24: ='PRESUPUESTO OFICIAL (Entidad)'!I108 -> 23
C25: I. EQUIPO
C28: DESCRIPCIÓN | H28: MARCA | J28: TIPO | L28: TARIFA/HORA | M28: RENDIMIENTO | O28: Vr. UNITARIO
C29: Herramienta menor (5% mano de obra) | O29: =5%*O57 -> 365.625
C30: Comprensor Electrico | L30: =80000/8 -> 10000 | M30: 5 | O30: =L30/M30 -> 2000
C32: SUBTOTAL $ | O32: =SUM(O29:O31) -> 2365.625
C33: II. MATERIALES
C36: DESCRIPCIÓN | K36: UNIDAD | L36: CANTIDAD | M36: PRECIO UNIT. | O36: Vr. UNITARIO
C37: Esmalte | K37: GL | L37: 0.17 | M37: 78000 | O37: =L37*M37 -> 13260
C38: Disolvente Tiner y/o Gasolina | K38: Gl | L38: 0.02 | M38: 17000 | O38: =L38*M38 -> 340
O39: =L39*M39 -> 0
O40: =L40*M40 -> 0
C41: SUBTOTAL $ | O41: =SUM(O37:O40) -> 13600
C42: III. TRANSPORTES
C45: MATERIAL | J45: VOL. o PESO | K45: DISTANCIA | L45: M3 o Ton/Km | M45: TARIFA | O45: Vr. UNITARIO
C46: Transporte (15% materiales en obra) | O46: =15%*O41 -> 2040
C48: SUBTOTAL $ | O48: =SUM(O46:O47) -> 2040
C49: IV. MANO DE OBRA
C52: TRABAJADOR | J52: JORNAL | K52: PRESTACIONES | L52: JORNAL TOTAL | M52: RENDIMIENTO | O52: Vr. UNITARIO
C53: Ayudante de construcción | J53: 85000 | K53: 1.95 | L53: =J53*K53 -> 165750 | M53: 60 | O53: =L53/M53 -> 2762.5
C54: Oficial de construcción | J54: 140000 | K54: 1.95 | L54: =J54*K54 -> 273000 | M54: 60 | O54: =L54/M54 -> 4550
C57: SUBTOTAL $ | O57: =SUM(O53:O56) -> 7312.5
C59: TOTAL COSTO DIRECTO $ | O59: =ROUND((O32+O41+O48+O57),2) -> 25318.13
C60: V. COSTOS INDIRECTOS
C63: Descripción | L63: Porcentaje | M63: Total Costo Directo | O63: Valor Total
C64: ADMINISTRACION | L64: 0.25 | M64: =O$59 -> 25318.13 | O64: =L64*M64 -> 6329.5325
C65: IMPREVISTOS | L65: 0.01 | M65: =O$59 -> 25318.13 | O65: =L65*M65 -> 253.1813
C66: UTILIDAD | L66: 0.04 | M66: =O$59 -> 25318.13 | O66: =L66*M66 -> 1012.7252
C67: SUBTOTAL $ | O67: =ROUND(SUM(O64:O66),2) -> 7595.44
C69: Precio Unitario Total Aproximado al peso $ | O69: =ROUND((O59+O67),0) -> 32914
H73: Firma
H74: Nombre:
H75: Representante Legal del Contratista o su Apoderado
H76: Matricula No. :
C78: OBSERVACIONES INTERVENTORÍA
C82: APROBACIÓN POR INTERVENTORÍA
C83: Nota 1: Cuando se trate de Análisis de precios unitarios correspondientes a ítems de la propuesta económica aprobada, el Interventor aprueba el desglose de los componentes manteniendo el mismo precio unitario de cada ítem, cumpliendo con las especificaciones de construcción vigentes para el proyecto.
C85: Nota 2: Cuando se trate de Análisis de precios unitarios de ítems no previstos, el Interventor aprueba el desglose y precio unitario de cada ítem no previsto, exigiendo la aplicación de los costos correspondientes a insumos y tarifas de la propuesta económica inicial cuando estén contemplados, cumpliendo con las especificaciones de construcción vigente para el proyecto.
H88: Firma
H89: Nombre:
H90: Representante Legal del Interventor o su Apoderado
H91: Matricula No. :

Sheet APU 11.1.1
B1: Formulario 1 - Propuesta económica - Documento tipo de selección abreviada de menor cuantía
B2: Versión: 1 del 21 de agosto de 2025
C5: [La entidad podrá utilizar este formato para la presentación de los análisis de precios unitarios el contratista en la oportunidad prevista en el numeral 8.2. del Documento Base]
D8: =DATOS!B17 -> MUNICIPIO DE HACARÍ - DEPARTAMENTO NORTE DE SANTANDER
L9: VERSIÓN
D10: =DATOS!B8 -> HA-SA-003-2026
L11: PÁGINA | M11: 1 | N11: DE | O11: 1
D13: ANALISIS DE PRECIOS UNITARIOS
L15: FECHA | M15: DD | N15: MM | O15: AA
M16: 26 | N16: 5 | O16: 2026
C17: ITEMS DE LA PROPUESTA ECONÓMICA | G17: X | I17: ITEMS NO PREVISTOS
C21: DATOS ESPECÍFICOS
C23: ITEM | D23: DESCRIPCIÓN | M23: UNIDAD | O23: CANTIDAD
C24: 11.1.1 | D24: ARBOLES | M24: UND | O24: ='PRESUPUESTO OFICIAL (Entidad)'!I113 -> 6
C25: I. EQUIPO
C28: DESCRIPCIÓN | H28: MARCA | J28: TIPO | L28: TARIFA/HORA | M28: RENDIMIENTO | O28: Vr. UNITARIO
C29: Herramienta menor (5% mano de obra) | O29: =5%*O57 -> 365.625
C32: SUBTOTAL $ | O32: =SUM(O29:O31) -> 365.625
C33: II. MATERIALES
C36: DESCRIPCIÓN | K36: UNIDAD | L36: CANTIDAD | M36: PRECIO UNIT. | O36: Vr. UNITARIO
C37: ARBOLES DE GUAYACAN | K37: UND | L37: 1 | M37: 80000 | O37: =L37*M37 -> 80000
O38: =L38*M38 -> 0
O39: =L39*M39 -> 0
O40: =L40*M40 -> 0
C41: SUBTOTAL $ | O41: =SUM(O37:O40) -> 80000
C42: III. TRANSPORTES
C45: MATERIAL | J45: VOL. o PESO | K45: DISTANCIA | L45: M3 o Ton/Km | M45: TARIFA | O45: Vr. UNITARIO
C46: Transporte (15% materiales en obra) | O46: =15%*O41 -> 12000
C48: SUBTOTAL $ | O48: =SUM(O46:O47) -> 12000
C49: IV. MANO DE OBRA
C52: TRABAJADOR | J52: JORNAL | K52: PRESTACIONES | L52: JORNAL TOTAL | M52: RENDIMIENTO | O52: Vr. UNITARIO
C53: Ayudante de construcción | J53: 85000 | K53: 1.95 | L53: =J53*K53 -> 165750 | M53: 60 | O53: =L53/M53 -> 2762.5
C54: Oficial de construcción | J54: 140000 | K54: 1.95 | L54: =J54*K54 -> 273000 | M54: 60 | O54: =L54/M54 -> 4550
C57: SUBTOTAL $ | O57: =SUM(O53:O56) -> 7312.5
C59: TOTAL COSTO DIRECTO $ | O59: =ROUND((O32+O41+O48+O57),2) -> 99678.13
C60: V. COSTOS INDIRECTOS
C63: Descripción | L63: Porcentaje | M63: Total Costo Directo | O63: Valor Total
C64: ADMINISTRACION | L64: 0.25 | M64: =O$59 -> 99678.13 | O64: =L64*M64 -> 24919.533
C65: IMPREVISTOS | L65: 0.01 | M65: =O$59 -> 99678.13 | O65: =L65*M65 -> 996.7813
C66: UTILIDAD | L66: 0.04 | M66: =O$59 -> 99678.13 | O66: =L66*M66 -> 3987.1252
C67: SUBTOTAL $ | O67: =ROUND(SUM(O64:O66),2) -> 29903.44
C69: Precio Unitario Total Aproximado al peso $ | O69: =ROUND((O59+O67),0) -> 129582
H73: Firma
H74: Nombre:
H75: Representante Legal del Contratista o su Apoderado
H76: Matricula No. :
C78: OBSERVACIONES INTERVENTORÍA
C82: APROBACIÓN POR INTERVENTORÍA
C83: Nota 1: Cuando se trate de Análisis de precios unitarios correspondientes a ítems de la propuesta económica aprobada, el Interventor aprueba el desglose de los componentes manteniendo el mismo precio unitario de cada ítem, cumpliendo con las especificaciones de construcción vigentes para el proyecto.
C85: Nota 2: Cuando se trate de Análisis de precios unitarios de ítems no previstos, el Interventor aprueba el desglose y precio unitario de cada ítem no previsto, exigiendo la aplicación de los costos correspondientes a insumos y tarifas de la propuesta económica inicial cuando estén contemplados, cumpliendo con las especificaciones de construcción vigente para el proyecto.
H88: Firma
H89: Nombre:
H90: Representante Legal del Interventor o su Apoderado
H91: Matricula No. :

Sheet APU 11.1.2
B1: Formulario 1 - Propuesta económica - Documento tipo de selección abreviada de menor cuantía
B2: Versión: 1 del 21 de agosto de 2025
C5: [La entidad podrá utilizar este formato para la presentación de los análisis de precios unitarios el contratista en la oportunidad prevista en el numeral 8.2. del Documento Base]
D8: =DATOS!B17 -> MUNICIPIO DE HACARÍ - DEPARTAMENTO NORTE DE SANTANDER
L9: VERSIÓN
D10: =DATOS!B8 -> HA-SA-003-2026
L11: PÁGINA | M11: 1 | N11: DE | O11: 1
D13: ANALISIS DE PRECIOS UNITARIOS
L15: FECHA | M15: DD | N15: MM | O15: AA
M16: 26 | N16: 5 | O16: 2026
C17: ITEMS DE LA PROPUESTA ECONÓMICA | G17: X | I17: ITEMS NO PREVISTOS
C21: DATOS ESPECÍFICOS
C23: ITEM | D23: DESCRIPCIÓN | M23: UNIDAD | O23: CANTIDAD
C24: 11.1.2 | D24: TIERRA NEGRA PARA EMPRADIZACION | M24: M3 | O24: ='PRESUPUESTO OFICIAL (Entidad)'!I114 -> 10.75
C25: I. EQUIPO
C28: DESCRIPCIÓN | H28: MARCA | J28: TIPO | L28: TARIFA/HORA | M28: RENDIMIENTO | O28: Vr. UNITARIO
C29: Herramienta menor (5% mano de obra) | O29: =5%*O57 -> 365.625
C32: SUBTOTAL $ | O32: =SUM(O29:O31) -> 365.625
C33: II. MATERIALES
C36: DESCRIPCIÓN | K36: UNIDAD | L36: CANTIDAD | M36: PRECIO UNIT. | O36: Vr. UNITARIO
C37: TIERRA ORGANICA | K37: M3 | L37: 1 | M37: 100000 | O37: =L37*M37 -> 100000
O38: =L38*M38 -> 0
O39: =L39*M39 -> 0
O40: =L40*M40 -> 0
C41: SUBTOTAL $ | O41: =SUM(O37:O40) -> 100000
C42: III. TRANSPORTES
C45: MATERIAL | J45: VOL. o PESO | K45: DISTANCIA | L45: M3 o Ton/Km | M45: TARIFA | O45: Vr. UNITARIO
C46: Transporte (15% materiales en obra) | O46: =15%*O41 -> 15000
C48: SUBTOTAL $ | O48: =SUM(O46:O47) -> 15000
C49: IV. MANO DE OBRA
C52: TRABAJADOR | J52: JORNAL | K52: PRESTACIONES | L52: JORNAL TOTAL | M52: RENDIMIENTO | O52: Vr. UNITARIO
C53: Ayudante de construcción | J53: 85000 | K53: 1.95 | L53: =J53*K53 -> 165750 | M53: 60 | O53: =L53/M53 -> 2762.5
C54: Oficial de construcción | J54: 140000 | K54: 1.95 | L54: =J54*K54 -> 273000 | M54: 60 | O54: =L54/M54 -> 4550
C57: SUBTOTAL $ | O57: =SUM(O53:O56) -> 7312.5
C59: TOTAL COSTO DIRECTO $ | O59: =ROUND((O32+O41+O48+O57),2) -> 122678.13
C60: V. COSTOS INDIRECTOS
C63: Descripción | L63: Porcentaje | M63: Total Costo Directo | O63: Valor Total
C64: ADMINISTRACION | L64: 0.25 | M64: =O$59 -> 122678.13 | O64: =L64*M64 -> 30669.533
C65: IMPREVISTOS | L65: 0.01 | M65: =O$59 -> 122678.13 | O65: =L65*M65 -> 1226.7813
C66: UTILIDAD | L66: 0.04 | M66: =O$59 -> 122678.13 | O66: =L66*M66 -> 4907.1252
C67: SUBTOTAL $ | O67: =ROUND(SUM(O64:O66),2) -> 36803.44
C69: Precio Unitario Total Aproximado al peso $ | O69: =ROUND((O59+O67),0) -> 159482
H73: Firma
H74: Nombre:
H75: Representante Legal del Contratista o su Apoderado
H76: Matricula No. :
C78: OBSERVACIONES INTERVENTORÍA
C82: APROBACIÓN POR INTERVENTORÍA
C83: Nota 1: Cuando se trate de Análisis de precios unitarios correspondientes a ítems de la propuesta económica aprobada, el Interventor aprueba el desglose de los componentes manteniendo el mismo precio unitario de cada ítem, cumpliendo con las especificaciones de construcción vigentes para el proyecto.
C85: Nota 2: Cuando se trate de Análisis de precios unitarios de ítems no previstos, el Interventor aprueba el desglose y precio unitario de cada ítem no previsto, exigiendo la aplicación de los costos correspondientes a insumos y tarifas de la propuesta económica inicial cuando estén contemplados, cumpliendo con las especificaciones de construcción vigente para el proyecto.
H88: Firma
H89: Nombre:
H90: Representante Legal del Interventor o su Apoderado
H91: Matricula No. :

Sheet APU 12.1.1
B1: Formulario 1 - Propuesta económica - Documento tipo de selección abreviada de menor cuantía
B2: Versión: 1 del 21 de agosto de 2025
C5: [La entidad podrá utilizar este formato para la presentación de los análisis de precios unitarios el contratista en la oportunidad prevista en el numeral 8.2. del Documento Base]
D8: =DATOS!B17 -> MUNICIPIO DE HACARÍ - DEPARTAMENTO NORTE DE SANTANDER
L9: VERSIÓN
D10: =DATOS!B8 -> HA-SA-003-2026
L11: PÁGINA | M11: 1 | N11: DE | O11: 1
D13: ANALISIS DE PRECIOS UNITARIOS
L15: FECHA | M15: DD | N15: MM | O15: AA
M16: 26 | N16: 5 | O16: 2026
C17: ITEMS DE LA PROPUESTA ECONÓMICA | G17: X | I17: ITEMS NO PREVISTOS
C21: DATOS ESPECÍFICOS
C23: ITEM | D23: DESCRIPCIÓN | M23: UNIDAD | O23: CANTIDAD
C24: 12.1.1 | D24: ASEO GENERAL | M24: M2 | O24: ='PRESUPUESTO OFICIAL (Entidad)'!I119 -> 66.24
C25: I. EQUIPO
C28: DESCRIPCIÓN | H28: MARCA | J28: TIPO | L28: TARIFA/HORA | M28: RENDIMIENTO | O28: Vr. UNITARIO
C29: Herramienta menor (5% mano de obra) | O29: =5%*O57 -> 167.9165
C32: SUBTOTAL $ | O32: =SUM(O29:O31) -> 167.9165
C33: II. MATERIALES
C36: DESCRIPCIÓN | K36: UNIDAD | L36: CANTIDAD | M36: PRECIO UNIT. | O36: Vr. UNITARIO
O39: =L39*M39 -> 0
O40: =L40*M40 -> 0
C41: SUBTOTAL $ | O41: =SUM(O37:O40) -> 0
C42: III. TRANSPORTES
C45: MATERIAL | J45: VOL. o PESO | K45: DISTANCIA | L45: M3 o Ton/Km | M45: TARIFA | O45: Vr. UNITARIO
C46: Transporte (15% materiales en obra) | O46: =15%*O41 -> 0
C48: SUBTOTAL $ | O48: =SUM(O46:O47) -> 0
C49: IV. MANO DE OBRA
C52: TRABAJADOR | J52: JORNAL | K52: PRESTACIONES | L52: JORNAL TOTAL | M52: RENDIMIENTO | O52: Vr. UNITARIO
C53: Ayudante de construcción | J53: 85000 | K53: 1.95 | L53: =J53*K53 -> 165750 | M53: 130.06524 | O53: =L53/M53 -> 1274.3605
C54: Oficial de construcción | J54: 140000 | K54: 1.95 | L54: =J54*K54 -> 273000 | M54: 131 | O54: =L54/M54 -> 2083.9695
C57: SUBTOTAL $ | O57: =SUM(O53:O56) -> 3358.3299
C59: TOTAL COSTO DIRECTO $ | O59: =ROUND((O32+O41+O48+O57),2) -> 3526.25
C60: V. COSTOS INDIRECTOS
C63: Descripción | L63: Porcentaje | M63: Total Costo Directo | O63: Valor Total
C64: ADMINISTRACION | L64: 0.25 | M64: =O$59 -> 3526.25 | O64: =L64*M64 -> 881.5625
C65: IMPREVISTOS | L65: 0.01 | M65: =O$59 -> 3526.25 | O65: =L65*M65 -> 35.2625
C66: UTILIDAD | L66: 0.04 | M66: =O$59 -> 3526.25 | O66: =L66*M66 -> 141.05
C67: SUBTOTAL $ | O67: =ROUND(SUM(O64:O66),2) -> 1057.88
C69: Precio Unitario Total Aproximado al peso $ | O69: =ROUND((O59+O67),0) -> 4584
H73: Firma
H74: Nombre:
H75: Representante Legal del Contratista o su Apoderado
H76: Matricula No. :
C78: OBSERVACIONES INTERVENTORÍA
C82: APROBACIÓN POR INTERVENTORÍA
C83: Nota 1: Cuando se trate de Análisis de precios unitarios correspondientes a ítems de la propuesta económica aprobada, el Interventor aprueba el desglose de los componentes manteniendo el mismo precio unitario de cada ítem, cumpliendo con las especificaciones de construcción vigentes para el proyecto.
C85: Nota 2: Cuando se trate de Análisis de precios unitarios de ítems no previstos, el Interventor aprueba el desglose y precio unitario de cada ítem no previsto, exigiendo la aplicación de los costos correspondientes a insumos y tarifas de la propuesta económica inicial cuando estén contemplados, cumpliendo con las especificaciones de construcción vigente para el proyecto.
H88: Firma
H89: Nombre:
H90: Representante Legal del Interventor o su Apoderado
H91: Matricula No. :
